Workbook
Name ___________kk29: #REF!
Name __________kk06: #REF!
Name __________kk29: #REF!
Name _________kk06: #REF!
Name _________kk29: #REF!
Name ________kk06: #REF!
Name ________kk29: #REF!
Name _______kk06: #REF!
Name _______kk29: #REF!
Name ______kk06: #REF!
Name ______kk1: #REF!
Name ______kk29: #REF!
Name _____kk06: #REF!
Name _____kk1: #REF!
Name _____kk29: #REF!
Name ____kk06: #REF!
Name ____kk1: #REF!
Name ____kk29: #REF!
Name ___kk06: #REF!
Name ___kk1: #REF!
Name ___kk29: #REF!
Name __kk06: #REF!
Name __kk06: #REF!
Name __kk1: #REF!
Name __kk29: #REF!
Name __kk29: #REF!
Name _kk06: #REF!
Name _kk06: #REF!
Name _kk1: #REF!
Name _kk1: #REF!
Name _kk29: #REF!
Name _kk29: #REF!
Name ▼選択してください。: #REF!
Name ▼選択してください。: #REF!
Name ②従業者の員数: #REF!
Name aa: #REF!
Name aaa: #REF!
Name aaaaa: #REF!
Name as: #REF!
Name Avrg: #REF!
Name Avrg: #REF!
Name avrg1: #REF!
Name avrg1: #REF!
Name CSV_サービス情報: CSV用!$Y$5:$AE$74
Name CSV_サービス情報: #REF!
Name CSV_サービス情報: #REF!
Name CSV_口座振込依頼書: CSV用!$I$5:$O$28
Name CSV_口座振込依頼書: #REF!
Name CSV_口座振込依頼書: #REF!
Name CSV_施設種別: #REF!
Name CSV_施設種別: #REF!
Name CSV_施設種別: 様式第１号!$AS$81:$AS$83
Name CSV_追加情報: CSV用!$Q$5:$W$17
Name CSV_追加情報: #REF!
Name CSV_追加情報: #REF!
Name CSV_付表１: CSV用!$AG$5:$AM$109
Name CSV_付表１: #REF!
Name CSV_付表１: #REF!
Name CSV_付表１＿１: #REF!
Name CSV_付表１＿１: #REF!

Sheet 必要書類一覧 
A1: ○：必ず提出していただくもの △：該当がなければ省略可能 ※必要かどうかわからない場合、省略せず提出してください。
B2: 必要書類一覧 | D2: 一般相談支援 | H2: VER.5（20210112～）
D3: 地域移行支援 | E3: 地域定着支援
B4: 第1号様式 | C4: 申請書 | D4: ○ | E4: ○
C5: 別紙 | D5: ○ なければ不要 | E5: ○ なければ不要
B6: 付表 | D6: 〇 付表14 | E6: 〇 付表14
B7: 定款、履歴事項全部証明書 | D7: ○ | E7: ○
B8: 別紙２ | C8: 勤務形態 | D8: ○ | E8: ○
C9: 従業者の要件を確認できる書類 (実務経験証明書、資格証や研修修了証の写し等) | D9: ○ | E9: ○
B10: 運営規程 | D10: ○ | E10: ○
B11: その他必要なもの | D11: ○ | E11: ○
B12: 参考様式１ | C12: 平面図 | D12: ○ | E12: ○
B13: 参考様式３ | C13: 設備 | D13: ○ | E13: ○
C14: 写真 | D14: ○ | E14: ○
B15: 参考様式４ | C15: 経歴書 （管理者） | D15: ○ | E15: ○
C16: 経歴書 （相談支援専門員） | D16: ○ | E16: ○
C17: 相談支援専従事者初任者研修の終了証・現任研修の終了証 | D17: ○ | E17: ○
B18: 参考様式５ | C18: 実務経験 | D18: ○ | E18: ○
B19: 参考様式６ | C19: 苦情解決 | D19: ○ | E19: ○
B20: 参考様式７ | C20: 主たる対象者 | D20: △ | E20: △
B21: 参考様式８ | C21: 誓約書 | D21: ○ | E21: ○
B22: 管理者の誓約書 | D22: ○ | E22: ○
B23: 参考様式９ | C23: 指定障害者支援施設等との連携体制及び支援の体制の概要 | D23: ○ | E23: ○
B24: 参考様式１０ | C24: 障害福祉サービス事業等開始届出書 | D24: ○ | E24: ○
B25: 参考様式１１ | C25: 常時の連絡体制の確保の具体的方法 | E25: ○
B26: 資産の状況 | C26: 財産目録または決算書 | D26: ○ | E26: ○
B27: その他 | C27: 事業計画書 | D27: ○ | E27: ○
C28: 収支予算書 | D28: ○ | E28: ○
C29: 賠償責任保険証書の写し | D29: ○ | E29: ○
C30: 情報公表システム 法人ID発行/事業所情報登録依頼票 | D30: ○ | E30: ○
C31: 建物賃貸借契約書 | D31: ○ | E31: ○
C32: 防火対象物使用開始届出書の副本の写し | D32: △ | E32: △
C33: パンフレット等（事業所の特色・年間予定・週間予定・一日の流れ等） | D33: △ | E33: △
C34: 業務管理体制の届出 | D34: △ | E34: △
C35: 介護給付費等算定に係る体制等に関する届出書 | D35: ○ | E35: ○
C36: 指定書送付用レターパックライト（３７０円） | D36: ○ | E36: ○
C37: 提出書類確認票 | D37: ○ | E37: ○

Sheet 提出書類の説明
A1: 指定一般相談支援事業所指定更新申請に係る 添付書類、参考様式の種類と記載時の留意事項・説明
I2: 【令和６年２月現在】
A3: ◇申請書・添付書類の様式等は、ウェブサイト「障害福祉情報サービスかながわ」（http://www.rakuraku.or.jp/shienhi/）の「書式ライブラリ」よりダウンロードできます。 ◇必ず最新版のものをダウンロードして使用してください。
A4: 様式名等 | E4: 記載時の留意事項・説明 | J4: 提出
A5: 第１号様式 | B5: 指定申請書 | E5: ・「指定（更新）申請書」は通所・入所共通の様式です。 ・「付表」は指定を受けようとする事業の種類により異なります(様式第1号に必要事項を入力すると、事業に対応した付表が表示されます)。 ※「指定申請書」、「口座振込(変更)依頼書」、「付表」はＡ４の紙に出力し押印(必要なもののみ）したものを提出ください。
A6: 口座振込(変更)依頼書
A7: 各種付表
A8: 別紙１ | B8: 同一法人において既に指定を受けている事業等について | E8: 同一法人において既に指定を受けている事業がある場合記載してください(児童福祉法・障害者総合支援法・介護保険法等)。ない場合は別紙添付の必要はありません。
A9: 申請者の定款、寄附行為等及びその登記簿謄本（又は条例） | E9: ・申請に係る事業を実施する旨の認可がされていることが必要です。
E10: ・登記簿は、履歴事項全部証明を提出ください。複数のサービスを同時に申請する場合は、原本は１部で差支えありませんが、他の申請書には写しを必ず添付してください。
A11: 別紙２ | B11: 従業者の勤務の体制及び勤務形態一覧表 | E11: ・従業者の一ヶ月の勤務体制について記入してください。
A12: 運営規程 | E12: ・多機能型で指定を受けようとする場合でも、それぞれの事業ごとに作成してください。
A13: 参考様式１ | B13: 事業所・施設の平面図 | E13: ・既製の平面図（建築図面等）がある場合はそれをＡ3（またはＡ4）に縮尺の上、添付してください。複数の事業所で同じ建物を使う場合は、事業で使う場所が分かるように色分け等をしてください。
E14: ・事業所の写真（外観及び内部）を添付してください。写真には、どの部分の写真であるか記載してください。写真は現像したものではなく、Ａ４紙等に印刷したものでかまいません。（様子が確認できるように、可能な限りカラーでお願いします。） ・指定上必要な設備・備品のほか、個人情報に配慮した設備(例；鍵付書庫等)、消防設備(例；消火器、火災報知機等)、感染症予防（例；手指消毒）の写真も添付してください。
A15: 参考様式３ | B15: 事業所の設備・備品等一覧表 | E15: ・消防設備、個人情報保護の為の設備、衛生用品を含め、事業所の設備・備品等について、基準条例の規定に沿って配慮、措置している事項について記載してください。
A16: 参考様式４ | B16: 管理者・相談支援専門員の経歴書 | E16: ・管理者、相談支援専門員について、それぞれ別に作成してください。兼務する場合は1枚で構いません。
A17: 参考様式５ | B17: 実務経験（見込）証明書 | E17: ・相談支援専門員について、実務要件や研修要件について確認のうえ提出してください。 ・業務に従事した日数を必ず記載してください。
A18: 資格証の写し | E18: ・相談支援専門員について、実務経験年数（日数）に必要な場合（資格により実務経験年数が短縮される場合）は、資格を証する書面の写しを添付してください。 （居宅介護初任者研修修了証、社会福祉主事の任用資格証 保育士証等）
A19: 研修修了証 | E19: ・相談支援従事者初任者研修の受講証明書に加えて次のいずれかの修了証。 ※相談支援従事者現任研修を修了した場合は、現任研修終了証も提出してください。
A20: 参考様式６ | B20: 利用者（入所者）又はその家族からの苦情を解決するために講ずる措置の概要 | E20: ・利用者（入所者）からの苦情を解決するために講じる具体的な方法を記入してください。苦情解決に関して法人の内規等がある場合は一部添付してください。（連絡先や担当者名は必ず記入してください。）
A21: 参考様式７ | B21: 組織体制図 | E21: ・職種だけでなく個人名を入れて作成してください。事業所に既存の組織体制図があればその写しで構いません。 | J21: 削除
A22: 参考様式７ | B22: 主たる対象とする障害の種類を定める理由等 | E22: ・主たる対象者を特定している場合に提出してください。特定しない場合は提出の必要はありません。
A23: 参考様式８ | B23: 障害者の日常生活及び社会生活を総合的に支援するための法律第３６条第３項各号の規定に該当しない旨の誓約書 | E23: ・複数の事業所について同時申請する場合や多機能型事業所の場合は、原本は1部で差支えありませんが、他の申請書には写しを必ず添付してください。
A24: 管理者誓約書 | E24: 管理者については、個人印が必要です。
A25: 参考様式９ | B25: 指定障害者支援施設等との連携体制及び支援の体制の概要 | E25: ・連携体制を整えるよう施設等と調整し、連携の方法を記載してください。
A26: 参考様式10 | B26: 障害福祉サービス事業等開始届出書 | E26: ・運営規程等を参考に記載してください。職員定数等が運営規程や別紙２の内容と矛盾しないか確認して下さい。
A27: 参考様式11 | B27: 常時の連絡体制の確保の具体的方法 | E27: ・営業時間外の事業所の人員体制（宿直等）や利用者との連絡体制を含め、具体的に記載してください。
A28: 申請する事業の資産の状況
A29: ・財産目録又は決算書等 | E29: ・法人の「財産目録」又は「決算書」（直近のもの）を添付してください。
A30: ・事業計画書 | E30: ・「事業計画書」は当該事業所の指定日が属する年度の事業計画を作成（様式は任意）し添付してください。 ・研修計画については、具体的な研修名、内容及び実施スケジュールを記載してください。
A31: ・収支予算書 | E31: ・「収支予算書」は、事業計画を基に、申請事業に係る当該事業所の収支予算を作成してください。（事業開始後12か月分※必ず利用者の見込数を記載すること）
A32: 事業者指定前の確認・誓約事項 | E32: 内容を確認の上、法人印を押印の上、提出してください。
A33: 社会保険及び労働保険への加入状況にかかる確認票 | E33: ・リーフレット「社会保険への加入手続きはお済みですか？」及び「労働保険への加入手続きはお済みですか？」をご確認ください。 ・社会保険・労働保険の適用が確認できない場合は、厚生労働省からの依頼に基づき、厚生労働省に情報提供いたします。
A34: その他必要なもの | E34: ・有資格職として配置する従業員（社会福祉士、介護福祉士、保育士、看護師、理学療法士等）については、資格を証する書面の写しを添付してください。
E35: ○ 事業所の建物が賃貸等の場合は、「建物賃貸借契約書」等の写しを添付してください。
E36: ○ 防火対象物使用開始届出書（副本）の写しを添付してください。
E37: ○情報公表システム・法人ID発行/事業所情報登録依頼票を提出してください。
E38: ○加算を取得する場合は「介護給付費等算定に係る体制等に関する届出書」を提出してください。
E39: ○ 不慮の事故等に備えた、「損害賠償責任保険証書」の写しを添付してください。 （事故が発生した場合の補償の概要がわかる資料の写しも添付してください。）
E40: ○必要に応じ、「業務管理体制に関する届出書」を提出してください。
E41: ○ 指定書送付用送付用レターパックライト（３７０円）に宛名（当該事業所）を記入して、提出してください。 ※念のため追跡番号をお控えください。
E42: ○ 提出書類確認票を添付してください。

Sheet 指定申請書類チェックシート
A1: 指定申請書類チェックシート
A2: 必ず以下のチェック項目について確認をした上で書類を提出ください。
A4: ※申請するサービスにより提出が必要な様式が異なります。必要な様式は、サービスごとの必要書類一覧を確認ください。
A5: ※以下のチェック事項にない事項でも、記載に誤りがあれば修正が必要となります。
A6: 様式 | B6: チェック事項（よくある誤り） | I6: 確認
A7: 全様式共通 | B7: 右上の日付欄は書類の発送日を記載してください。
B8: 法人の所在地は、履歴事項全部証明書にある所在地と完全に一致させてください。
B9: 法人名称は、履歴事項全部証明書にある名称と完全に一致させてください。（スペースの有無も完全に一致させる） 【よくある誤り：「登記では「○○ 株式会社」とあるものを、書類には「○○株式会社」と記載している】
B10: 半角カタカナでフリガナを記載する欄は、必ず半角カタカナで記載してください。
B11: 職員の氏名を正しく記載してください。（「高」と「髙」の違い、「沢」と「澤」の違い 等）
B12: 職員の氏名は、苗字の名前の間を１文字開けてください。（フリガナも同様）
B13: 申請先を記載する書類は、申請先を必ず「相模原市長」にしてください。
B14: 代表者氏名には必ず肩書きを記載してください。
B15: 日付は全て和暦（令和○年○月○日）で記載してください。（西暦や、Ｒ○年 という記載は×）
B16: 事業所の所在地は全ての書類で一致させてください。
B17: 既に市内に所在する他の事業所と類似した事業所名をつけないようにしてください。 （障害福祉情報サービスかながわで類似した事業所名がないか確認してください。）
B18: 事業所の名称は全ての書類で一致させてください。（名称内のスペースの有無も完全に一致させてください。）
A19: 第１号様式（指定申請書） | B19: 住所は、数字も含めて全て全角で記載してください。
B20: 営利法人の場合、「法人所轄庁」欄は空欄としてください。
B21: 「主たる事業所名称」欄の記載漏れに注意してください。
B22: 「指定有効終了年月日」欄には指定有効開始年月日の６年後の日付を記載してください。
B23: 「※」がついた欄には記載しないでください。
A24: 別紙１ | B24: 他の法律において指定を受けている全ての事業所を記載してください。（他県も含む）
A25: 口座振込（変更）依頼書 | B25: 「名義人」の「フリガナ」は、通帳を開いたページに記載のあるフリガナと完全に一致させてください。（※半角） 【よくある誤り 通帳：カ）サガミハラフクシカイ カナガワ イチロウ 誤り例１：カブシキガイシャ カナガワ イチロウ （法人名称を略語にしていないため×） 誤り例２：カ）サガミハラフクシカイ カナガワイチロウ（スペースの位置が一致していないため×）
B26: 「名義人」の「氏名」は、通帳の表紙に記載のある氏名と完全に一致させてください。 【よくある誤り 通帳：株式会社さがみはら福祉会 神奈川 一郎 誤り例：株式会社さがみはら福祉会 神奈川一郎（スペースの位置が一致していないため×）
A27: 通帳の写し | B27: 通帳の写し（表紙及び開いたページ）を添付するか、金融機関の確認印を受けてください。
A28: 付表 ※サービスにより様式が異なるため、該当しない項目もあります。 | B28: 事業所の「電話番号」及び「ＦＡＸ番号」は、体制届に記載する番号と一致させてください。
B29: 「当該事業の実施について定めてある定款・寄付行為又は条例等」欄は、条番だけでなく、定めるものの名称も必ず記載してください。 【例 「定款第○条第○項第○号」「寄付行為第○条第○項第○号」】
B30: 管理者が、申請をするサービスの他の職種と兼務をする場合は、「兼務の有無」欄を「有」としてください。
B31: 管理者及びサービス管理責任者・サービス提供責任者・児童発達支援管理責任者の住所は、経歴書（参考様式４）と完全に一致させてください。
B32: 「従業者の職種・員数」は、運営規程及び勤務形態一覧表（別紙２）と完全に一致させてください。
B33: 「前年度の平均利用者数」欄には、定員の９０％を記載してください。
B34: 「営業時間」は、半角数字で「00：00」という形式で記載してください。 【よくある誤り：「9～17」×】
B35: 「主たる対象者」は、運営規程の規定と完全に一致させてください。
B36: 「利用料」「その他費用」欄は、「運営規程に定めるとおり」として良いですが、漢字の誤りのないようお気を付けください。 【よくある誤り：「運営規程」を、「運営規定」と記載している】
B37: 「通常の事業の実施地域」は、運営規程の規定と完全に一致させてください。
B38: 「苦情解決の措置概要」の「窓口（連絡先）」欄には、苦情解決窓口の電話番号を記載してください。（※参考様式６に記載する番号と一致させてください。）
B39: 「苦情解決の措置概要」の「担当者」は、参考様式６に記載する担当者名と一致させてください。
B40: 「協力医療機関」の「名称」は、参考様式１０にある医療機関の名称と一致させてください。
... B42: 「※」がついた欄には記載しないでください。
A43: 定款 | B43: 実施する事業の法律名やサービス名が正しく規定されておりませんと、指定が受けられません。 【例 障害福祉サービス事業を申請する場合の正しい規定： 障害者の日常生活及び社会生活を総合的に支援するための法律に基づく障害福祉サービス事業】
A44: 履歴事項全部証明書 ※発行後３ヶ月以内のもの | B44: 原本を提出してください。
A45: 運営規程 | B45: 以下のページから最新の記載例を確認ください。 記載例のデータから作成いただかなくても構いませんが、記載例にある項目は全て記載いただく必要があります。 ※令和３年度報酬改定に伴い、運営規程に記載する必要のある内容が変更され、記載例も大幅に変更されています。 ○インターネットサイト「障害福祉情報サービスかながわ」 書式ライブラリ→４．相模原市からのお知らせ→１４．運営規程（作成例）
B46: 記載例から作成した場合、サービスによっては「*主たる対象者の特定内容に応じて記載」といった注意事項が掲載されているので削除してください。
B47: 第２条 法人名が正しく記載されているか確認してください。 【よくある誤り： ㈱○○○ （法人名が略称になっているため×）】
B48: 第１条 実施する事業について定める法律名を必ず記載してください。
B49: 職員の員数の規定 ： 職種ごとに、常勤・非常勤、専従・兼務の別を記載してください。 （※別紙２と一致させてください。）
B50: 利用定員 ： 多機能型事業所の場合には、それが分かるように記載してください。 【例１ 事業所は就労継続支援Ｂ型と就労移行支援との多機能型事業所とする。 利用定員は以下のとおりとする。 就労移行支援：利用定員６名 就労継続支援Ｂ型（本体）：利用定員１４名 就労継続支援Ｂ型（従たる事業所）：利用定員２０名】 【例２ 事業所は児童発達支援と放課後等デイサービスとの多機能型事業所とする。 利用定員１０名】 【例３ 事業所は児童発達支援と放課後等デイサービスとの多機能型事業所とする。 利用定員２０名 単位１（個別）：利用定員１０名 単位２（集団）：利用定員１０名】
B51: 主たる対象者の特定をする場合は規定してください。※併せて参考様式８も提出が必要です。
B52: 通常の事業の実施地域 ： 客観的にその区域が特定されるものとする必要があります。 【よくある誤り：「相模原市及びその周辺地域」 （区域が特定できないため×）】
A53: 参考様式１（事業所・施設の平面図） | B53: 「建物の名称」欄には、賃貸借契約書に記載のある建物の名称を記載してください。
B54: 「構造概要」欄には、賃貸借契約書に記載のある「構造」を記載してください。
B55: 他の事業所や施設と供用する場合は、共用する事業所や施設名を記載してください。 ※多機能型事業所の場合も、共用するサービス名を記載してください。 ※共用がない場合は、「無」と記載してください。
B56: 図面上の部屋名称は、指定基準に定める名称を記載してください。 【例 「訓練・作業室」「指導訓練室」「相談室」「事務室」「洗面所」「便所」「多目的室」等】
B57: 部屋名称は、参考様式１、参考様式２、参考様式３で全て一致させてください。
B58: 部屋ごとの面積を記載してください。
B59: 平面図上に、事業所の占有でない部分がある場合は、占有部分が分かるように色分けする等してください。
B60: 多機能型事業所の場合、サービスごとの占有部分や共用部分が分かるように色分けする等してください。
B61: 「手指を洗浄するための設備」の設置が必要なサービスについては、設置場所を図面に記載してください。
B62: 写真の撮影場所が分かるように、各写真に番号を付け、その番号を図面に記載してください。 （※撮影した向きが分かるように、「①→」と、番号に矢印を付けてください。）
A63: 参考様式３（事業所の設備・備品一覧表） | B63: 「設備の概要」欄に部屋名称を記載し、部屋ごとに何の備品を設置しているのかが分かるように記載してください。
B64: 「備品の品名及び数量」欄に記載する備品は、全て数量も記載してください。
B65: 「手指を洗浄するための設備」の設置が必要なサービスについては、手指洗浄の設備（手指消毒液等）についても「備品の品名及び数量」欄に記載してください。
B66: 特定の商品名は記載しないでください。
B67: 「消火器」を「消化器」と誤って記載している場合がありますので注意してください。
A68: 事業所のカラー写真 | B68: 建物の外観の写真を撮影してください。また、事業所がテナントなどの場合には、その事業所の場所がわかるように建物の入口から事業所の入口までの写真も撮影してください。
B69: 事業所内の全ての部屋（トイレも含む）において、部屋全体が見えるように撮影してください。※死角がないように、複数枚撮影してください。
B70: 写真によって備品の位置が変わることのないよう注意してください。
B71: 参考様式３に記載している備品が全て確認できるように撮影してください。 （※参考様式３にある備品の数量と、写真に写っている備品の数量が一致しているか必ず確認ください。）
B72: 用紙１枚に写真を複数枚プリントしていただいても結構ですが、あまり小さいと部屋の構造や備品の数量が確認できませんので留意ください。
B73: 相談室は、部屋の中だけでなく、扉を閉めた状態で扉の外から撮影した写真も添付してください。 （相談室使用中に、相談室の外から相談室の中が見えないことを確認するため。）
B74: 鍵付き書庫は、鍵付きであることが分かるように撮影してください。
B75: 事業所の看板の写真も添付してください。（仮置きのものでも結構です） ※申請する事業所名と看板にある事業所名が完全に一致しているか確認ください。
B76: 障害児通所支援等で、送迎を行う場合は送迎車の写真も撮影してください。 ※車のナンバーが見えるように撮影してください。 ※原則、事業所の駐車場（又は別に駐車場を借りる場合は、その駐車場）で撮影した写真を添付してください。
A77: 参考様式４（経歴書） | B77: 「管理又は従事する事業所が複数の場合はその全てを記載してください。」欄には、兼務先をサービスごとに記載してください。
B78: 「主な職歴」の「勤務先」は、法人名だけでなく、実際に勤務していた事業所や施設名も記載してください。
B79: 「主な職歴」の「期間」「勤務先」「職務内容」が実務経験証明書（参考様式５）と一致しているか確認ください。
B80: 「職務に関する資格」欄には、申請をする事業の職務に関係のない資格は記載不要です。
B81: 「資格の種類」及び「資格取得年月日」は、資格証と一致させてください。
B82: 「備考（研修等の受講の状況等）」欄には、受講・修了が必要な研修の受講状況について記載してください。 ※未受講の場合は、受講予定時期を記載してください。
A83: 参考様式５（実務経験証明書） | B83: 本市様式でないものは認められません。提出前に、正しい様式であることを今一度確認ください。 ※写しではなく、原本を提出してください。
B84: 「業務期間」の年数及び月数（○年○月間）が正しく記載されているか確認してください。 【例 期間が「平成２５年４月１日～平成２６年３月１５日」の場合、「１１月間」が正】
B85: 「上記のうち業務に従事した日数」欄には、具体的な日数を記載する必要があります。（「週５日勤務」等の記載は×）
B86: 「職名」は正しい名称を記載する必要があります。 【例 「放課後等デイサービス」の「指導員」として勤務していた場合は、「職名」欄には「指導員」と記載する必要がある。「従業者」「常勤職員」等、基準に定める職種でないものは×】
B87: 業務内容に具体的な要件があるサービスについては、証明書に記載されている業務内容が要件について証明するものになっているか確認してください。 【例 ・行動援護のサービス提供責任者及び従業者：知的障害者、知的障害児または精神障害者の直接支援業務 ・同行援護の従業者：視覚障害を有する身体障害者又は障害児の直接支援業務 】
A88: 相談支援専門員研修 | B88: 研修修了証等 | E88: ・相談支援従事者初任者研修の受講証明書に加えて次のいずれかの修了証。 ※相談支援従事者現任研修を修了した場合は、現任研修終了証も提出してください。
A89: 参考様式６ （苦情解決の措置概要） | B89: 役割名を正しく記載してください。 【よくある誤り：同一人を指すにも関わらず、場所によって「苦情受付担当者」や「苦情解決責任者」と、役割名が統一されていない】
B90: 「※具体的な対応方針」は、無い場合はこの記載は削除してください。
B91: 窓口（連絡先）等として、「相模原市福祉基盤課」を記載しないでください。
A92: 別紙２（勤務形態の一覧表） | B92: 当該様式は、「週５日営業×４週」の場合の勤務状況を確認しますので、特定の月ではなく、祝日の無い、月～金曜が平日の場合を想定して作成ください。
B93: 「職種」欄には、指定基準に定める職種名を正しく記載してください。 【よくある誤り ： 居宅系サービスにおける直接処遇職員は、「従業者」が正しい名称。 「ヘルパー」は×】
B94: 同一人が複数の職種を兼務する場合（管理者兼サービス管理責任者 等）は、職種ごとに行を分けて記載してください。（勤務時間も分けて記載してください。）
B95: 職員ごとに常勤換算後の人数を計算し、「常勤換算後の人数」欄に入力してください。
A96: 参考様式７ （主たる対象を特定する理由等） ※主たる対象者を限定する場合のみ | B96: 「申請に係るサービスの主たる対象者」を、運営規程に定める主たる対象者と一致させてください。
B97: 「３ 今後における主たる対象者の拡充の予定」は、申請をするサービスにおいて主たる対象者を拡充する予定がある場合は「有」としてください。
A98: 参考様式８（誓約書）
A99: 管理者の誓約書 | B99: 本市様式でないものは認められません。提出前に、正しい様式であることを今一度確認ください。
B100: 管理者の印も必ず押印してください。（印は個人印です。また、参考様式９別紙に押印したものと同じ印を使用してください。）
A101: 参考様式１０（協力医療機関） | B101: 契約書の写し等を添付する場合も、当該様式に「別紙参照」と記載して提出してください。
A102: 参考様式１０（開始届出書） | B102: 「１ 事業の種類及び内容」欄の事業の内容は、運営規程に定める内容と一致するようにしてください。
...

Sheet 【要提出】提出書類確認票
A1: 提出書類確認票 | J1: 居宅介護
A2: サービス種別 | J2: 重度訪問介護
A3: 事業所名 | J3: 行動援護
A4: 担当者 | J4: 同行援護
A5: TEL・E-mail | B5: TEL： | D5: E-mail: | J5: 療養介護
A6: 提出が「必須」でないものについては、変更がある場合には変更届と共に提出ください。 | J6: 生活介護
A7: 様式名等 | C7: 提出 | D7: 確認欄 | E7: 備考 | J7: 短期入所
A8: 第１号様式 | J8: 施設入所支援
A9: 別紙１ | E9: ※他法で指定を受けている事業がある場合のみ ※他法による指定通知書の写しを添付 | J9: 共同生活援助
A10: 付表 | E10: ※サービスごとに書式が異なる | J10: 自立生活援助
A11: 定款、履歴事項全部証明書 | E11: ※発行後３ヶ月以内の原本
A12: 別紙２（勤務形態） | E12: ※サービスごとに書式が異なる
A13: 運営規程
A14: 参考様式１（平面図） | E14: ※他業種と併設の場合は事業ごとに色分けする | J14: 就労継続支援Ａ型
A15: 参考様式３（設備） | J15: 就労定着支援
A16: 事業所のカラー写真 | J16: 計画相談支援
A17: 参考様式４（経歴書） | J17: 地域相談支援（地域移行支援）
A18: 参考様式５（実務経験） | J18: 地域相談支援（地域定着支援）
A19: 資格証の写し
A20: 研修修了証の写し
A21: 参考様式６（苦情解決） | E21: ※法人の内規があれば別途添付 | J21: 障害児相談支援
A22: 参考様式７（主たる対象） | E22: ※主たる対象者を限定する場合のみ
A23: 参考様式８（誓約書）
A24: 管理者の誓約書 | E24: ※サービスごとに書式が異なる
A25: 参考様式９（障害者施設等の連絡体制）
A26: 参考様式１０（開始届出書）
A27: 参考様式１１（常時の連絡体制）
A28: 財産目録又は決算報告書
A29: 事業計画書
A30: 収支予算書
A31: 賠償責任保険証書の写し
A32: 情報公表システム 法人ID発行/事業所情報登録依頼票
A33: 事業所物件の賃貸借契約書の写し | E33: ※自社物件の場合、所有状況がわかるもの
A34: パンフレット等 | E34: ※パンフレット等ございましたら、ご提出ください。
A35: 業務管理体制の届出 | E35: ※運営している事業所が相模原市内のみの場合
A36: 体制届 | E36: ※加算を取得する場合
A37: 指定書送付用レターパックライト （３７０円）
A38: 提出書類確認票

Sheet CSV用
A1: CSV_様式第１号 | I1: CSV_口座振込依頼書 | Q1: CSV_追加情報 | Y1: CSV_サービス情報 | AG1: CSV_付表１ | AO1: CSV_付表１＿２ | AW1: CSV_付表２ | BE1: CSV_付表３ | BM1: CSV_付表３＿２ | BU1: CSV_付表４ | CC1: CSV_付表５ | CK1: CSV_付表６ | CS1: CSV_付表７ | DA1: CSV_付表８その１ | DI1: CSV_付表８その２ | DQ1: CSV_付表８その３ | DY1: CSV_付表９ | EG1: CSV_付表９＿２ | EO1: CSV_付表１０ | EW1: CSV_付表１０＿２ | FE1: CSV_付表１１ | FM1: CSV_付表１１＿２ | FU1: CSV_付表１２ | GC1: CSV_付表１２＿２ | GK1: CSV_付表１３その１ | GS1: CSV_付表１３その２ | HA1: CSV_付表１４ | HI1: CSV_付表７＿２＿１ | HQ1: CSV_付表７＿２＿２ | HY1: CSV_付表１５ | IG1: CSV_付表１６
A2: 項目名称 | B2: 出力用 位置 | C2: 取込用 位置 | D2: 変換 方式 | E2: 初期値 | F2: ﾄﾞﾛｯﾌﾟﾀﾞｳﾝ | G2: 備考 | I2: 項目名称 | J2: 出力用 位置 | K2: 取込用 位置 | L2: 変換 方式 | M2: 初期値 | N2: ﾄﾞﾛｯﾌﾟﾀﾞｳﾝ | O2: 備考 | Q2: 項目名称 | R2: 出力用 位置 | S2: 取込用 位置 | T2: 変換 方式 | U2: 初期値 | V2: ﾄﾞﾛｯﾌﾟﾀﾞｳﾝ | W2: 備考 | Y2: 項目名称 | Z2: 出力用 位置 | AA2: 取込用 位置 | AB2: 変換 方式 | AC2: 初期値 | AD2: ﾄﾞﾛｯﾌﾟﾀﾞｳﾝ | AE2: 備考 | AG2: 項目名称 | AH2: 出力用 位置 | AI2: 取込用 位置 | AJ2: 変換 方式 | AK2: 初期値 | AL2: ﾄﾞﾛｯﾌﾟﾀﾞｳﾝ | AM2: 備考 | AO2: 項目名称 | AP2: 出力用 位置 | AQ2: 取込用 位置 | AR2: 変換 方式 | AS2: 初期値 | AT2: ﾄﾞﾛｯﾌﾟﾀﾞｳﾝ | AU2: 備考 | AW2: 項目名称 | AX2: 出力用 位置 | AY2: 取込用 位置 | AZ2: 変換 方式 | BA2: 初期値 | BB2: ﾄﾞﾛｯﾌﾟﾀﾞｳﾝ | BC2: 備考 | BE2: 項目名称 | BF2: 出力用 | BG2: 取込用 | BH2: 変換 | BI2: 初期値 | BJ2: ﾄﾞﾛｯﾌﾟﾀﾞｳﾝ | BK2: 備考 | BM2: 項目名称 | BN2: 出力用 位置 | BO2: 取込用 位置 | BP2: 変換 方式 | BQ2: 初期値 | BR2: ﾄﾞﾛｯﾌﾟﾀﾞｳﾝ | BS2: 備考 | BU2: 項目名称 | BV2: 出力用 位置 | BW2: 取込用 位置 | BX2: 変換 方式 | BY2: 初期値 | BZ2: ﾄﾞﾛｯﾌﾟﾀﾞｳﾝ | CA2: 備考 | CC2: 項目名称 | CD2: 出力用 位置 | CE2: 取込用 位置 | CF2: 変換 方式 | CG2: 初期値 | CH2: ﾄﾞﾛｯﾌﾟﾀﾞｳﾝ | CI2: 備考 | CK2: 項目名称 | CL2: 出力用 位置 | CM2: 取込用 位置 | CN2: 変換 方式 | CO2: 初期値 | CP2: ﾄﾞﾛｯﾌﾟﾀﾞｳﾝ | CQ2: 備考 | CS2: 項目名称 | CT2: 出力用 位置 | CU2: 取込用 位置 | CV2: 変換 方式 | CW2: 初期値 | CX2: ﾄﾞﾛｯﾌﾟﾀﾞｳﾝ | CY2: 備考 | DA2: 項目名称 | DB2: 出力用 位置 | DC2: 取込用 位置 | DD2: 変換 方式 | DE2: 初期値 | DF2: ﾄﾞﾛｯﾌﾟﾀﾞｳﾝ | DG2: 備考 | DI2: 項目名称 | DJ2: 出力用 位置 | DK2: 取込用 位置 | DL2: 変換 方式 | DM2: 初期値 | DN2: ﾄﾞﾛｯﾌﾟﾀﾞｳﾝ | DO2: 備考 | DQ2: 項目名称 | DR2: 出力用 位置 | DS2: 取込用 位置 | DT2: 変換 方式 | DU2: 初期値 | DV2: ﾄﾞﾛｯﾌﾟﾀﾞｳﾝ | DW2: 備考 | DY2: 項目名称 | DZ2: 出力用 位置 | EA2: 取込用 位置 | EB2: 変換 方式 | EC2: 初期値 | ED2: ﾄﾞﾛｯﾌﾟﾀﾞｳﾝ | EE2: 備考 | EG2: 項目名称 | EH2: 出力用 位置 | EI2: 取込用 位置 | EJ2: 変換 方式 | EK2: 初期値 | EL2: ﾄﾞﾛｯﾌﾟﾀﾞｳﾝ | EM2: 備考 | EO2: 項目名称 | EP2: 出力用 位置 | EQ2: 取込用 位置 | ER2: 変換 方式 | ES2: 初期値 | ET2: ﾄﾞﾛｯﾌﾟﾀﾞｳﾝ | EU2: 備考 | EW2: 項目名称 | EX2: 出力用 位置 | EY2: 取込用 位置 | EZ2: 変換 方式 | FA2: 初期値 | FB2: ﾄﾞﾛｯﾌﾟﾀﾞｳﾝ | FC2: 備考 | FE2: 項目名称 | FF2: 出力用 位置 | FG2: 取込用 位置 | FH2: 変換 方式 | FI2: 初期値 | FJ2: ﾄﾞﾛｯﾌﾟﾀﾞｳﾝ | FK2: 備考 | FM2: 項目名称 | FN2: 出力用 位置 | FO2: 取込用 位置 | FP2: 変換 方式 | FQ2: 初期値 | FR2: ﾄﾞﾛｯﾌﾟﾀﾞｳﾝ | FS2: 備考 | FU2: 項目名称 | FV2: 出力用 位置 | FW2: 取込用 位置 | FX2: 変換 方式 | FY2: 初期値 | FZ2: ﾄﾞﾛｯﾌﾟﾀﾞｳﾝ | GA2: 備考 | GC2: 項目名称 | GD2: 出力用 位置 | GE2: 取込用 位置 | GF2: 変換 方式 | GG2: 初期値 | GH2: ﾄﾞﾛｯﾌﾟﾀﾞｳﾝ | GI2: 備考 | GK2: 項目名称 | GL2: 出力用 位置 | GM2: 取込用 位置 | GN2: 変換 方式 | GO2: 初期値 | GP2: ﾄﾞﾛｯﾌﾟﾀﾞｳﾝ | GQ2: 備考 | GS2: 項目名称 | GT2: 出力用 位置 | GU2: 取込用 位置 | GV2: 変換 方式 | GW2: 初期値 | GX2: ﾄﾞﾛｯﾌﾟﾀﾞｳﾝ | GY2: 備考 | HA2: 項目名称 | HB2: 出力用 位置 | HC2: 取込用 位置 | HD2: 変換 方式 | HE2: 初期値 | HF2: ﾄﾞﾛｯﾌﾟﾀﾞｳﾝ | HG2: 備考 | HI2: 項目名称 | HJ2: 出力用 位置 | HK2: 取込用 位置 | HL2: 変換 方式 | HM2: 初期値 | HN2: ﾄﾞﾛｯﾌﾟﾀﾞｳﾝ | HO2: 備考 | HQ2: 項目名称 | HR2: 出力用 位置 | HS2: 取込用 位置 | HT2: 変換 方式 | HU2: 初期値 | HV2: ﾄﾞﾛｯﾌﾟﾀﾞｳﾝ | HW2: 備考 | HY2: 項目名称 | HZ2: 出力用 位置 | IA2: 取込用 位置 | IB2: 変換 方式 | IC2: 初期値 | ID2: ﾄﾞﾛｯﾌﾟﾀﾞｳﾝ | IE2: 備考 | IG2: 項目名称 | IH2: 出力用 位置 | II2: 取込用 位置 | IJ2: 変換 方式 | IK2: 初期値 | IL2: ﾄﾞﾛｯﾌﾟﾀﾞｳﾝ | IM2: 備考
BF3: 位置 | BG3: 位置 | BH3: 方式
G4: 備考 | O4: 備考 | W4: 備考 | AE4: 備考 | AM4: 備考 | AU4: 備考 | BC4: 備考 | BK4: 備考 | BS4: 備考 | CA4: 備考 | CI4: 備考 | CQ4: 備考 | CY4: 備考 | DG4: 備考 | DO4: 備考 | DW4: 備考 | EE4: 備考 | EM4: 備考 | EU4: 備考 | FC4: 備考 | FK4: 備考 | FS4: 備考 | GA4: 備考 | GI4: 備考 | GQ4: 備考 | GY4: 備考 | HG4: 備考 | HO4: 備考 | HW4: 備考 | IE4: 備考 | IM4: 備考
A5: 交換情報識別番号 | D5: 8 | G5: ※不要 | I5: 交換情報識別番号 | L5: 8 | O5: ※不要 | Q5: 交換情報識別番号 | T5: 8 | W5: ※不要 | X5: 1 | Y5: 交換情報識別番号 | AB5: 8 | AE5: ※不要 | AG5: 交換情報識別番号 | AJ5: 8 | AM5: ※不要 | AO5: 交換情報識別番号 | AR5: 8 | AU5: ※不要 | AW5: 交換情報識別番号 | AZ5: 8 | BC5: ※不要 | BD5: 1 | BE5: 交換情報識別番号 | BH5: 8 | BK5: ※不要 | BM5: 交換情報識別番号 | BP5: 8 | BS5: ※不要 | BU5: 交換情報識別番号 | BX5: 8 | CA5: ※不要 | CB5: 1 | CC5: 交換情報識別番号 | CF5: 8 | CI5: ※不要 | CK5: 交換情報識別番号 | CN5: 8 | CQ5: ※不要 | CR5: 1 | CS5: 交換情報識別番号 | CV5: 8 | CY5: ※不要 | DA5: 交換情報識別番号 | DD5: 8 | DG5: ※不要 | DI5: 交換情報識別番号 | DL5: 8 | DO5: ※不要 | DQ5: 交換情報識別番号 | DT5: 8 | DW5: ※不要 | DY5: 交換情報識別番号 | EB5: 8 | EE5: ※不要 | EG5: 交換情報識別番号 | EJ5: 8 | EM5: ※不要 | EO5: 交換情報識別番号 | ER5: 8 | EU5: ※不要 | EW5: 交換情報識別番号 | EZ5: 8 | FC5: ※不要 | FD5: 1 | FE5: 交換情報識別番号 | FH5: 8 | FK5: ※不要 | FM5: 交換情報識別番号 | FP5: 8 | FS5: ※不要 | FT5: 1 | FU5: 交換情報識別番号 | FX5: 8 | GA5: ※不要 | GC5: 交換情報識別番号 | GF5: 8 | GI5: ※不要 | GK5: 交換情報識別番号 | GN5: 8 | GQ5: ※不要 | GS5: 交換情報識別番号 | GV5: 8 | GY5: ※不要 | HA5: 交換情報識別番号 | HD5: 8 | HG5: ※不要 | HI5: 枚中 | HJ5: Y77 | HK5: Y77 | HL5: 9 | HQ5: 枚中 | HR5: Y5 | HS5: Y5 | HT5: 9 | HY5: 交換情報識別番号 | IB5: 8 | IE5: ※不要 | IG5: 交換情報識別番号 | IJ5: 8 | IM5: ※不要
A6: 異動年月日 | C6: AA8 | I6: 異動年月日 | L6: 8 | O6: ※不要 | Q6: 異動年月日 | T6: 8 | W6: ※不要 | X6: 2 | Y6: 異動年月日 | AB6: 8 | AE6: ※不要 | AG6: 異動年月日 | AJ6: 8 | AM6: ※不要 | AO6: 異動年月日 | AR6: 8 | AU6: ※不要 | AW6: 異動年月日 | AZ6: 8 | BC6: ※不要 | BD6: 2 | BE6: 異動年月日 | BH6: 8 | BK6: ※不要 | BM6: 異動年月日 | BP6: 8 | BS6: ※不要 | BU6: 異動年月日 | BX6: 8 | CA6: ※不要 | CB6: 2 | CC6: 異動年月日 | CF6: 8 | CI6: ※不要 | CK6: 異動年月日 | CN6: 8 | CQ6: ※不要 | CR6: 2 | CS6: サービス提供単位番号 | CV6: 8 | CY6: ※不要 | DA6: 異動年月日 | DD6: 8 | DG6: ※不要 | DI6: 異動年月日 | DL6: 8 | DO6: ※不要 | DQ6: 異動年月日 | DT6: 8 | DW6: ※不要 | DY6: 異動年月日 | EB6: 8 | EE6: ※不要 | EG6: 異動年月日 | EJ6: 8 | EM6: ※不要 | EO6: 異動年月日 | ER6: 8 | EU6: ※不要 | EW6: 異動年月日 | EZ6: 8 | FC6: ※不要 | FD6: 2 | FE6: 異動年月日 | FH6: 8 | FK6: ※不要 | FM6: 異動年月日 | FP6: 8 | FS6: ※不要 | FT6: 2 | FU6: 異動年月日 | FX6: 8 | GA6: ※不要 | GC6: 異動年月日 | GF6: 8 | GI6: ※不要 | GK6: 異動年月日 | GN6: 8 | GQ6: ※不要 | GS6: 異動年月日 | GV6: 8 | GY6: ※不要 | HA6: 異動年月日 | HD6: 8 | HG6: ※不要 | HI6: 枚目 | HJ6: AE77 | HK6: AE77 | HL6: 9 | HQ6: 枚目 | HR6: AE5 | HS6: AE5 | HT6: 9 | HY6: 異動年月日 | IB6: 8 | IE6: ※不要 | IG6: 異動年月日 | IJ6: 8 | IM6: ※不要
A7: 異動区分 | C7: AA7 | I7: 異動区分コード | L7: 8 | O7: ※不要 | Q7: 異動区分コード | T7: 8 | W7: ※不要 | X7: 3 | Y7: 異動区分コード | AB7: 8 | AE7: ※不要 | AG7: 受付番号 | AH7: AE2 | AI7: AE2 | AO7: 受付番号 | AP7: AE2 | AQ7: AE2 | AW7: 受付番号 | AX7: AE2 | AY7: AE2 | BD7: 3 | BE7: 受付番号 | BF7: AE2 | BG7: AE2 | BM7: 受付番号 | BN7: AE2 | BO7: AE2 | BU7: フラグ | BV7: AL3 | BW7: AL3 | BX7: 9 | CB7: 3 | CC7: 受付番号 | CD7: AE2 | CE7: AE2 | CK7: 受付番号 | CL7: AE2 | CM7: AE2 | CR7: 3 | CS7: 異動年月日 | CV7: 8 | CY7: ※不要 | DA7: 受付番号 | DB7: AE2 | DC7: AE2 | DI7: 受付番号 | DJ7: AE2 | DK7: AE2 | DQ7: 受付番号 | DR7: AE2 | DS7: AE2 | DY7: 受付番号 | DZ7: AE2 | EA7: AE2 | EG7: 受付番号 | EH7: AE2 | EI7: AE2 | EO7: 隠し項目１ | EP7: AL3 | EQ7: AL3 | ER7: 9 | EW7: 受付番号 | EX7: AE2 | EY7: AE2 | FD7: 3 | FE7: 受付番号 | FF7: AE4 | FG7: AE4 | FM7: 受付番号 | FN7: AE2 | FO7: AE2 | FT7: 3 | FU7: 受付番号 | FV7: AE4 | FW7: AE4 | GC7: 受付番号 | GD7: AE2 | GE7: AE2 | GK7: 受付番号 | GL7: AE4 | GM7: AE4 | GS7: 受付番号 | GT7: AE2 | GU7: AE2 | HA7: 受付番号 | HB7: AE2 | HC7: AE2 | HH7: 1 | HI7: 交換情報識別番号 | HL7: 8 | HO7: ※不要 | HQ7: 交換情報識別番号 | HT7: 8 | HW7: ※不要 | HY7: 受付番号 | HZ7: AE3 | IA7: AE3 | IG7: 受付番号 | IH7: AE3 | II7: AE3
A8: 異動事由 | D8: 8 | G8: ※不要 | I8: 異動事由 | L8: 8 | O8: ※不要 | Q8: 異動事由 | T8: 8 | W8: ※不要 | X8: 4 | Y8: 異動事由 | AB8: 8 | AE8: ※不要 | AG8: 事業所電話番号 | AH8: M9 | AI8: M9 | AO8: 出張所番号 | AP8: AE3 | AQ8: AE3 | AW8: 事業所電話番号 | AX8: M9 | AY8: M9 | BD8: 4 | BE8: 事業所電話番号 | BF8: M9 | BG8: M9 | BM8: 事業所ﾌﾘｶﾞﾅ | BN8: I4 | BO8: I4 | BU8: 受付番号 | BV8: AE2 | BW8: AE2 | CB8: 4 | CC8: 事業所電話番号 | CD8: M9 | CE8: M9 | CK8: 事業所電話番号 | CL8: M9 | CM8: M9 | CR8: 4 | CS8: 受付番号 | CT8: AE4 | CU8: AE4 | DA8: 事業所電話番号 | DB8: M9 | DC8: M9 | DI8: 昼間実施サービス-実施ｻｰﾋﾞｽ-生活介護の有無 | DJ8: AL17 | DK8: AL17 | DL8: 4 | DM8: 2 | DQ8: 定款・寄付行為等又は条例等 | DR8: W15 | DS8: W15 | DY8: 事業所電話番号 | DZ8: M9 | EA8: M9 | EG8: 事業所ﾌﾘｶﾞﾅ | EH8: I3 | EI8: I3 | EO8: 隠し項目２ | EP8: AM3 | EQ8: AM3 | ER8: 9 | EW8: 事業所ﾌﾘｶﾞﾅ | EX8: I3 | EY8: I3 | FD8: 4 | FE8: 事業所電話番号 | FF8: M11 | FG8: M11 | FM8: 事業所ﾌﾘｶﾞﾅ | FN8: I3 | FO8: I3 | FT8: 4 | FU8: 事業所電話番号 | FV8: M11 | FW8: M11 | GC8: 事業所ﾌﾘｶﾞﾅ | GD8: I3 | GE8: I3 | GK8: 定員-合計 | GL8: E10 | GM8: E10 | GN8: 2 | GS8: 従業員職種-責任者 専従 常勤 | GT8: I8 | GU8: I8 | GV8: 2 | HA8: 事業所 連絡先 電話番号 | HB8: M9 | HC8: M9 | HH8: 2 | HI8: 共同生活住居-単位番号 | HJ8: AI78 | HK8: AI78 | HL8: 14 | HQ8: 共同生活住居-単位番号 | HR8: AI6 | HS8: AI6 | HT8: 14 | HY8: 事業所 連絡先 電話番号 | HZ8: M10 | IA8: M10 | IG8: 事業所 連絡先 電話番号 | IH8: M10 | II8: M10
A9: 事業所番号 | C9: AA4 | I9: 事業所番号 | L9: 8 | O9: ※不要 | Q9: 事業所番号 | T9: 8 | W9: ※不要 | X9: 5 | Y9: 事業所番号 | AB9: 8 | AE9: ※不要 | AG9: 事業所ＦＡＸ番号 | AH9: AA9 | AI9: AA9 | AO9: 事業所ﾌﾘｶﾞﾅ | AP9: I4 | AQ9: I4 | AW9: 事業所ＦＡＸ番号 | AX9: AA9 | AY9: AA9 | BD9: 5 | BE9: 事業所ＦＡＸ番号 | BF9: AA9 | BG9: AA9 | BM9: 事業所名称 | BN9: I5 | BO9: I5 | BU9: 事業所電話番号 | BV9: M9 | BW9: M9 | CB9: 5 | CC9: 事業所ＦＡＸ番号 | CD9: AA9 | CE9: AA9 | CK9: 事業所ＦＡＸ番号 | CL9: AA9 | CM9: AA9 | CR9: 5 | CS9: 事業所電話番号 | CT9: M11 | CU9: M11 | DA9: 事業所ＦＡＸ番号 | DB9: AA9 | DC9: AA9 | DI9: 昼間実施サービス-前年度平均利用者数-生活介護 有 | DJ9: M18 | DK9: M18 | DL9: 2 | DQ9: 施設入所支援-前年度平均利用者数-ｻｰﾋﾞｽ単位1 | DR9: W16 | DS9: W16 | DT9: 2 | DY9: 事業所ＦＡＸ番号 | DZ9: AA9 | EA9: AA9 | EG9: 事業所名称 | EH9: I4 | EI9: I4 | EO9: 受付番号 | EP9: AE4 | EQ9: AE4 | EW9: 事業所名称 | EX9: I4 | EY9: I4 | FD9: 5 | FE9: 事業所ＦＡＸ番号 | FF9: AA11 | FG9: AA11 | FM9: 事業所名称 | FN9: I4 | FO9: I4 | FT9: 5 | FU9: 事業所ＦＡＸ番号 | FV9: AA11 | FW9: AA11 | GC9: 事業所名称 | GD9: I4 | GE9: I4 | GK9: 生活介護-単位有無 | GL9: AL8 | GM9: AL8 | GN9: 3 | GO9: FALSE | GS9: 従業員職種-責任者 専従 非常勤 | GT9: I9 | GU9: I9 | GV9: 2 | HA9: 事業所 連絡先 ＦＡＸ番号 | HB9: AA9 | HC9: AA9 | HH9: 3 | HI9: 共同生活住居-フリガナ | HJ9: I78 | HK9: I78 | HQ9: 共同生活住居-フリガナ | HR9: I6 | HS9: I6 | HY9: 事業所 連絡先 ＦＡＸ番号 | HZ9: AA10 | IA9: AA10 | IG9: 事業所 連絡先 ＦＡＸ番号 | IH9: AA10 | II9: AA10
A10: 申請者-氏名(ｶﾅ) | C10: G23 | I10: 法人名称 | K10: I11 | L10: 8 | O10: ※不要 | Q10: 支払区分 | S10: AA10 | T10: 13 | X10: 6 | Y10: 管理者-氏名（ｶﾅ） | AB10: 8 | AE10: ※不要 | AG10: 定款・寄付行為等又は条例等 | AH10: W10 | AI10: W10 | AO10: 事業所名称 | AP10: I5 | AQ10: I5 | AW10: 定款・寄付行為等又は条例等 | AX10: W10 | AY10: W10 | BD10: 6 | BE10: 定款・寄付行為等又は条例等 | BF10: W10 | BG10: W10 | BM10: 事業所郵便番号 | BN10: K6 | BO10: K6 | BP10: 1 | BU10: 事業所ＦＡＸ番号 | BV10: AA9 | BW10: AA9 | CB10: 6 | CC10: 定款・寄付行為等又は条例等 | CD10: W10 | CE10: W10 | CK10: 定款・寄付行為等又は条例等 | CL10: W10 | CM10: W10 | CR10: 6 | CS10: 事業所ＦＡＸ番号 | CT10: AA11 | CU10: AA11 | DA10: 管理者ﾌﾘｶﾞﾅ | DB10: I10 | DC10: I10 | DI10: 昼間実施サービス-前年度平均利用者数-生活介護 無 | DJ10: P18 | DK10: P18 | DL10: 2 | DQ10: 施設入所支援-前年度平均利用者数-ｻｰﾋﾞｽ単位2 | DR10: W17 | DS10: W17 | DT10: 2 | DY10: 定款・寄付行為等又は条例等 | DZ10: W10 | EA10: W10 | EG10: 事業所郵便番号 | EH10: K5 | EI10: K5 | EJ10: 1 | EO10: 事業所電話番号 | EP10: M11 | EQ10: M11 | EW10: 事業所郵便番号 | EX10: K5 | EY10: K5 | EZ10: 1 | FD10: 6 | FE10: 定款・寄付行為等又は条例等 | FF10: W12 | FG10: W12 | FM10: 事業所郵便番号 | FN10: K5 | FO10: K5 | FP10: 1 | FT10: 6 | FU10: 定款・寄付行為等又は条例等 | FV10: W12 | FW10: W12 | GC10: 事業所郵便番号 | GD10: K5 | GE10: K5 | GF10: 1 | GK10: 生活介護-単位1-定員 | GL10: M9 | GM10: M9 | GN10: 2 | GS10: 従業員職種-責任者 兼務 常勤 | GT10: K8 | GU10: K8 | GV10: 2 | HA10: 定款・寄付行為等又は条例等 | HB10: W10 | HC10: W10 | HH10: 4 | HI10: 共同生活住居-名称 | HJ10: I79 | HK10: I79 | HQ10: 共同生活住居-名称 | HR10: I7 | HS10: I7 | HY10: 定款・寄付行為等又は条例等 | HZ10: W11 | IA10: W11 | IG10: 定款・寄付行為等又は条例等 | IH10: W11 | II10: W11
A11: 申請者-氏名(漢字) | C11: G24 | I11: 郵便番号 | K11: K13 | L11: 8 | O11: ※不要 | Q11: 申請先 | T11: 8 | W11: ※不要 | X11: 7 | Y11: 管理者-氏名（漢字） | AB11: 8 | AE11: ※不要 | AG11: 管理者ﾌﾘｶﾞﾅ | AH11: I11 | AI11: I11 | AO11: 事業所郵便番号 | AP11: K6 | AQ11: K6 | AR11: 1 | AW11: 管理者ﾌﾘｶﾞﾅ | AX11: I11 | AY11: I11 | BD11: 7 | BE11: 管理者ﾌﾘｶﾞﾅ | BF11: I11 | BG11: I11 | BM11: 事業所所在地上段 | BN11: I7 | BO11: I7 | BU11: 定款・寄付行為等又は条例等 | BV11: W10 | BW11: W10 | CB11: 7 | CC11: 管理者ﾌﾘｶﾞﾅ | CD11: I11 | CE11: I11 | CK11: 管理者ﾌﾘｶﾞﾅ | CL11: I11 | CM11: I11 | CR11: 7 | CS11: 定款・寄付行為等又は条例等 | CT11: W12 | CU11: W12 | DA11: 管理者氏名 | DB11: I11 | DC11: I11 | DI11: 昼間実施サービス-実施ｻｰﾋﾞｽ-自立訓練-機能 | DJ11: AM17 | DK11: AM17 | DL11: 3 | DM11: FALSE | DQ11: 施設入所支援-前年度平均利用者数-ｻｰﾋﾞｽ単位3 | DR11: W18 | DS11: W18 | DT11: 2 | DY11: 管理者ﾌﾘｶﾞﾅ | DZ11: I11 | EA11: I11 | EG11: 事業所所在地上段 | EH11: I6 | EI11: I6 | EO11: 事業所ＦＡＸ番号 | EP11: AA11 | EQ11: AA11 | EW11: 事業所所在地上段 | EX11: I6 | EY11: I6 | FD11: 7 | FE11: 管理者ﾌﾘｶﾞﾅ | FF11: I13 | FG11: I13 | FM11: 事業所所在地上段 | FN11: I6 | FO11: I6 | FT11: 7 | FU11: 管理者ﾌﾘｶﾞﾅ | FV11: I13 | FW11: I13 | GC11: 事業所所在地上段 | GD11: I6 | GE11: I6 | GK11: 生活介護-単位2-定員 | GL11: M10 | GM11: M10 | GN11: 2 | GS11: 従業員職種-責任者 兼務 非常勤 | GT11: K9 | GU11: K9 | GV11: 2 | HA11: 管理者 ﾌﾘｶﾞﾅ | HB11: I11 | HC11: I11 | HH11: 5 | HI11: 共同生活住居-郵便番号 | HJ11: K80 | HK11: K80 | HL11: 1 | HQ11: 共同生活住居-郵便番号 | HR11: K8 | HS11: K8 | HT11: 1 | HY11: 管理者 ﾌﾘｶﾞﾅ | HZ11: I12 | IA11: I12 | IG11: 管理者 ﾌﾘｶﾞﾅ | IH11: I12 | II11: I12
A12: 申請者-郵便番号 | C12: H25 | D12: 1 | I12: 所在地上段 | K12: I14 | L12: 8 | O12: ※不要 | Q12: 所在地市町村番号 | S12: Q37 | X12: 8 | Y12: 管理者-郵便番号 | AB12: 8 | AE12: ※不要 | AG12: 管理者氏名 | AH12: I12 | AI12: I12 | AO12: 事業所所在地上段 | AP12: I7 | AQ12: I7 | AW12: 管理者氏名 | AX12: I12 | AY12: I12 | BD12: 8 | BE12: 管理者氏名 | BF12: I12 | BG12: I12 | BM12: 事業所所在地下段 | BN12: I8 | BO12: I8 | BU12: 管理者ﾌﾘｶﾞﾅ | BV12: I11 | BW12: I11 | CB12: 8 | CC12: 管理者氏名 | CD12: I12 | CE12: I12 | CK12: 管理者氏名 | CL12: I12 | CM12: I12 | CR12: 8 | CS12: 管理者ﾌﾘｶﾞﾅ | CT12: I13 | CU12: I13 | DA12: 管理者郵便番号 | DB12: K12 | DC12: K12 | DD12: 1 | DI12: 昼間実施サービス-実施ｻｰﾋﾞｽ-自立訓練-生活 | DJ12: AN17 | DK12: AN17 | DL12: 3 | DM12: FALSE | DQ12: 設備-1室最大定員 | DR12: O20 | DS12: O20 | DT12: 2 | DY12: 管理者氏名 | DZ12: I12 | EA12: I12 | EG12: 事業所所在地下段 | EH12: I7 | EI12: I7 | EO12: 定款・寄付行為等又は条例等 | EP12: W12 | EQ12: W12 | EW12: 事業所所在地下段 | EX12: I7 | EY12: I7 | FD12: 8 | FE12: 管理者氏名 | FF12: I14 | FG12: I14 | FM12: 事業所所在地下段 | FN12: I7 | FO12: I7 | FT12: 8 | FU12: 管理者氏名 | FV12: I14 | FW12: I14 | GC12: 事業所所在地下段 | GD12: I7 | GE12: I7 | GK12: 生活介護-単位3-定員 | GL12: M11 | GM12: M11 | GN12: 2 | GS12: 従業員職種-責任者 常勤換算後の人数 | GT12: I10 | GU12: I10 | GV12: 2 | HA12: 管理者 氏名 | HB12: I12 | HC12: I12 | HH12: 6 | HI12: 共同生活住居-所在地上段 | HJ12: I81 | HK12: I81 | HQ12: 共同生活住居-所在地上段 | HR12: I9 | HS12: I9 | HY12: 管理者 氏名 | HZ12: I13 | IA12: I13 | IG12: 管理者 氏名 | IH12: I13 | II12: I13
A13: 申請者-住所(ｶﾅ) | D13: 8 | G13: ※不要 | I13: 所在地下段 | K13: I16 | L13: 8 | O13: ※不要 | Q13: 事業所・施設の種類 | S13: N4 | X13: 9 | Y13: 管理者-住所（ｶﾅ） | AB13: 8 | AE13: ※不要 | AG13: 管理者郵便番号 | AH13: K13 | AI13: K13 | AJ13: 1 | AO13: 事業所所在地下段 | AP13: I8 | AQ13: I8 | AW13: 管理者郵便番号 | AX13: K13 | AY13: K13 | AZ13: 1 | BD13: 9 | BE13: 管理者郵便番号 | BF13: K13 | BG13: K13 | BH13: 1 | BM13: 事業所電話番号 | BN13: M9 | BO13: M9 | BU13: 管理者氏名 | BV13: I12 | BW13: I12 | CB13: 9 | CC13: 管理者郵便番号 | CD13: K13 | CE13: K13 | CF13: 1 | CK13: 管理者郵便番号 | CL13: K13 | CM13: K13 | CN13: 1 | CR13: 9 | CS13: 管理者氏名 | CT13: I14 | CU13: I14 | DA13: 管理者住所上段 | DB13: I13 | DC13: I13 | DI13: 昼間実施サービス-前年度平均利用者数-自立訓練-機能 | DJ13: S18 | DK13: S18 | DL13: 2 | DQ13: 設備-1室最大定員-基準上必要値 | DR13: W20 | DS13: W20 | DT13: 2 | DY13: 管理者郵便番号 | DZ13: K13 | EA13: K13 | EB13: 1 | EG13: 事業所電話番号 | EH13: M8 | EI13: M8 | EO13: 管理者ﾌﾘｶﾞﾅ | EP13: I13 | EQ13: I13 | EW13: 事業所電話番号 | EX13: M8 | EY13: M8 | FD13: 9 | FE13: 管理者郵便番号 | FF13: K15 | FG13: K15 | FH13: 1 | FM13: 事業所電話番号 | FN13: M8 | FO13: M8 | FT13: 9 | FU13: 管理者郵便番号 | FV13: K15 | FW13: K15 | FX13: 1 | GC13: 事業所電話番号 | GD13: M8 | GE13: M8 | GK13: 生活介護-単位4-定員 | GL13: M12 | GM13: M12 | GN13: 2 | GS13: 従業員職種-責任者 基準上の必要人数 | GT13: I11 | GU13: I11 | GV13: 2 | HA13: 管理者 住所 郵便 | HB13: K13 | HC13: K13 | HD13: 1 | HH13: 7 | HI13: 共同生活住居-所在地下段 | HJ13: I82 | HK13: I82 | HQ13: 共同生活住居-所在地下段 | HR13: I10 | HS13: I10 | HY13: 管理者 住所 郵便 | HZ13: K14 | IA13: K14 | IB13: 1 | IG13: 管理者 住所 郵便 | IH13: K14 | II13: K14 | IJ13: 1
A14: 申請者-住所(漢字) | C14: G26 | D14: 7 | G14: 住所分割 | I14: 代表者氏名 | K14: I18 | L14: 8 | O14: ※不要 | Q14: その他情報1 | T14: 8 | W14: ※不要 | X14: 10 | Y14: 管理者-住所（漢字） | AB14: 8 | AE14: ※不要 | AG14: 管理者住所上段 | AH14: I14 | AI14: I14 | AO14: 事業所電話番号 | AP14: M9 | AQ14: M9 | AW14: 管理者住所上段 | AX14: I14 | AY14: I14 | BD14: 10 | BE14: 管理者住所上段 | BF14: I14 | BG14: I14 | BM14: 事業所ＦＡＸ番号 | BN14: AA9 | BO14: AA9 | BU14: 管理者郵便番号 | BV14: K13 | BW14: K13 | BX14: 1 | CB14: 10 | CC14: 管理者住所上段 | CD14: I14 | CE14: I14 | CK14: 管理者住所上段 | CL14: I14 | CM14: I14 | CR14: 10 | CS14: 管理者郵便番号 | CT14: K15 | CU14: K15 | CV14: 1 | DA14: 管理者住所下段 | DB14: I14 | DC14: I14 | DI14: 昼間実施サービス-前年度平均利用者数-自立訓練-生活 | DJ14: V18 | DK14: V18 | DL14: 2 | DQ14: 設備-入所者１人あたり最小床面積 | DR14: O21 | DS14: O21 | DT14: 2 | DY14: 管理者住所上段 | DZ14: I14 | EA14: I14 | EG14: 事業所ＦＡＸ番号 | EH14: AA8 | EI14: AA8 | EO14: 管理者氏名 | EP14: I14 | EQ14: I14 | EW14: 事業所ＦＡＸ番号 | EX14: AA8 | EY14: AA8 | FD14: 10 | FE14: 管理者住所上段 | FF14: I16 | FG14: I16 | FM14: 事業所ＦＡＸ番号 | FN14: AA8 | FO14: AA8 | FT14: 10 | FU14: 管理者住所上段 | FV14: I16 | FW14: I16 | GC14: 事業所ＦＡＸ番号 | GD14: AA8 | GE14: AA8 | GK14: 生活介護-単位5-定員 | GL14: M13 | GM14: M13 | GN14: 2 | GS14: 従業員職種-医師 専従 常勤 | GT14: M8 | GU14: M8 | GV14: 2 | HA14: 管理者 住所 １ | HB14: I14 | HC14: I14 | HH14: 8 | HI14: 共同生活住居-電話番号 | HJ14: M84 | HK14: M84 | HQ14: 共同生活住居-電話番号 | HR14: M12 | HS14: M12 | HY14: 管理者 住所 １ | HZ14: I15 | IA14: I15 | IG14: 管理者 住所 １ | IH14: I15 | II14: I15
A15: 申請者-電話番号 | C15: J28 | I15: 事業所名称 | K15: I20 | L15: 8 | O15: ※不要 | Q15: その他情報2 | T15: 8 | W15: ※不要 | X15: 11 | Y15: 事業所-名称（ｶﾅ） | AA15: G35 | AG15: 管理者住所下段 | AH15: I15 | AI15: I15 | AO15: 事業所ＦＡＸ番号 | AP15: AA9 | AQ15: AA9 | AW15: 管理者住所下段 | AX15: I15 | AY15: I15 | BD15: 11 | BE15: 管理者住所下段 | BF15: I15 | BG15: I15 | BM15: 従業員職種 医師 専従 常勤 | BN15: I12 | BO15: I12 | BP15: 2 | BU15: 管理者住所上段 | BV15: I14 | BW15: I14 | CB15: 11 | CC15: 管理者住所下段 | CD15: I15 | CE15: I15 | CK15: 管理者住所下段 | CL15: I15 | CM15: I15 | CR15: 11 | CS15: 管理者住所上段 | CT15: I16 | CU15: I16 | DA15: 昼間実施サービス-合計 | DB15: C17 | DC15: C17 | DD15: 2 | DI15: 昼間実施サービス-実施ｻｰﾋﾞｽ-就労移行支援-通常 | DJ15: AO17 | DK15: AO17 | DL15: 3 | DM15: FALSE | DQ15: 設備-入所者１人あたり最小床面積-基準上必要値 | DR15: W21 | DS15: W21 | DT15: 2 | DY15: 管理者住所下段 | DZ15: I15 | EA15: I15 | EG15: 従業員職種 責任者 専従 常勤 | EH15: I12 | EI15: I12 | EJ15: 2 | EO15: 管理者郵便番号 | EP15: K15 | EQ15: K15 | ER15: 1 | EW15: 従業員職種 責任者 専従 常勤 | EX15: I12 | EY15: I12 | EZ15: 2 | FD15: 11 | FE15: 管理者住所下段 | FF15: I17 | FG15: I17 | FM15: 従業員職種-責任者 専従 常勤 | FN15: I12 | FO15: I12 | FP15: 2 | FT15: 11 | FU15: 管理者住所下段 | FV15: I17 | FW15: I17 | GC15: 従業員職種-職業指導員 専従 常勤 | GD15: I11 | GE15: I11 | GF15: 2 | GK15: 児童デイ-単位有無 | GL15: AM8 | GM15: AM8 | GN15: 3 | GO15: FALSE | GS15: 従業員職種-医師 専従 非常勤 | GT15: M9 | GU15: M9 | GV15: 2 | HA15: 管理者 住所 ２ | HB15: I15 | HC15: I15 | HH15: 9 | HI15: 共同生活住居-FAX番号 | HJ15: AA84 | HK15: AA84 | HQ15: 共同生活住居-FAX番号 | HR15: AA12 | HS15: AA12 | HY15: 管理者 住所 ２ | HZ15: I16 | IA15: I16 | IG15: 管理者 住所 ２ | IH15: I16 | II15: I16
A16: 申請者-FAX番号 | C16: R28 | I16: 事業所番号 | K16: I22 | L16: 8 | O16: ※不要 | Q16: その他情報3 | T16: 8 | W16: ※不要 | X16: 12 | Y16: 事業所-名称（漢字） | AA16: G36 | AG16: 管理者-兼務の有無 | AH16: W16 | AI16: W16 | AJ16: 4 | AK16: 2 | AO16: 営業日-月 | AP16: AL10 | AQ16: AL10 | AR16: 3 | AS16: FALSE | AW16: 管理者-兼務する他の職種 | AX16: W16 | AY16: W16 | BD16: 12 | BE16: 管理者-兼務する他の職種 | BF16: W16 | BG16: W16 | BM16: 従業員職種 医師 専従 非常勤 | BN16: I13 | BO16: I13 | BP16: 2 | BU16: 管理者住所下段 | BV16: I15 | BW16: I15 | CB16: 12 | CC16: 管理者-兼務する他の職種 | CD16: W16 | CE16: W16 | CK16: 管理者-サービス提供責任者との兼務の有無 | CL16: W16 | CM16: W16 | CN16: 4 | CO16: 2 | CR16: 12 | CS16: 管理者住所下段 | CT16: I17 | CU16: I17 | DA16: 昼間実施サービス-介護給付対象者 | DB16: I17 | DC16: I17 | DD16: 2 | DI16: 昼間実施サービス-実施ｻｰﾋﾞｽ-就労移行支援-資格 | DJ16: AP17 | DK16: AP17 | DL16: 3 | DM16: FALSE | DQ16: 設備-廊下幅 | DR16: O22 | DS16: O22 | DT16: 2 | DY16: 管理者-兼務する他の職種 | DZ16: W16 | EA16: W16 | EG16: 従業員職種 責任者 専従 非常勤 | EH16: I13 | EI16: I13 | EJ16: 2 | EO16: 管理者住所上段 | EP16: I16 | EQ16: I16 | EW16: 従業員職種 責任者 専従 非常勤 | EX16: I13 | EY16: I13 | EZ16: 2 | FD16: 12 | FE16: 管理者-兼務する他の職種 | FF16: W18 | FG16: W18 | FM16: 従業員職種-責任者 専従 非常勤 | FN16: I13 | FO16: I13 | FP16: 2 | FT16: 12 | FU16: 管理者-兼務する他の職種 | FV16: W18 | FW16: W18 | GC16: 従業員職種-職業指導員 専従 非常勤 | GD16: I12 | GE16: I12 | GF16: 2 | GK16: 児童デイ-単位1-定員 | GL16: P9 | GM16: P9 | GN16: 2 | GS16: 従業員職種-医師 兼務 常勤 | GT16: O8 | GU16: O8 | GV16: 2 | HA16: 管理者 当該事業所における相談支援専門員との兼務の有無 | HB16: W16 | HC16: W16 | HD16: 4 | HE16: 2 | HH16: 10 | HI16: 共同生活住居-建物形態 | HJ16: I85 | HK16: I85 | HQ16: 共同生活住居-建物形態 | HR16: I13 | HS16: I13 | HY16: 管理者 当該事業所で兼務する他の職種 | HZ16: W17 | IA16: W17 | IG16: 管理者 当該事業所で兼務する他の職種 | IH16: W17 | II16: W17
A17: 代表者-氏名(ｶﾅ) | D17: 8 | G17: ※不要 | I17: 金融機関名 | K17: I37 | Q17: WAMサービス区分 | R17: O6 | S17: M6 | T17: 14 | X17: 13 | Y17: 事業所-郵便番号 | AA17: H37 | AB17: 1 | AG17: 管理者-同一敷地内の兼務-事業所等の名称 | AH17: W17 | AI17: W17 | AO17: 営業日-火 | AP17: AM10 | AQ17: AM10 | AR17: 3 | AS17: FALSE | AW17: 管理者-他事業所又は施設従業者との兼務-事業所等の名称 | AX17: W17 | AY17: W17 | BD17: 13 | BE17: 管理者-他事業所又は施設従業者との兼務-事業所等の名称 | BF17: W17 | BG17: W17 | BM17: 従業員職種 医師 兼務 常勤 | BN17: K12 | BO17: K12 | BP17: 2 | BU17: 管理者-兼務する他の職種 | BV17: W16 | BW17: W16 | CB17: 13 | CC17: 管理者-他事業所又は施設従業者との兼務-事業所等の名称 | CD17: W17 | CE17: W17 | CK17: 管理者-兼務する他の職種 | CL17: W17 | CM17: W17 | CR17: 13 | CS17: 管理者-他事業所又は施設従業者との兼務-事業所等の名称 | CT17: W18 | CU17: W18 | DA17: 昼間実施サービス-訓練等給付対象者 | DB17: O17 | DC17: O17 | DD17: 2 | DI17: 昼間実施サービス-前年度平均利用者数-就労移行支援-通常 | DJ17: Y18 | DK17: Y18 | DL17: 2 | DQ17: 設備-廊下幅-基準上必要地 | DR17: W22 | DS17: W22 | DT17: 2 | DY17: 管理者-他事業所又は施設従業者との兼務-事業所等の名称 | DZ17: W17 | EA17: W17 | EG17: 従業員職種 責任者 兼務 常勤 | EH17: L12 | EI17: L12 | EJ17: 2 | EO17: 管理者住所下段 | EP17: I17 | EQ17: I17 | EW17: 従業員職種 責任者 兼務 常勤 | EX17: L12 | EY17: L12 | EZ17: 2 | FD17: 13 | FE17: 管理者-他事業所又は施設従業者との兼務-事業所等の名称 | FF17: W19 | FG17: W19 | FM17: 従業員職種-責任者 兼務 常勤 | FN17: L12 | FO17: L12 | FP17: 2 | FT17: 13 | FU17: 管理者-他事業所又は施設従業者との兼務-事業所等の名称 | FV17: W19 | FW17: W19 | GC17: 従業員職種-職業指導員 兼務 常勤 | GD17: L11 | GE17: L11 | GF17: 2 | GK17: 児童デイ-単位2-定員 | GL17: P10 | GM17: P10 | GN17: 2 | GS17: 従業員職種-医師 兼務 非常勤 | GT17: O9 | GU17: O9 | GV17: 2 | HA17: 管理者 施設の従業者との兼務 事業所等の名称 | HB17: W17 | HC17: W17 | HH17: 11 | HI17: 共同生活住居-住居区分 | HJ17: I86 | HK17: I86 | HL17: 4 | HM17: 4 | HQ17: 共同生活住居-住居区分 | HR17: I14 | HS17: I14 | HT17: 4 | HU17: 4 | HY17: 管理者 施設の従業者との兼務 事業所等の名称 | HZ17: W18 | IA17: W18 | IG17: 管理者 施設の従業者との兼務 事業所等の名称 | IH17: W18 | II17: W18
A18: 代表者-氏名(漢字) | C18: G31 | I18: 金融機関コード | K18: AH37 | L18: 15 | X18: 14 | Y18: 事業所-住所（ｶﾅ） | AB18: 8 | AE18: ※不要 | AG18: 管理者-同一敷地内の兼務-兼務する職種 | AH18: W18 | AI18: W18 | AO18: 営業日-水 | AP18: AN10 | AQ18: AN10 | AR18: 3 | AS18: FALSE | AW18: 管理者-他事業所又は施設従業者との兼務-兼務する職種 | AX18: W18 | AY18: W18 | BD18: 14 | BE18: 管理者-他事業所又は施設従業者との兼務-兼務する職種 | BF18: W18 | BG18: W18 | BM18: 従業員職種 医師 兼務 非常勤 | BN18: K13 | BO18: K13 | BP18: 2 | BU18: 管理者-他事業所又は施設従業者との兼務-事業所等の名称 | BV18: W17 | BW18: W17 | CB18: 14 | CC18: 管理者-他事業所又は施設従業者との兼務-兼務する職種 | CD18: W18 | CE18: W18 | CK18: 管理者-他事業所又は施設従業者との兼務-事業所等の名称 | CL18: W18 | CM18: W18 | CR18: 14 | CS18: 管理者-他事業所又は施設従業者との兼務-兼務する職種 | CT18: W19 | CU18: W19 | DA18: 昼間実施サービス-特定旧法受給者 | DB18: U17 | DC18: U17 | DD18: 2 | DI18: 昼間実施サービス-前年度平均利用者数-就労移行支援-資格 | DJ18: AB18 | DK18: AB18 | DL18: 2 | DQ18: 設備-中廊下幅 | DR18: O23 | DS18: O23 | DT18: 2 | DY18: 管理者-他事業所又は施設従業者との兼務-兼務する職種 | DZ18: W18 | EA18: W18 | EG18: 従業員職種 責任者 兼務 非常勤 | EH18: L13 | EI18: L13 | EJ18: 2 | EO18: 管理者-兼務する他の職種 | EP18: W18 | EQ18: W18 | EW18: 従業員職種 責任者 兼務 非常勤 | EX18: L13 | EY18: L13 | EZ18: 2 | FD18: 14 | FE18: 管理者-他事業所又は施設従業者との兼務-兼務する職種 | FF18: W20 | FG18: W20 | FM18: 従業員職種-責任者 兼務 非常勤 | FN18: L13 | FO18: L13 | FP18: 2 | FT18: 14 | FU18: 管理者-他事業所又は施設従業者との兼務-兼務する職種 | FV18: W20 | FW18: W20 | GC18: 従業員職種-職業指導員 兼務 非常勤 | GD18: L12 | GE18: L12 | GF18: 2 | GK18: 児童デイ-単位3-定員 | GL18: P11 | GM18: P11 | GN18: 2 | GS18: 従業員職種-医師 常勤換算後の人数 | GT18: M10 | GU18: M10 | GV18: 2 | HA18: 管理者 施設の従業者との兼務 兼務する職種 | HB18: W18 | HC18: W18 | HH18: 12 | HI18: 共同生活住居-住居区分その他 | HJ18: AE86 | HK18: AE86 | HQ18: 共同生活住居-住居区分その他 | HR18: AE14 | HS18: AE14 | HY18: 管理者 施設の従業者との兼務 兼務する職種 | HZ18: W19 | IA18: W19 | IG18: 管理者 施設の従業者との兼務 兼務する職種 | IH18: W19 | II18: W19
A19: 代表者-職名 | C19: G30 | I19: 店舗名 | K19: I39 | X19: 15 | Y19: 事業所-住所（漢字） | AA19: G38 | AB19: 7 | AE19: 住所分割 | AG19: 管理者-同一敷地内の兼務-勤務時間 | AH19: W19 | AI19: W19 | AO19: 営業日-木 | AP19: AO10 | AQ19: AO10 | AR19: 3 | AS19: FALSE | AW19: 管理者-他事業所又は施設従業者との兼務-勤務時間 | AX19: W19 | AY19: W19 | BD19: 15 | BE19: 管理者-他事業所又は施設従業者との兼務-勤務時間 | BF19: W19 | BG19: W19 | BM19: 従業員職種 医師 常勤換算後の人数 | BN19: I14 | BO19: I14 | BP19: 2 | BU19: 管理者-他事業所又は施設従業者との兼務-兼務する職種 | BV19: W18 | BW19: W18 | CB19: 15 | CC19: 管理者-他事業所又は施設従業者との兼務-勤務時間 | CD19: W19 | CE19: W19 | CK19: 管理者-他事業所又は施設従業者との兼務-兼務する職種 | CL19: W19 | CM19: W19 | CR19: 15 | CS19: 管理者-他事業所又は施設従業者との兼務-勤務時間 | CT19: W20 | CU19: W20 | DA19: 昼間実施サービス-定員緩和措置の有無 | DB19: AA17 | DC19: AA17 | DD19: 4 | DE19: 2 | DI19: 昼間実施サービス-実施ｻｰﾋﾞｽ-就労継続支援-A型 | DJ19: AQ17 | DK19: AQ17 | DL19: 3 | DM19: FALSE | DQ19: 設備-中廊下幅-基準上必要地 | DR19: W23 | DS19: W23 | DT19: 2 | DY19: 管理者-他事業所又は施設従業者との兼務-勤務時間 | DZ19: W19 | EA19: W19 | EG19: 従業員職種 責任者 常勤換算後の人数 | EH19: I14 | EI19: I14 | EJ19: 2 | EO19: 管理者-他事業所又は施設従業者との兼務-事業所等の名称 | EP19: W19 | EQ19: W19 | EW19: 従業員職種 責任者 常勤換算後の人数 | EX19: I14 | EY19: I14 | EZ19: 2 | FD19: 15 | FE19: 管理者-他事業所又は施設従業者との兼務-勤務時間 | FF19: W21 | FG19: W21 | FM19: 従業員職種-責任者 常勤換算後の人数 | FN19: I14 | FO19: I14 | FP19: 2 | FT19: 15 | FU19: 管理者-他事業所又は施設従業者との兼務-勤務時間 | FV19: W21 | FW19: W21 | GC19: 従業員職種-職業指導員 常勤換算後の人数 | GD19: I13 | GE19: I13 | GF19: 2 | GK19: 児童デイ-単位4-定員 | GL19: P12 | GM19: P12 | GN19: 2 | GS19: 従業員職種-医師 基準上の必要人数 | GT19: M11 | GU19: M11 | GV19: 2 | HA19: 管理者 施設の従業者との兼務 勤務時間 | HB19: W19 | HC19: W19 | HH19: 13 | HI19: 共同生活住居-建物所有者名 | HJ19: I87 | HK19: I87 | HQ19: 共同生活住居-建物所有者名 | HR19: I15 | HS19: I15 | HY19: 管理者 施設の従業者との兼務 勤務時間 | HZ19: W20 | IA19: W20 | IG19: 管理者 施設の従業者との兼務 勤務時間 | IH19: W20 | II19: W20
A20: 代表者-郵便番号 | C20: H32 | D20: 1 | I20: 店舗コード | K20: AJ39 | L20: 15 | X20: 16 | Y20: 事業所-電話番号 | AB20: 8 | AE20: ※不要 | AG20: サービス提供責任者ﾌﾘｶﾞﾅ | AH20: I20 | AI20: I20 | AO20: 営業日-金 | AP20: AP10 | AQ20: AP10 | AR20: 3 | AS20: FALSE | AW20: サービス管理責任者ﾌﾘｶﾞﾅ | AX20: I20 | AY20: I20 | BD20: 16 | BE20: サービス管理責任者ﾌﾘｶﾞﾅ | BF20: I20 | BG20: I20 | BM20: 従業員職種 医師 基準上の必要人数 | BN20: I15 | BO20: I15 | BP20: 2 | BU20: 管理者-他事業所又は施設従業者との兼務-勤務時間 | BV20: W19 | BW20: W19 | CB20: 16 | CC20: 事業所種別-併設型 | CD20: AL20 | CE20: AL20 | CF20: 3 | CG20: FALSE | CK20: 管理者-他事業所又は施設従業者との兼務-勤務時間 | CL20: W20 | CM20: W20 | CR20: 16 | CS20: 事業所全体の利用定員 | CT20: I21 | CU20: I21 | CV20: 2 | DA20: 施設入所支援の定員 | DB20: I18 | DC20: I18 | DI20: 昼間実施サービス-実施ｻｰﾋﾞｽ-就労継続支援-B型 | DJ20: AR17 | DK20: AR17 | DL20: 3 | DM20: FALSE | DQ20: 設備-短期入所実施有無 | DR20: AE21 | DS20: AE21 | DT20: 4 | DU20: 2 | DY20: 訪問事業実施の有無 | DZ20: I20 | EA20: I20 | EB20: 4 | EC20: 2 | EG20: 従業員職種 責任者 基準上の必要人数 | EH20: I15 | EI20: I15 | EJ20: 2 | EO20: 管理者-他事業所又は施設従業者との兼務-兼務する職種 | EP20: W20 | EQ20: W20 | EW20: 従業員職種 責任者 基準上の必要人数 | EX20: I15 | EY20: I15 | EZ20: 2 | FD20: 16 | FE20: サービス管理責任者ﾌﾘｶﾞﾅ | FF20: I22 | FG20: I22 | FM20: 従業員職種-責任者 基準上の必要人数 | FN20: I15 | FO20: I15 | FP20: 2 | FT20: 16 | FU20: サービス管理責任者ﾌﾘｶﾞﾅ | FV20: I22 | FW20: I22 | GC20: 従業員職種-職業指導員 基準上の必要人数 | GD20: I14 | GE20: I14 | GF20: 2 | GK20: 児童デイ-単位5-定員 | GL20: P13 | GM20: P13 | GN20: 2 | GS20: 従業員職種-看護職員 専従 常勤 | GT20: Q8 | GU20: Q8 | GV20: 2 | HA20: 事業開始時の利用者の予定数 | HB20: I20 | HC20: I20 | HD20: 2 | HH20: 14 | HI20: 共同生活住居-敷金 | HJ20: K88 | HK20: K88 | HL20: 2 | HQ20: 共同生活住居-敷金 | HR20: K16 | HS20: K16 | HT20: 2 | HY20: サービス管理責任者 ﾌﾘｶﾞﾅ | HZ20: I21 | IA20: I21 | IG20: サービス管理責任者 ﾌﾘｶﾞﾅ | IH20: I21 | II20: I21
A21: 代表者-住所(ｶﾅ) | D21: 8 | G21: ※不要 | I21: 口座番号 | K21: I41 | L21: 15 | X21: 17 | Y21: 事業所-FAX番号 | AB21: 8 | AE21: ※不要 | AG21: サービス提供責任者氏名 | AH21: I21 | AI21: I21 | AO21: 営業日-土 | AP21: AQ10 | AQ21: AQ10 | AR21: 3 | AS21: FALSE | AW21: サービス管理責任者氏名 | AX21: I21 | AY21: I21 | BD21: 17 | BE21: サービス管理責任者氏名 | BF21: I21 | BG21: I21 | BM21: 従業員職種 管理責任者 専従 常勤 | BN21: N12 | BO21: N12 | BP21: 2 | BU21: サービス管理責任者ﾌﾘｶﾞﾅ | BV21: I20 | BW21: I20 | CB21: 17 | CC21: 事業所種別-空床型 | CD21: AM20 | CE21: AM20 | CF21: 3 | CG21: FALSE | CK21: サービス管理責任者ﾌﾘｶﾞﾅ | CL21: I21 | CM21: I21 | CR21: 17 | CS21: 前年度の平均利用者数 | CT21: I22 | CU21: I22 | CV21: 2 | DA21: 他の社会福祉施設との併設の有無 | DB21: I19 | DC21: I19 | DD21: 4 | DE21: 2 | DI21: 昼間実施サービス-前年度平均利用者数-就労継続支援-A型 | DJ21: AE18 | DK21: AE18 | DL21: 2 | DQ21: 旧法施設からの移行-施設名 | DR21: O24 | DS21: O24 | DY21: サービス管理責任者ﾌﾘｶﾞﾅ | DZ21: I21 | EA21: I21 | EG21: 従業員職種 看護職員 専従 常勤 | EH21: O12 | EI21: O12 | EJ21: 2 | EO21: 管理者-他事業所又は施設従業者との兼務-勤務時間 | EP21: W21 | EQ21: W21 | EW21: 従業員職種 看護職員 専従 常勤 | EX21: O12 | EY21: O12 | EZ21: 2 | FD21: 17 | FE21: サービス管理責任者氏名 | FF21: I23 | FG21: I23 | FM21: 従業員職種-職業指導員 専従 常勤 | FN21: O12 | FO21: O12 | FP21: 2 | FT21: 17 | FU21: サービス管理責任者氏名 | FV21: I23 | FW21: I23 | GC21: 従業員職種-生活支援員 専従 常勤 | GD21: O11 | GE21: O11 | GF21: 2 | GK21: 自立訓練-機能-単位有無 | GL21: AN8 | GM21: AN8 | GN21: 3 | GO21: FALSE | GS21: 従業員職種-看護職員 専従 非常勤 | GT21: Q9 | GU21: Q9 | GV21: 2 | HA21: 相談支援専門員 ﾌﾘｶﾞﾅ | HB21: I21 | HC21: I21 | HH21: 15 | HI21: 共同生活住居-礼金 | HJ21: T88 | HK21: T88 | HL21: 2 | HQ21: 共同生活住居-礼金 | HR21: T16 | HS21: T16 | HT21: 2 | HY21: サービス管理責任者 氏名 | HZ21: I22 | IA21: I22 | IG21: サービス管理責任者 氏名 | IH21: I22 | II21: I22
A22: 代表者-住所(漢字) | C22: G33 | D22: 7 | G22: 住所分割 | I22: 預金種別 | K22: AC41 | L22: 4 | M22: 1 | X22: 18 | Y22: サービス種類コード | Z22: N6 | AA22: L6 | AB22: 11 | AG22: サービス提供責任者郵便番号 | AH22: K22 | AI22: K22 | AJ22: 1 | AO22: 営業日-日 | AP22: AR10 | AQ22: AR10 | AR22: 3 | AS22: FALSE | AW22: サービス管理責任者郵便番号 | AX22: K22 | AY22: K22 | AZ22: 1 | BD22: 18 | BE22: サービス管理責任者郵便番号 | BF22: K22 | BG22: K22 | BH22: 1 | BM22: 従業員職種 管理責任者 専従 非常勤 | BN22: N13 | BO22: N13 | BP22: 2 | BU22: サービス管理責任者氏名 | BV22: I21 | BW22: I21 | CB22: 18 | CC22: 事業所種別-単独型 | CD22: AN20 | CE22: AN20 | CF22: 3 | CG22: FALSE | CK22: サービス管理責任者氏名 | CL22: I22 | CM22: I22 | CR22: 18 | CS22: サービス管理責任者ﾌﾘｶﾞﾅ | CT22: I23 | CU22: I23 | DA22: 併設施設の種別 | DB22: Y19 | DC22: Y19 | DI22: 昼間実施サービス-前年度平均利用者数-就労継続支援-B型 | DJ22: AH18 | DK22: AH18 | DL22: 2 | DQ22: 旧法施設からの移行-施設種別 | DR22: O25 | DS22: O25 | DY22: サービス管理責任者氏名 | DZ22: I22 | EA22: I22 | EG22: 従業員職種 看護職員 専従 非常勤 | EH22: O13 | EI22: O13 | EJ22: 2 | EO22: 訪問事業実施の有無 | EP22: I22 | EQ22: I22 | ER22: 4 | ES22: 2 | EW22: 従業員職種 看護職員 専従 非常勤 | EX22: O13 | EY22: O13 | EZ22: 2 | FD22: 18 | FE22: サービス管理責任者郵便番号 | FF22: K24 | FG22: K24 | FH22: 1 | FM22: 従業員職種-職業指導員 専従 非常勤 | FN22: O13 | FO22: O13 | FP22: 2 | FT22: 18 | FU22: サービス管理責任者郵便番号 | FV22: K24 | FW22: K24 | FX22: 1 | GC22: 従業員職種-生活支援員 専従 非常勤 | GD22: O12 | GE22: O12 | GF22: 2 | GK22: 自立訓練-機能-単位1-定員 | GL22: S9 | GM22: S9 | GN22: 2 | GS22: 従業員職種-看護職員 兼務 常勤 | GT22: S8 | GU22: S8 | GV22: 2 | HA22: 相談支援専門員 氏名 | HB22: I22 | HC22: I22 | HH22: 16 | HI22: 共同生活住居-月額家賃 | HJ22: AD88 | HK22: AD88 | HL22: 2 | HQ22: 共同生活住居-月額家賃 | HR22: AD16 | HS22: AD16 | HT22: 2 | HY22: サービス管理責任者 郵便 | HZ22: K23 | IA22: K23 | IB22: 1 | IG22: サービス管理責任者 郵便 | IH22: K23 | II22: K23 | IJ22: 1
A23: 主たる事業所名称 | C23: G43 | I23: 名義人ﾌﾘｶﾞﾅ | K23: I43 | X23: 19 | Y23: サービス種類単位番号 | AB23: 8 | AE23: ※不要 | AG23: サービス提供責任者住所上段 | AH23: I23 | AI23: I23 | AO23: 営業時間-平日-開始 | AP23: L11 | AQ23: L11 | AW23: サービス管理責任者住所上段 | AX23: I23 | AY23: I23 | BD23: 19 | BE23: サービス管理責任者住所上段 | BF23: I23 | BG23: I23 | BM23: 従業員職種 管理責任者 兼務 常勤 | BN23: P12 | BO23: P12 | BP23: 2 | BU23: サービス管理責任者郵便番号 | BV23: K22 | BW23: K22 | BX23: 1 | CB23: 19 | CC23: 事業所種別-利用定員 | CD23: R21 | CE23: R21 | CF23: 2 | CK23: サービス管理責任者郵便番号 | CL23: K23 | CM23: K23 | CN23: 1 | CR23: 19 | CS23: サービス管理責任者氏名 | CT23: I24 | CU23: I24 | DA23: 併設施設の定員 | DB23: Y20 | DC23: Y20 | DI23: 昼間実施サービス-昼間多機能の有無 | DJ23: I19 | DK23: I19 | DL23: 4 | DM23: 2 | DQ23: 旧法施設からの移行-経過措置の有無 | DR23: O26 | DS23: O26 | DT23: 4 | DU23: 2 | DY23: サービス管理責任者郵便番号 | DZ23: K23 | EA23: K23 | EB23: 1 | EG23: 従業員職種 看護職員 兼務 常勤 | EH23: R12 | EI23: R12 | EJ23: 2 | EO23: サービス管理責任者ﾌﾘｶﾞﾅ | EP23: I23 | EQ23: I23 | EW23: 従業員職種 看護職員 兼務 常勤 | EX23: R12 | EY23: R12 | EZ23: 2 | FD23: 19 | FE23: サービス管理責任者住所上段 | FF23: I25 | FG23: I25 | FM23: 従業員職種-職業指導員 兼務 常勤 | FN23: R12 | FO23: R12 | FP23: 2 | FT23: 19 | FU23: サービス管理責任者住所上段 | FV23: I25 | FW23: I25 | GC23: 従業員職種-生活支援員 兼務 常勤 | GD23: R11 | GE23: R11 | GF23: 2 | GK23: 自立訓練-生活-単位有無 | GL23: AO8 | GM23: AO8 | GN23: 3 | GO23: FALSE | GS23: 従業員職種-看護職員 兼務 非常勤 | GT23: S9 | GU23: S9 | GV23: 2 | HA23: 相談支援専門員 住所 郵便 | HB23: K23 | HC23: K23 | HD23: 1 | HH23: 17 | HI23: 共同生活住居-契約期間 | HJ23: M89 | HK23: M89 | HQ23: 共同生活住居-契約期間 | HR23: M17 | HS23: M17 | HY23: サービス管理責任者 住所 １ | HZ23: I24 | IA23: I24 | IG23: サービス管理責任者 住所 １ | IH23: I24 | II23: I24
A24: 法人種別コード | C24: N5 | G24: VLOOKUPなし | I24: 名義人氏名 | K24: I45 | X24: 20 | Y24: 事業実施区分 | AB24: 8 | AE24: ※不要 | AG24: サービス提供責任者住所下段 | AH24: I24 | AI24: I24 | AO24: 営業時間-平日-終了 | AP24: Q11 | AQ24: Q11 | AW24: サービス管理責任者住所下段 | AX24: I24 | AY24: I24 | BD24: 20 | BE24: サービス管理責任者住所下段 | BF24: I24 | BG24: I24 | BM24: 従業員職種 管理責任者 兼務 非常勤 | BN24: P13 | BO24: P13 | BP24: 2 | BU24: サービス管理責任者住所上段 | BV24: I23 | BW24: I23 | CB24: 20 | CC24: 事業所種別-利用前年度平均入所者数 | CD24: R22 | CE24: R22 | CF24: 2 | CK24: サービス管理責任者住所上段 | CL24: I24 | CM24: I24 | CR24: 20 | CS24: サービス管理責任者郵便番号 | CT24: K25 | CU24: K25 | CV24: 1 | DA24: 従業員職種-責任者 専従 常勤 | DB24: I24 | DC24: I24 | DD24: 2 | DI24: 昼間実施サービス-昼間の総定員数 | DJ24: Y19 | DK24: Y19 | DL24: 2 | DQ24: 旧法施設からの移行-特定旧法受給者数 | DR24: AC26 | DS24: AC26 | DT24: 2 | DY24: サービス管理責任者住所上段 | DZ24: I24 | EA24: I24 | EG24: 従業員職種 看護職員 兼務 非常勤 | EH24: R13 | EI24: R13 | EJ24: 2 | EO24: サービス管理責任者氏名 | EP24: I24 | EQ24: I24 | EW24: 従業員職種 看護職員 兼務 非常勤 | EX24: R13 | EY24: R13 | EZ24: 2 | FD24: 20 | FE24: サービス管理責任者住所下段 | FF24: I26 | FG24: I26 | FM24: 従業員職種-職業指導員 兼務 非常勤 | FN24: R13 | FO24: R13 | FP24: 2 | FT24: 20 | FU24: サービス管理責任者住所下段 | FV24: I26 | FW24: I26 | GC24: 従業員職種-生活支援員 兼務 非常勤 | GD24: R12 | GE24: R12 | GF24: 2 | GK24: 自立訓練-生活-単位1-定員 | GL24: V9 | GM24: V9 | GN24: 2 | GS24: 従業員職種-看護職員 常勤換算後の人数 | GT24: Q10 | GU24: Q10 | GV24: 2 | HA24: 相談支援専門員 住所 １ | HB24: I24 | HC24: I24 | HH24: 18 | HI24: 共同生活住居-賃借料がない理由 | HJ24: Y89 | HK24: Y89 | HQ24: 共同生活住居-賃借料がない理由 | HR24: Y17 | HS24: Y17 | HY24: サービス管理責任者 住所 ２ | HZ24: I25 | IA24: I25 | IG24: サービス管理責任者 住所 ２ | IH24: I25 | II24: I25
A25: 指定／基準該当等事業所区分コード | D25: 8 | G25: ※不要 | I25: 委任状年 | K25: X8 | X25: 21 | Y25: 地域区分コード | AA25: V37 | AG25: 従業者数-居宅介護-専従-常勤 | AH25: I27 | AI25: I27 | AJ25: 2 | AO25: 営業時間-土曜-開始 | AP25: W11 | AQ25: W11 | AW25: 従業員職種 責任者 専従 常勤 | AX25: I27 | AY25: I27 | AZ25: 2 | BD25: 21 | BE25: 従業員職種 責任者 専従 常勤 | BF25: I27 | BG25: I27 | BH25: 2 | BM25: 従業員職種 管理責任者 常勤換算後の人数 | BN25: N14 | BO25: N14 | BP25: 2 | BU25: サービス管理責任者住所下段 | BV25: I24 | BW25: I24 | CB25: 21 | CC25: 併設施設-名称 | CD25: R23 | CE25: R23 | CK25: サービス管理責任者住所下段 | CL25: I25 | CM25: I25 | CR25: 21 | CS25: サービス管理責任者住所上段 | CT25: I26 | CU25: I26 | DA25: 従業員職種-責任者 専従 非常勤 | DB25: I25 | DC25: I25 | DD25: 2 | DI25: 定款・寄付行為等又は条例等 | DJ25: W20 | DK25: W20 | DQ25: 栄養管理体制加算基準 | DR25: I27 | DS25: I27 | DT25: 4 | DU25: 4 | DY25: サービス管理責任者住所下段 | DZ25: I25 | EA25: I25 | EG25: 従業員職種 看護職員 常勤換算後の人数 | EH25: O14 | EI25: O14 | EJ25: 2 | EO25: サービス管理責任者郵便番号 | EP25: K25 | EQ25: K25 | ER25: 1 | EW25: 従業員職種 看護職員 常勤換算後の人数 | EX25: O14 | EY25: O14 | EZ25: 2 | FD25: 21 | FE25: 従業員職種-責任者 専従 常勤 | FF25: I30 | FG25: I30 | FH25: 2 | FM25: 従業員職種-職業指導員 常勤換算後の人数 | FN25: O14 | FO25: O14 | FP25: 2 | FT25: 21 | FU25: 従業員職種-職業指導員 専従 常勤 | FV25: I29 | FW25: I29 | FX25: 2 | GC25: 従業員職種-生活支援員 常勤換算後の人数 | GD25: O13 | GE25: O13 | GF25: 2 | GK25: 就労移行支援-通常-単位有無 | GL25: AP8 | GM25: AP8 | GN25: 3 | GO25: FALSE | GS25: 従業員職種-看護職員 基準上の必要人数 | GT25: Q11 | GU25: Q11 | GV25: 2 | HA25: 相談支援専門員 住所 ２ | HB25: I25 | HC25: I25 | HH25: 19 | HI25: 共同生活住居-住居の利用定員 | HJ25: I90 | HK25: I90 | HQ25: 共同生活住居-住居の利用定員 | HR25: I18 | HS25: I18 | HY25: サービス管理責任者 専従 常勤 | HZ25: I29 | IA25: I29 | IG25: サービス管理責任者 専従 常勤 | IH25: I29 | II25: I29
A26: 社会福祉法人等軽減申し出有無 | C26: AA11 | D26: 10 | E26: FALSE | G26: 有無逆仕様 | I26: 委任状月 | K26: AD8 | X26: 22 | Y26: 事業開始年月日 | AA26: M42 | AG26: 従業者数-居宅介護-専従-非常勤 | AH26: I28 | AI26: I28 | AJ26: 2 | AO26: 営業時間-土曜-終了 | AP26: AB11 | AQ26: AB11 | AW26: 従業員職種 責任者 専従 非常勤 | AX26: I28 | AY26: I28 | AZ26: 2 | BD26: 22 | BE26: 従業員職種 責任者 専従 非常勤 | BF26: I28 | BG26: I28 | BH26: 2 | BM26: 従業員職種 管理責任者 基準上の必要人数 | BN26: N15 | BO26: N15 | BP26: 2 | BU26: 従業員職種 責任者 専従 常勤 | BV26: I27 | BW26: I27 | BX26: 2 | CB26: 22 | CC26: 併設施設-施設種別など | CD26: R24 | CE26: R24 | CK26: 事業所体制-他指定障害福祉ｻｰﾋﾞｽ-種類-１ | CL26: I27 | CM26: I27 | CR26: 22 | CS26: サービス管理責任者住所下段 | CT26: I27 | CU26: I27 | DA26: 従業員職種-責任者 兼務 常勤 | DB26: K24 | DC26: K24 | DD26: 2 | DI26: 生活介護を行う場合-全年度平均利用者数-ｻｰﾋﾞｽ単位1 | DJ26: P22 | DK26: P22 | DL26: 4 | DM26: 4 | DQ26: 新事業移行施設区分 | DR26: AD27 | DS26: AD27 | DT26: 4 | DU26: 2 | DY26: 従業員職種 責任者 専従 常勤 | DZ26: I29 | EA26: I29 | EB26: 2 | EG26: 従業員職種 看護職員 基準上の必要人数 | EH26: O15 | EI26: O15 | EJ26: 2 | EO26: サービス管理責任者住所上段 | EP26: I26 | EQ26: I26 | EW26: 従業員職種 看護職員 基準上の必要人数 | EX26: O15 | EY26: O15 | EZ26: 2 | FD26: 22 | FE26: 従業員職種-責任者 専従 非常勤 | FF26: I31 | FG26: I31 | FH26: 2 | FM26: 従業員職種-職業指導員 基準上の必要人数 | FN26: O15 | FO26: O15 | FP26: 2 | FT26: 22 | FU26: 従業員職種-職業指導員 専従 非常勤 | FV26: I30 | FW26: I30 | FX26: 2 | GC26: 従業員職種-生活支援員 基準上の必要人数 | GD26: O14 | GE26: O14 | GF26: 2 | GK26: 就労移行支援-通常-単位1-定員 | GL26: Y9 | GM26: Y9 | GN26: 2 | GS26: 従業員職種-生活支援員-合計 専従 常勤 | GT26: U8 | GU26: U8 | GV26: 2 | HA26: 相談支援専門員 専従 常勤 | HB26: I29 | HC26: I29 | HH26: 20 | HI26: 共同生活住居-居室数 | HJ26: I91 | HK26: I91 | HQ26: 共同生活住居-居室数 | HR26: I19 | HS26: I19 | HY26: サービス管理責任者 専従 非常勤 | HZ26: I30 | IA26: I30 | IG26: サービス管理責任者 専従 非常勤 | IH26: I30 | II26: I30
A27: 軽減開始年月日 | D27: 8 | G27: ※不要 | I27: 委任状日 | K27: AJ8 | X27: 23 | Y27: 事業休止年月日 | AB27: 8 | AE27: ※不要 | AG27: 従業者数-居宅介護-兼務-常勤 | AH27: L27 | AI27: L27 | AJ27: 2 | AO27: 営業時間-日曜-開始 | AP27: L12 | AQ27: L12 | AW27: 従業員職種 責任者 兼務 常勤 | AX27: L27 | AY27: L27 | AZ27: 2 | BD27: 23 | BE27: 従業員職種 責任者 兼務 常勤 | BF27: K27 | BG27: K27 | BH27: 2 | BM27: 従業員職種 看護職員 専従 常勤 | BN27: S12 | BO27: S12 | BP27: 2 | BU27: 従業員職種 責任者 専従 非常勤 | BV27: I28 | BW27: I28 | BX27: 2 | CB27: 23 | CC27: 併設施設-入所者の定員 | CD27: R25 | CE27: R25 | CF27: 2 | CK27: 事業所体制-他指定障害福祉ｻｰﾋﾞｽ-事業所名-１ | CL27: Q27 | CM27: Q27 | CR27: 23 | CS27: 従業員職種-世話人 専従 常勤 | CT27: I30 | CU27: I30 | CV27: 2 | DA27: 従業員職種-責任者 兼務 非常勤 | DB27: K25 | DC27: K25 | DD27: 2 | DI27: 生活介護を行う場合-全年度平均利用者数-ｻｰﾋﾞｽ単位2 | DJ27: P23 | DK27: P23 | DL27: 4 | DM27: 4 | DQ27: 保障単位数 | DR27: I28 | DS27: I28 | DY27: 従業員職種 責任者 専従 非常勤 | DZ27: I30 | EA27: I30 | EB27: 2 | EG27: 従業員職種 理学-理学・作業療法士 専従 常勤 | EH27: U12 | EI27: U12 | EJ27: 2 | EO27: サービス管理責任者住所下段 | EP27: I27 | EQ27: I27 | EW27: 従業員職種-生活支援員-通所 専従 常勤 | EX27: U12 | EY27: U12 | EZ27: 2 | FD27: 23 | FE27: 従業員職種-責任者 兼務 常勤 | FF27: L30 | FG27: L30 | FH27: 2 | FM27: 従業員職種-生活支援員 専従 常勤 | FN27: U12 | FO27: U12 | FP27: 2 | FT27: 23 | FU27: 従業員職種-職業指導員 兼務 常勤 | FV27: L29 | FW27: L29 | FX27: 2 | GC27: 従業員職種-空き１ 専従 常勤 | GD27: U11 | GE27: U11 | GF27: 2 | GK27: 就労移行支援-資格-単位有無 | GL27: AQ8 | GM27: AQ8 | GN27: 3 | GO27: FALSE | GS27: 従業員職種-生活支援員-合計 専従 非常勤 | GT27: U9 | GU27: U9 | GV27: 2 | HA27: 相談支援専門員 専従 非常勤 | HB27: I30 | HC27: I30 | HH27: 21 | HI27: 共同生活住居-うち個室 | HJ27: X91 | HK27: X91 | HQ27: 共同生活住居-うち個室 | HR27: X19 | HS27: X19 | HY27: サービス管理責任者 兼務 常勤 | HZ27: L29 | IA27: L29 | IG27: サービス管理責任者 兼務 常勤 | IH27: L29 | II27: L29
A28: 法人所轄庁 | C28: R29 | I28: 委任者 | K28: I53 | L28: 8 | O28: ※不要 | X28: 24 | Y28: 事業廃止年月日 | AB28: 8 | AE28: ※不要 | AG28: 従業者数-居宅介護-兼務-非常勤 | AH28: L28 | AI28: L28 | AJ28: 2 | AO28: 営業時間-日曜-終了 | AP28: Q12 | AQ28: Q12 | AW28: 従業員職種 責任者 兼務 非常勤 | AX28: L28 | AY28: L28 | AZ28: 2 | BD28: 24 | BE28: 従業員職種 責任者 兼務 非常勤 | BF28: K28 | BG28: K28 | BH28: 2 | BM28: 従業員職種 看護職員 専従 非常勤 | BN28: S13 | BO28: S13 | BP28: 2 | BU28: 従業員職種 責任者 兼務 常勤 | BV28: L27 | BW28: L27 | BX28: 2 | CB28: 24 | CC28: 単独事業所居室-1室の最大定員 | CD28: R26 | CE28: R26 | CF28: 2 | CK28: 事業所体制-他指定障害福祉ｻｰﾋﾞｽ-事業所番号-１ | CL28: AE27 | CM28: AE27 | CR28: 24 | CS28: 従業員職種-世話人 専従 非常勤 | CT28: I31 | CU28: I31 | CV28: 2 | DA28: 従業員職種-責任者 常勤換算後の人数 | DB28: I26 | DC28: I26 | DD28: 2 | DI28: 生活介護を行う場合-全年度平均利用者数-ｻｰﾋﾞｽ単位3 | DJ28: P24 | DK28: P24 | DL28: 4 | DM28: 4 | DQ28: 単位1-施設障害福祉サービスの種類 | DR28: I42 | DS28: I42 | DY28: 従業員職種 責任者 兼務 常勤 | DZ28: L29 | EA28: L29 | EB28: 2 | EG28: 従業員職種 理学-理学・作業療法士 専従 非常勤 | EH28: U13 | EI28: U13 | EJ28: 2 | EO28: 従業員職種 責任者 専従 常勤 | EP28: I31 | EQ28: I31 | ER28: 2 | EW28: 従業員職種-生活支援員-通所 専従 非常勤 | EX28: U13 | EY28: U13 | EZ28: 2 | FD28: 24 | FE28: 従業員職種-責任者 兼務 非常勤 | FF28: L31 | FG28: L31 | FH28: 2 | FM28: 従業員職種-生活支援員 専従 非常勤 | FN28: U13 | FO28: U13 | FP28: 2 | FT28: 24 | FU28: 従業員職種-職業指導員 兼務 非常勤 | FV28: L30 | FW28: L30 | FX28: 2 | GC28: 従業員職種-空き１ 専従 非常勤 | GD28: U12 | GE28: U12 | GF28: 2 | GK28: 就労移行支援-資格-単位1-定員 | GL28: AB9 | GM28: AB9 | GN28: 2 | GS28: 従業員職種-生活支援員-合計 兼務 常勤 | GT28: W8 | GU28: W8 | GV28: 2 | HA28: 相談支援専門員 兼務 常勤 | HB28: L29 | HC28: L29 | HH28: 22 | HI28: 共同生活住居-入居者一人あたり居室最小床面積 | HJ28: R92 | HK28: R92 | HL28: 2 | HQ28: 共同生活住居-入居者一人あたり居室最小床面積 | HR28: R20 | HS28: R20 | HT28: 2 | HY28: サービス管理責任者 兼務 非常勤 | HZ28: L30 | IA28: L30 | IG28: サービス管理責任者 兼務 非常勤 | IH28: L30 | II28: L30
A29: 事業所・施設の種類 名称ｶﾅ | D29: 8 | G29: ※不要 | X29: 25 | Y29: 事業再開年月日 | AB29: 8 | AE29: ※不要 | AG29: 常勤換算後の人数-居宅介護 | AH29: I29 | AI29: I29 | AJ29: 2 | AO29: 営業時間-祝日-開始 | AP29: W12 | AQ29: W12 | AW29: 従業員職種 責任者 常勤換算後の人数 | AX29: I29 | AY29: I29 | AZ29: 2 | BD29: 25 | BE29: 従業員職種 責任者 常勤換算後の人数 | BF29: I29 | BG29: I29 | BH29: 2 | BM29: 従業員職種 看護職員 兼務 常勤 | BN29: U12 | BO29: U12 | BP29: 2 | BU29: 従業員職種 責任者 兼務 非常勤 | BV29: L28 | BW29: L28 | BX29: 2 | CB29: 25 | CC29: 単独事業所居室-入居者一人あたり最小床面積 | CD29: R27 | CE29: R27 | CF29: 2 | CK29: 事業所体制-他指定障害福祉ｻｰﾋﾞｽ-種類-２ | CL29: I28 | CM29: I28 | CR29: 25 | CS29: 従業員職種-世話人 兼務 常勤 | CT29: L30 | CU29: L30 | CV29: 2 | DA29: 従業員職種-責任者 基準上の必要人数 | DB29: I27 | DC29: I27 | DD29: 2 | DI29: 生活介護を行う場合-全年度平均利用者数-ｻｰﾋﾞｽ単位4 | DJ29: P25 | DK29: P25 | DL29: 4 | DM29: 4 | DQ29: 単位1-単位番号 | DR29: AI42 | DS29: AI42 | DT29: 14 | DU29: 000 | DY29: 従業員職種 責任者 兼務 非常勤 | DZ29: L30 | EA29: L30 | EB29: 2 | EG29: 従業員職種 理学-理学・作業療法士 兼務 常勤 | EH29: X12 | EI29: X12 | EJ29: 2 | EO29: 従業員職種 責任者 専従 非常勤 | EP29: I32 | EQ29: I32 | ER29: 2 | EW29: 従業員職種-生活支援員-通所 兼務 常勤 | EX29: X12 | EY29: X12 | EZ29: 2 | FD29: 25 | FE29: 従業員職種-責任者 常勤換算後の人数 | FF29: I32 | FG29: I32 | FH29: 2 | FM29: 従業員職種-生活支援員 兼務 常勤 | FN29: X12 | FO29: X12 | FP29: 2 | FT29: 25 | FU29: 従業員職種-職業指導員 常勤換算後の人数 | FV29: I31 | FW29: I31 | FX29: 2 | GC29: 従業員職種-空き１ 兼務 常勤 | GD29: X11 | GE29: X11 | GF29: 2 | GK29: 就労継続支援-Ａ型-単位有無 | GL29: AR8 | GM29: AR8 | GN29: 3 | GO29: FALSE | GS29: 従業員職種-生活支援員-合計 兼務 非常勤 | GT29: W9 | GU29: W9 | GV29: 2 | HA29: 相談支援専門員 兼務 非常勤 | HB29: L30 | HC29: L30 | HH29: 23 | HI29: 共同生活住居-主たる対象者-知的障害者 | HJ29: AL93 | HK29: AL93 | HL29: 3 | HM29: FALSE | HQ29: 共同生活住居-主たる対象者-知的障害者 | HR29: AL21 | HS29: AL21 | HT29: 3 | HU29: FALSE | HY29: サービス管理責任者 常勤換算後の人数 | HZ29: I31 | IA29: I31 | IG29: サービス管理責任者 常勤換算後の人数 | IH29: I31 | II29: I31
A30: 事業所・施設の種類 名称漢字 | D30: 8 | G30: ※不要 | X30: 26 | Y30: 適用年月日 | AB30: 8 | AE30: ※不要 | AG30: 基準上の必要人数-居宅介護 | AH30: I30 | AI30: I30 | AJ30: 2 | AO30: 営業時間-祝日-終了 | AP30: AB12 | AQ30: AB12 | AW30: 従業員職種 責任者 基準上の必要人数 | AX30: I30 | AY30: I30 | AZ30: 2 | BD30: 26 | BE30: 従業員職種 責任者 基準上の必要人数 | BF30: I30 | BG30: I30 | BH30: 2 | BM30: 従業員職種 看護職員 兼務 非常勤 | BN30: U13 | BO30: U13 | BP30: 2 | BU30: 従業員職種 責任者 常勤換算後の人数 | BV30: I29 | BW30: I29 | BX30: 2 | CB30: 26 | CC30: 従業員職種-責任者 専従 常勤 | CD30: I31 | CE30: I31 | CF30: 2 | CK30: 事業所体制-他指定障害福祉ｻｰﾋﾞｽ-事業所名-２ | CL30: Q28 | CM30: Q28 | CR30: 26 | CS30: 従業員職種-世話人 兼務 非常勤 | CT30: L31 | CU30: L31 | CV30: 2 | DA30: 従業員職種-医師 専従 常勤 | DB30: M24 | DC30: M24 | DD30: 2 | DI30: 利用料 | DJ30: I26 | DK30: I26 | DQ30: 単位1-責任者 専従 常勤 | DR30: I45 | DS30: I45 | DT30: 2 | DY30: 従業員職種 責任者 常勤換算後の人数 | DZ30: I31 | EA30: I31 | EB30: 2 | EG30: 従業員職種 理学-理学・作業療法士 兼務 非常勤 | EH30: X13 | EI30: X13 | EJ30: 2 | EO30: 従業員職種 責任者 兼務 常勤 | EP30: L31 | EQ30: L31 | ER30: 2 | EW30: 従業員職種-生活支援員-通所 兼務 非常勤 | EX30: X13 | EY30: X13 | EZ30: 2 | FD30: 26 | FE30: 従業員職種-責任者 基準上の必要人数 | FF30: I33 | FG30: I33 | FH30: 2 | FM30: 従業員職種-生活支援員 兼務 非常勤 | FN30: X13 | FO30: X13 | FP30: 2 | FT30: 26 | FU30: 従業員職種-職業指導員 基準上の必要人数 | FV30: I32 | FW30: I32 | FX30: 2 | GC30: 従業員職種-空き１ 兼務 非常勤 | GD30: X12 | GE30: X12 | GF30: 2 | GK30: 就労継続支援-Ａ型-単位1-定員 | GL30: AE9 | GM30: AE9 | GN30: 2 | GS30: 従業員職種-生活支援員-合計 常勤換算後の人数 | GT30: U10 | GU30: U10 | GV30: 2 | HA30: 相談支援専門員 常勤換算後の人数 | HB30: I31 | HC30: I31 | HH30: 24 | HI30: 共同生活住居-主たる対象者-精神障害者 | HJ30: AM93 | HK30: AM93 | HL30: 3 | HM30: FALSE | HQ30: 共同生活住居-主たる対象者-精神障害者 | HR30: AM21 | HS30: AM21 | HT30: 3 | HU30: FALSE | HY30: サービス管理責任者 基準上の必要人数 | HZ30: I32 | IA30: I32 | IG30: サービス管理責任者 基準上の必要人数 | IH30: I32 | II30: I32
A31: 事業所・施設の種類 所在地郵便 | D31: 8 | G31: ※不要 | X31: 27 | Y31: 施設等の区分 | AB31: 8 | AE31: ※不要 | AG31: 従業者数-その他-専従-常勤 | AH31: O27 | AI31: O27 | AJ31: 2 | AO31: 営業時間-備考 | AP31: AE12 | AQ31: AE12 | AW31: 従業員職種 医師 専従 常勤 | AX31: O27 | AY31: O27 | AZ31: 2 | BD31: 27 | BE31: 単位１ 医師 専従 常勤 | BF31: N27 | BG31: N27 | BH31: 2 | BM31: 従業員職種 看護職員 常勤換算後の人数 | BN31: S14 | BO31: S14 | BP31: 2 | BU31: 従業員職種 責任者 基準上の必要人数 | BV31: I30 | BW31: I30 | BX31: 2 | CB31: 27 | CC31: 従業員職種-責任者 専従 非常勤 | CD31: I32 | CE31: I32 | CF31: 2 | CK31: 事業所体制-他指定障害福祉ｻｰﾋﾞｽ-事業所番号-２ | CL31: AE28 | CM31: AE28 | CR31: 27 | CS31: 従業員職種-世話人 常勤換算後の人数 | CT31: I32 | CU31: I32 | CV31: 2 | DA31: 従業員職種-医師 専従 非常勤 | DB31: M25 | DC31: M25 | DD31: 2 | DI31: その他費用 | DJ31: I27 | DK31: I27 | DQ31: 単位1-責任者 専従 非常勤 | DR31: I46 | DS31: I46 | DT31: 2 | DY31: 従業員職種 責任者 基準上の必要人数 | DZ31: I32 | EA31: I32 | EB31: 2 | EG31: 従業員職種 理学-理学・作業療法士 常勤換算後の人数 | EH31: U14 | EI31: U14 | EJ31: 2 | EO31: 従業員職種 責任者 兼務 非常勤 | EP31: L32 | EQ31: L32 | ER31: 2 | EW31: 従業員職種-生活支援員-通所 常勤換算後の人数 | EX31: U14 | EY31: U14 | EZ31: 2 | FD31: 27 | FE31: 従業員職種-職業指導員 専従 常勤 | FF31: O30 | FG31: O30 | FH31: 2 | FM31: 従業員職種-生活支援員 常勤換算後の人数 | FN31: U14 | FO31: U14 | FP31: 2 | FT31: 27 | FU31: 従業員職種-生活支援員 専従 常勤 | FV31: O29 | FW31: O29 | FX31: 2 | GC31: 従業員職種-空き１ 常勤換算後の人数 | GD31: U13 | GE31: U13 | GF31: 2 | GK31: 就労継続支援-Ｂ型-単位有無 | GL31: AS8 | GM31: AS8 | GN31: 3 | GO31: FALSE | GS31: 従業員職種-生活支援員-合計 基準上の必要人数 | GT31: U11 | GU31: U11 | GV31: 2 | HA31: 相談支援専門員 基準上の必要人数 | HB31: I32 | HC31: I32 | HH31: 25 | HI31: 共同生活住居-利用料 | HJ31: I94 | HK31: I94 | HQ31: 共同生活住居-利用料 | HR31: I22 | HS31: I22 | HY31: 地域生活支援員 専従 常勤 | HZ31: O29 | IA31: O29 | IG31: 就労定着支援員 専従 常勤 | IH31: O29 | II31: O29
A32: 事業所・施設の種類 所在地住所 | D32: 8 | G32: ※不要 | X32: 28 | Y32: 人員配置区分 | AB32: 8 | AE32: ※不要 | AG32: 従業者数-その他-専従-非常勤 | AH32: O28 | AI32: O28 | AJ32: 2 | AO32: サービス内容-身体介護 | AP32: AL13 | AQ32: AL13 | AR32: 3 | AS32: FALSE | AW32: 従業員職種 医師 専従 非常勤 | AX32: O28 | AY32: O28 | AZ32: 2 | BD32: 28 | BE32: 単位１ 医師 専従 非常勤 | BF32: N28 | BG32: N28 | BH32: 2 | BM32: 従業員職種 看護職員 基準上の必要人数 | BN32: S15 | BO32: S15 | BP32: 2 | BU32: 単位１ 指導員 専従 常勤 | BV32: I33 | BW32: I33 | BX32: 2 | CB32: 28 | CC32: 従業員職種-責任者 兼務 常勤 | CD32: K31 | CE32: K31 | CF32: 2 | CK32: 事業所体制-他指定障害福祉ｻｰﾋﾞｽ-種類-３ | CL32: I29 | CM32: I29 | CR32: 28 | CS32: 従業員職種-世話人 基準上の必要人数 | CT32: I33 | CU32: I33 | CV32: 2 | DA32: 従業員職種-医師 兼務 常勤 | DB32: O24 | DC32: O24 | DD32: 2 | DI32: 通常の事業の実施地域-1-1 上左 | DJ32: I28 | DK32: I28 | DQ32: 単位1-責任者 兼務 常勤 | DR32: L45 | DS32: L45 | DT32: 2 | DY32: 従業員職種 看護職員 専従 常勤 | DZ32: O29 | EA32: O29 | EB32: 2 | EG32: 従業員職種 理学-理学・作業療法士 基準上の必要人数 | EH32: U15 | EI32: U15 | EJ32: 2 | EO32: 従業員職種 責任者 常勤換算後の人数 | EP32: I33 | EQ32: I33 | ER32: 2 | EW32: 従業員職種-生活支援員-通所 基準上の必要人数 | EX32: U15 | EY32: U15 | EZ32: 2 | FD32: 28 | FE32: 従業員職種-職業指導員 専従 非常勤 | FF32: O31 | FG32: O31 | FH32: 2 | FM32: 従業員職種-生活支援員 基準上の必要人数 | FN32: U15 | FO32: U15 | FP32: 2 | FT32: 28 | FU32: 従業員職種-生活支援員 専従 非常勤 | FV32: O30 | FW32: O30 | FX32: 2 | GC32: 従業員職種-空き１ 基準上の必要人数 | GD32: U14 | GE32: U14 | GF32: 2 | GK32: 就労継続支援-Ｂ型-単位1-定員 | GL32: AH9 | GM32: AH9 | GN32: 2 | GS32: 従業員職種-生活支援員-通所 専従 常勤 | GT32: Y8 | GU32: Y8 | GV32: 2 | HA32: その他の者 専従 常勤 | HB32: O29 | HC32: O29 | HH32: 26 | HI32: 共同生活住居-その他費用 | HJ32: I95 | HK32: I95 | HQ32: 共同生活住居-その他費用 | HR32: I23 | HS32: I23 | HY32: 地域生活支援員 専従 非常勤 | HZ32: O30 | IA32: O30 | IG32: 就労定着支援員 専従 非常勤 | IH32: O30 | II32: O30
A33: 事業所・施設の種類 事業開始予定年月日 | C33: M42 | X33: 29 | Y33: 定員区分 | AB33: 8 | AE33: ※不要 | AG33: 従業者数-その他-兼務-常勤 | AH33: R27 | AI33: R27 | AJ33: 2 | AO33: サービス内容-乗降介助 | AP33: AM13 | AQ33: AM13 | AR33: 3 | AS33: FALSE | AW33: 従業員職種 医師 兼務 常勤 | AX33: R27 | AY33: R27 | AZ33: 2 | BD33: 29 | BE33: 単位１ 医師 兼務 常勤 | BF33: P27 | BG33: P27 | BH33: 2 | BM33: 従業員職種 理学療法士 専従 常勤 | BN33: X12 | BO33: X12 | BP33: 2 | BU33: 単位１ 指導員 専従 非常勤 | BV33: I34 | BW33: I34 | BX33: 2 | CB33: 29 | CC33: 従業員職種-責任者 兼務 非常勤 | CD33: K32 | CE33: K32 | CF33: 2 | CK33: 事業所体制-他指定障害福祉ｻｰﾋﾞｽ-事業所名-３ | CL33: Q29 | CM33: Q29 | CR33: 29 | CS33: 従業員職種-生活支援員 専従 常勤 | CT33: O30 | CU33: O30 | CV33: 2 | DA33: 従業員職種-医師 兼務 非常勤 | DB33: O25 | DC33: O25 | DD33: 2 | DI33: 通常の事業の実施地域-1-2 上右 | DJ33: N28 | DK33: N28 | DQ33: 単位1-責任者 兼務 非常勤 | DR33: L46 | DS33: L46 | DT33: 2 | DY33: 従業員職種 看護職員 専従 非常勤 | DZ33: O30 | EA33: O30 | EB33: 2 | EG33: 従業員職種 理学-機能訓練指導員 専従 常勤 | EH33: AA12 | EI33: AA12 | EJ33: 2 | EO33: 従業員職種 責任者 基準上の必要人数 | EP33: I34 | EQ33: I34 | ER33: 2 | EW33: 従業員職種-生活支援員-訪問 専従 常勤 | EX33: AA12 | EY33: AA12 | EZ33: 2 | FD33: 29 | FE33: 従業員職種-職業指導員 兼務 常勤 | FF33: R30 | FG33: R30 | FH33: 2 | FM33: 従業員職種-就労支援員 専従 常勤 | FN33: AA12 | FO33: AA12 | FP33: 2 | FT33: 29 | FU33: 従業員職種-生活支援員 兼務 常勤 | FV33: R29 | FW33: R29 | FX33: 2 | GC33: 従業員職種-空き２ 専従 常勤 | GD33: AA11 | GE33: AA11 | GF33: 2 | GK33: 定員緩和措置の有無 | GL33: I14 | GM33: I14 | GN33: 4 | GO33: 2 | GS33: 従業員職種-生活支援員-通所 専従 非常勤 | GT33: Y9 | GU33: Y9 | GV33: 2 | HA33: その他の者 専従 非常勤 | HB33: O30 | HC33: O30 | HH33: 27 | HI33: 共同生活住居-重度障害者支援加算 | HJ33: I96 | HK33: I96 | HO33: ※未使用 | HQ33: 共同生活住居-重度障害者支援加算 | HR33: I24 | HS33: I24 | HW33: ※未使用 | HY33: 地域生活支援員 兼務 常勤 | HZ33: R29 | IA33: R29 | IG33: 就労定着支援員 兼務 常勤 | IH33: R29 | II33: R29
A34: 事業所・施設の種類 備考 | C34: T42 | X34: 30 | Y34: 送迎サービス実施の有無 | AB34: 8 | AE34: ※不要 | AG34: 従業者数-その他-兼務-非常勤 | AH34: R28 | AI34: R28 | AJ34: 2 | AO34: サービス内容-家事援助 | AP34: AN13 | AQ34: AN13 | AR34: 3 | AS34: FALSE | AW34: 従業員職種 医師 兼務 非常勤 | AX34: R28 | AY34: R28 | AZ34: 2 | BD34: 30 | BE34: 単位１ 医師 兼務 非常勤 | BF34: P28 | BG34: P28 | BH34: 2 | BM34: 従業員職種 理学療法士 専従 非常勤 | BN34: X13 | BO34: X13 | BP34: 2 | BU34: 単位１ 指導員 兼務 常勤 | BV34: L33 | BW34: L33 | BX34: 2 | CB34: 30 | CC34: 従業員職種-責任者 常勤換算後の人数 | CD34: I33 | CE34: I33 | CF34: 2 | CK34: 事業所体制-他指定障害福祉ｻｰﾋﾞｽ-事業所番号-３ | CL34: AE29 | CM34: AE29 | CR34: 30 | CS34: 従業員職種-生活支援員 専従 非常勤 | CT34: O31 | CU34: O31 | CV34: 2 | DA34: 従業員職種-医師 常勤換算後の人数 | DB34: M26 | DC34: M26 | DD34: 2 | DI34: 通常の事業の実施地域-1-3 下 | DJ34: I29 | DK34: I29 | DQ34: 単位1-責任者 常勤換算後の人数 | DR34: I47 | DS34: I47 | DT34: 2 | DY34: 従業員職種 看護職員 兼務 常勤 | DZ34: R29 | EA34: R29 | EB34: 2 | EG34: 従業員職種 理学-機能訓練指導員 専従 非常勤 | EH34: AA13 | EI34: AA13 | EJ34: 2 | EO34: 従業員職種 看護職員 専従 常勤 | EP34: O31 | EQ34: O31 | ER34: 2 | EW34: 従業員職種-生活支援員-訪問 専従 非常勤 | EX34: AA13 | EY34: AA13 | EZ34: 2 | FD34: 30 | FE34: 従業員職種-職業指導員 兼務 非常勤 | FF34: R31 | FG34: R31 | FH34: 2 | FM34: 従業員職種-就労支援員 専従 非常勤 | FN34: AA13 | FO34: AA13 | FP34: 2 | FT34: 30 | FU34: 従業員職種-生活支援員 兼務 非常勤 | FV34: R30 | FW34: R30 | FX34: 2 | GC34: 従業員職種-空き２ 専従 非常勤 | GD34: AA12 | GE34: AA12 | GF34: 2 | GK34: 申請に係る事業所-ﾌﾘｶﾞﾅ | GL34: I15 | GM34: I15 | GS34: 従業員職種-生活支援員-通所 兼務 常勤 | GT34: AA8 | GU34: AA8 | GV34: 2 | HA34: その他の者 兼務 常勤 | HB34: R29 | HC34: R29 | HH34: 28 | HI34: 共同生活住居-小規模事業加算 | HJ34: T96 | HK34: T96 | HL34: 4 | HM34: 3 | HQ34: 共同生活住居-小規模事業加算 | HR34: T24 | HS34: T24 | HT34: 4 | HU34: 3 | HY34: 地域生活支援員 兼務 非常勤 | HZ34: R30 | IA34: R30 | IG34: 就労定着支援員 兼務 非常勤 | IH34: R30 | II34: R30
A35: 既指定サービスの種類 | C35: J44 | X35: 31 | Y35: 利用定員数 | AB35: 8 | AE35: ※不要 | AG35: 常勤換算後の人数-その他 | AH35: O29 | AI35: O29 | AJ35: 2 | AO35: サービス内容-重度訪問介護 | AP35: AL14 | AQ35: AL14 | AR35: 3 | AS35: FALSE | AW35: 従業員職種 医師 常勤換算後の人数 | AX35: O29 | AY35: O29 | AZ35: 2 | BD35: 31 | BE35: 単位１ 医師 常勤換算後の人数 | BF35: N29 | BG35: N29 | BH35: 2 | BM35: 従業員職種 理学療法士 兼務 常勤 | BN35: Z12 | BO35: Z12 | BP35: 2 | BU35: 単位１ 指導員 兼務 非常勤 | BV35: L34 | BW35: L34 | BX35: 2 | CB35: 31 | CC35: 従業員職種-責任者 基準上の必要人数 | CD35: I34 | CE35: I34 | CF35: 2 | CK35: 事業所体制-他指定障害福祉ｻｰﾋﾞｽ-種類-４ | CL35: I30 | CM35: I30 | CR35: 31 | CS35: 従業員職種-生活支援員 兼務 常勤 | CT35: R30 | CU35: R30 | CV35: 2 | DA35: 従業員職種-医師 基準上の必要人数 | DB35: M27 | DC35: M27 | DD35: 2 | DI35: 通常の事業の実施地域-2-1 上左 | DJ35: P28 | DK35: P28 | DQ35: 単位1-責任者 基準上の必要人数 | DR35: I48 | DS35: I48 | DT35: 2 | DY35: 従業員職種 看護職員 兼務 非常勤 | DZ35: R30 | EA35: R30 | EB35: 2 | EG35: 従業員職種 理学-機能訓練指導員 兼務 常勤 | EH35: AC12 | EI35: AC12 | EJ35: 2 | EO35: 従業員職種 看護職員 専従 非常勤 | EP35: O32 | EQ35: O32 | ER35: 2 | EW35: 従業員職種-生活支援員-訪問 兼務 常勤 | EX35: AC12 | EY35: AC12 | EZ35: 2 | FD35: 31 | FE35: 従業員職種-職業指導員 常勤換算後の人数 | FF35: O32 | FG35: O32 | FH35: 2 | FM35: 従業員職種-就労支援員 兼務 常勤 | FN35: AC12 | FO35: AC12 | FP35: 2 | FT35: 31 | FU35: 従業員職種-生活支援員 常勤換算後の人数 | FV35: O31 | FW35: O31 | FX35: 2 | GC35: 従業員職種-空き２ 兼務 常勤 | GD35: AD11 | GE35: AD11 | GF35: 2 | GK35: 申請に係る事業所-名称 | GL35: I16 | GM35: I16 | GS35: 従業員職種-生活支援員-通所 兼務 非常勤 | GT35: AA9 | GU35: AA9 | GV35: 2 | HA35: その他の者 兼務 非常勤 | HB35: R30 | HC35: R30 | HH35: 29 | HI35: 共同生活住居-ＣＨ夜間支援体制加算 | HJ35: AM96 | HK35: AM96 | HL35: 5 | HM35: 00 | HN35: ＣＨ夜間支援体制加算 | HO35: コンボボックス | HQ35: 共同生活住居-ＣＨ夜間支援体制加算 | HR35: AM24 | HS35: AM24 | HT35: 5 | HU35: 00 | HV35: ＣＨ夜間支援体制加算 | HW35: ※未使用 | HY35: 地域生活支援員 常勤換算後の人数 | HZ35: O31 | IA35: O31 | IG35: 就労定着支援員 常勤換算後の人数 | IH35: O31 | II35: O31
A36: 既指定事業所番号 | C36: S44 | X36: 32 | Y36: 分場施設区分 | AB36: 8 | AE36: ※不要 | AG36: 基準上の必要人数-その他 | AH36: O30 | AI36: O30 | AJ36: 2 | AO36: サービス内容-行動援護 | AP36: AM14 | AQ36: AM14 | AR36: 3 | AS36: FALSE | AW36: 従業員職種 医師 基準上の必要人数 | AX36: O30 | AY36: O30 | AZ36: 2 | BD36: 32 | BE36: 単位１ 医師 基準上の必要人数 | BF36: N30 | BG36: N30 | BH36: 2 | BM36: 従業員職種 理学療法士 兼務 非常勤 | BN36: Z13 | BO36: Z13 | BP36: 2 | BU36: 単位１ 指導員 常勤換算後の人数 | BV36: I35 | BW36: I35 | BX36: 2 | CB36: 32 | CC36: 従業員職種-医師 専従 常勤 | CD36: M31 | CE36: M31 | CF36: 2 | CK36: 事業所体制-他指定障害福祉ｻｰﾋﾞｽ-事業所名-４ | CL36: Q30 | CM36: Q30 | CR36: 32 | CS36: 従業員職種-生活支援員 兼務 非常勤 | CT36: R31 | CU36: R31 | CV36: 2 | DA36: 従業員職種-看護-合計 専従 常勤 | DB36: Q24 | DC36: Q24 | DD36: 2 | DI36: 通常の事業の実施地域-2-2 上右 | DJ36: U28 | DK36: U28 | DQ36: 単位1-生活支援員 専従 常勤 | DR36: O45 | DS36: O45 | DT36: 2 | DY36: 従業員職種 看護職員 常勤換算後の人数 | DZ36: O31 | EA36: O31 | EB36: 2 | EG36: 従業員職種 理学-機能訓練指導員 兼務 非常勤 | EH36: AC13 | EI36: AC13 | EJ36: 2 | EO36: 従業員職種 看護職員 兼務 常勤 | EP36: R31 | EQ36: R31 | ER36: 2 | EW36: 従業員職種-生活支援員-訪問 兼務 非常勤 | EX36: AC13 | EY36: AC13 | EZ36: 2 | FD36: 32 | FE36: 従業員職種-職業指導員 基準上の必要人数 | FF36: O33 | FG36: O33 | FH36: 2 | FM36: 従業員職種-就労支援員 兼務 非常勤 | FN36: AC13 | FO36: AC13 | FP36: 2 | FT36: 32 | FU36: 従業員職種-生活支援員 基準上の必要人数 | FV36: O32 | FW36: O32 | FX36: 2 | GC36: 従業員職種-空き２ 兼務 非常勤 | GD36: AD12 | GE36: AD12 | GF36: 2 | GK36: 申請に係る事業所-郵便番号 | GL36: K17 | GM36: K17 | GN36: 1 | GS36: 従業員職種-生活支援員-通所 常勤換算後の人数 | GT36: Y10 | GU36: Y10 | GV36: 2 | HA36: その他の者 常勤換算後の人数 | HB36: O31 | HC36: O31 | HH36: 30 | HI36: 共同生活住居-夜間支援体制加算（小規模） | HJ36: AM97 | HK36: AM97 | HL36: 5 | HM36: 00 | HN36: 夜間支援対象利用者数_小規模 | HO36: コンボボックス | HQ36: 共同生活住居-夜間支援体制加算（小規模） | HR36: AM25 | HS36: AM25 | HT36: 5 | HU36: 00 | HV36: 夜間支援対象利用者数_小規模 | HW36: ※未使用 | HY36: 地域生活支援員 基準上の必要人数 | HZ36: O32 | IA36: O32 | IG36: 就労定着支援員 基準上の必要人数 | IH36: O32 | II36: O32
A37: 既指定事業所名称 | C37: J45 | X37: 33 | Y37: 旧法施設定員数 | AB37: 8 | AE37: ※不要 | AG37: 営業日-月 | AH37: AL31 | AI37: AL31 | AJ37: 3 | AK37: FALSE | AO37: 主たる対象者-居宅介護-特定なし | AP37: AL16 | AQ37: AL16 | AR37: 3 | AS37: FALSE | AW37: 単位１ 生活支援員 専従 常勤 | AX37: I33 | AY37: I33 | AZ37: 2 | BD37: 33 | BE37: 単位１ 看護 専従 常勤 | BF37: I33 | BG37: I33 | BH37: 2 | BM37: 従業員職種 理学療法士 常勤換算後の人数 | BN37: X14 | BO37: X14 | BP37: 2 | BU37: 単位１ 指導員 基準上の必要人数 | BV37: I36 | BW37: I36 | BX37: 2 | CB37: 33 | CC37: 従業員職種-医師 専従 非常勤 | CD37: M32 | CE37: M32 | CF37: 2 | CK37: 事業所体制-他指定障害福祉ｻｰﾋﾞｽ-事業所番号-４ | CL37: AE30 | CM37: AE30 | CR37: 33 | CS37: 従業員職種-生活支援員 常勤換算後の人数 | CT37: O32 | CU37: O32 | CV37: 2 | DA37: 従業員職種-看護-合計 専従 非常勤 | DB37: Q25 | DC37: Q25 | DD37: 2 | DI37: 通常の事業の実施地域-2-3 下 | DJ37: P29 | DK37: P29 | DQ37: 単位1-生活支援員 専従 非常勤 | DR37: O46 | DS37: O46 | DT37: 2 | DY37: 従業員職種 看護職員 基準上の必要人数 | DZ37: O32 | EA37: O32 | EB37: 2 | EG37: 従業員職種 理学-機能訓練指導員 常勤換算後の人数 | EH37: AA14 | EI37: AA14 | EJ37: 2 | EO37: 従業員職種 看護職員 兼務 非常勤 | EP37: R32 | EQ37: R32 | ER37: 2 | EW37: 従業員職種-生活支援員-訪問 常勤換算後の人数 | EX37: AA14 | EY37: AA14 | EZ37: 2 | FD37: 33 | FE37: 従業員職種-生活支援員 専従 常勤 | FF37: U30 | FG37: U30 | FH37: 2 | FM37: 従業員職種-就労支援員 常勤換算後の人数 | FN37: AA14 | FO37: AA14 | FP37: 2 | FT37: 33 | FU37: 従業員職種-空き１ 専従 常勤 | FV37: U29 | FW37: U29 | FX37: 2 | GC37: 従業員職種-空き２ 常勤換算後の人数 | GD37: AA13 | GE37: AA13 | GF37: 2 | GK37: 申請に係る事業所-所在地上段 | GL37: I18 | GM37: I18 | GS37: 従業員職種-生活支援員-通所 基準上の必要人数 | GT37: Y11 | GU37: Y11 | GV37: 2 | HA37: その他の者 基準上の必要人数 | HB37: O32 | HC37: O32 | HH37: 31 | HI37: 共同生活住居-大規模住居減算 | HJ37: I100 | HK37: I100 | HL37: 4 | HM37: 1 | HQ37: 共同生活住居-大規模住居減算 | HR37: I28 | HS37: I28 | HT37: 4 | HU37: 1 | HY37: 前年度の平均利用者数 | HZ37: U33 | IA37: U33 | IG37: 前年度の平均利用者数 | IH37: U33 | II37: U33
A38: 受付番号 | C38: T10 | X38: 34 | Y38: 栄養管理体制加算の基準 | AB38: 8 | AE38: ※不要 | AG38: 営業日-火 | AH38: AM31 | AI38: AM31 | AJ38: 3 | AK38: FALSE | AO38: 主たる対象者-居宅介護-身体障害者 | AP38: AM16 | AQ38: AM16 | AR38: 3 | AS38: FALSE | AW38: 単位１ 生活支援員 専従 非常勤 | AX38: I34 | AY38: I34 | AZ38: 2 | BD38: 34 | BE38: 単位１ 看護 専従 非常勤 | BF38: I34 | BG38: I34 | BH38: 2 | BM38: 従業員職種 理学療法士 基準上の必要人数 | BN38: X15 | BO38: X15 | BP38: 2 | BU38: 単位１ 保育士 専従 常勤 | BV38: O33 | BW38: O33 | BX38: 2 | CB38: 34 | CC38: 従業員職種-医師 兼務 常勤 | CD38: O31 | CE38: O31 | CF38: 2 | CK38: 事業所体制-他指定障害福祉ｻｰﾋﾞｽ-種類-５ | CL38: I31 | CM38: I31 | CR38: 34 | CS38: 従業員職種-生活支援員 基準上の必要人数 | CT38: O33 | CU38: O33 | CV38: 2 | DA38: 従業員職種-看護-合計 兼務 常勤 | DB38: S24 | DC38: S24 | DD38: 2 | DI38: 通常の事業の実施地域-3-1 上左 | DJ38: W28 | DK38: W28 | DQ38: 単位1-生活支援員 兼務 常勤 | DR38: R45 | DS38: R45 | DT38: 2 | DY38: 従業員職種 理学-理学・作業療法士 専従 常勤 | DZ38: U29 | EA38: U29 | EB38: 2 | EG38: 従業員職種 理学-機能訓練指導員 基準上の必要人数 | EH38: AA15 | EI38: AA15 | EJ38: 2 | EO38: 従業員職種 看護職員 常勤換算後の人数 | EP38: O33 | EQ38: O33 | ER38: 2 | EW38: 従業員職種-生活支援員-訪問 基準上の必要人数 | EX38: AA15 | EY38: AA15 | EZ38: 2 | FD38: 34 | FE38: 従業員職種-生活支援員 専従 非常勤 | FF38: U31 | FG38: U31 | FH38: 2 | FM38: 従業員職種-就労支援員 基準上の必要人数 | FN38: AA15 | FO38: AA15 | FP38: 2 | FT38: 34 | FU38: 従業員職種-空き１ 専従 非常勤 | FV38: U30 | FW38: U30 | FX38: 2 | GC38: 従業員職種-空き２ 基準上の必要人数 | GD38: AA14 | GE38: AA14 | GF38: 2 | GK38: 申請に係る事業所-所在地下段 | GL38: I19 | GM38: I19 | GS38: 従業員職種-生活支援員-訪問 専従 常勤 | GT38: AC8 | GU38: AC8 | GV38: 2 | HA38: 他の事業所又は施設の従業者との兼務 | HB38: U29 | HC38: U29 | HD38: 4 | HE38: 2 | HH38: 32 | HI38: 共同生活住居-ＧＨ夜間防災体制加算 | HJ38: AM98 | HK38: AM98 | HL38: 5 | HM38: 00 | HN38: ＧＨ夜間防災体制加算 | HO38: コンボボックス | HQ38: 共同生活住居-ＧＨ夜間防災体制加算 | HR38: AM26 | HS38: AM26 | HT38: 5 | HU38: 00 | HV38: ＧＨ夜間防災体制加算 | HW38: ※未使用 | HY38: 主な掲示事項 営業日 月 | HZ38: AL34 | IA38: AL34 | IB38: 3 | IC38: FALSE | IG38: 一体的に運営する事業所の前年度の平均利用者数 | IH38: U34 | II38: U34
A39: 既指定事業-電話番号 | D39: 8 | G39: 障害児のみ使用 | X39: 35 | Y39: 看護師加算の有無 | AB39: 8 | AE39: ※不要 | AG39: 営業日-水 | AH39: AN31 | AI39: AN31 | AJ39: 3 | AK39: FALSE | AO39: 主たる対象者-居宅介護-知的障害者 | AP39: AN16 | AQ39: AN16 | AR39: 3 | AS39: FALSE | AW39: 単位１ 生活支援員 兼務 常勤 | AX39: L33 | AY39: L33 | AZ39: 2 | BD39: 35 | BE39: 単位１ 看護 兼務 常勤 | BF39: K33 | BG39: K33 | BH39: 2 | BM39: 従業員職種 作業療法士 専従 常勤 | BN39: AC12 | BO39: AC12 | BP39: 2 | BU39: 単位１ 保育士 専従 非常勤 | BV39: O34 | BW39: O34 | BX39: 2 | CB39: 35 | CC39: 従業員職種-医師 兼務 非常勤 | CD39: O32 | CE39: O32 | CF39: 2 | CK39: 事業所体制-他指定障害福祉ｻｰﾋﾞｽ-事業所名-５ | CL39: Q31 | CM39: Q31 | CR39: 35 | CS39: 従業員職種-ｻｰﾋﾞｽ管理責任者 専従 常勤 | CT39: U30 | CU39: U30 | CV39: 2 | DA39: 従業員職種-看護-合計 兼務 非常勤 | DB39: S25 | DC39: S25 | DD39: 2 | DI39: 通常の事業の実施地域-3-2 上右 | DJ39: AB28 | DK39: AB28 | DQ39: 単位1-生活支援員 兼務 非常勤 | DR39: R46 | DS39: R46 | DT39: 2 | DY39: 従業員職種 理学-理学・作業療法士 専従 非常勤 | DZ39: U30 | EA39: U30 | EB39: 2 | EG39: 従業員職種 歩行訓練士 専従 常勤 | EH39: AF12 | EI39: AF12 | EJ39: 2 | EO39: 従業員職種 看護職員 基準上の必要人数 | EP39: O34 | EQ39: O34 | ER39: 2 | EW39: 従業員職種-空き１ 専従 常勤 | EX39: AF12 | EY39: AF12 | EZ39: 2 | FD39: 35 | FE39: 従業員職種-生活支援員 兼務 常勤 | FF39: X30 | FG39: X30 | FH39: 2 | FM39: 従業員職種-空き１ 専従 常勤 | FN39: AF12 | FO39: AF12 | FP39: 2 | FT39: 35 | FU39: 従業員職種-空き１ 兼務 常勤 | FV39: X29 | FW39: X29 | FX39: 2 | GC39: 従たる事業所の利用定員 | GD39: I15 | GE39: I15 | GF39: 2 | GK39: 申請に係る事業所-電話番号 | GL39: M20 | GM39: M20 | GS39: 従業員職種-生活支援員-訪問 専従 非常勤 | GT39: AC9 | GU39: AC9 | GV39: 2 | HA39: みなし指定 | HB39: Y31 | HC39: Y31 | HD39: 4 | HE39: 2 | HH39: 33 | HI39: 共同生活住居-主たる対象者-身体障害者 | HJ39: AN93 | HK39: AN93 | HL39: 3 | HM39: FALSE | HQ39: 共同生活住居-主たる対象者-身体障害者 | HR39: AN21 | HS39: AN21 | HT39: 3 | HU39: FALSE | HY39: 主な掲示事項 営業日 火 | HZ39: AM34 | IA39: AM34 | IB39: 3 | IC39: FALSE | IG39: 主な掲示事項 営業日 月 | IH39: AL35 | II39: AL35 | IJ39: 3 | IK39: FALSE
A40: 既指定事業-FAX番号 | D40: 8 | G40: 障害児のみ使用 | X40: 36 | Y40: 強度行動障害者特別支援加算の有無 | AB40: 8 | AE40: ※不要 | AG40: 営業日-木 | AH40: AO31 | AI40: AO31 | AJ40: 3 | AK40: FALSE | AO40: 主たる対象者-居宅介護-障害児 | AP40: AO16 | AQ40: AO16 | AR40: 3 | AS40: FALSE | AW40: 単位１ 生活支援員 兼務 非常勤 | AX40: L34 | AY40: L34 | AZ40: 2 | BD40: 36 | BE40: 単位１ 看護 兼務 非常勤 | BF40: K34 | BG40: K34 | BH40: 2 | BM40: 従業員職種 作業療法士 専従 非常勤 | BN40: AC13 | BO40: AC13 | BP40: 2 | BU40: 単位１ 保育士 兼務 常勤 | BV40: R33 | BW40: R33 | BX40: 2 | CB40: 36 | CC40: 従業員職種-医師 常勤換算後の人数 | CD40: M33 | CE40: M33 | CF40: 2 | CK40: 事業所体制-他指定障害福祉ｻｰﾋﾞｽ-事業所番号-５ | CL40: AE31 | CM40: AE31 | CR40: 36 | CS40: 従業員職種-ｻｰﾋﾞｽ管理責任者 専従 非常勤 | CT40: U31 | CU40: U31 | CV40: 2 | DA40: 従業員職種-看護-合計 常勤換算後の人数 | DB40: Q26 | DC40: Q26 | DD40: 2 | DI40: 通常の事業の実施地域-3-3 下 | DJ40: W29 | DK40: W29 | DQ40: 単位1-生活支援員 常勤換算後の人数 | DR40: O47 | DS40: O47 | DT40: 2 | DY40: 従業員職種 理学-理学・作業療法士 兼務 常勤 | DZ40: X29 | EA40: X29 | EB40: 2 | EG40: 従業員職種 歩行訓練士 専従 非常勤 | EH40: AF13 | EI40: AF13 | EJ40: 2 | EO40: 従業員職種-生活支援員-通所 専従 常勤 | EP40: U31 | EQ40: U31 | ER40: 2 | EW40: 従業員職種-空き１ 専従 非常勤 | EX40: AF13 | EY40: AF13 | EZ40: 2 | FD40: 36 | FE40: 従業員職種-生活支援員 兼務 非常勤 | FF40: X31 | FG40: X31 | FH40: 2 | FM40: 従業員職種-空き１ 専従 非常勤 | FN40: AF13 | FO40: AF13 | FP40: 2 | FT40: 36 | FU40: 従業員職種-空き１ 兼務 非常勤 | FV40: X30 | FW40: X30 | FX40: 2 | GK40: 申請に係る事業所-ＦＡＸ番号 | GL40: AA20 | GM40: AA20 | GS40: 従業員職種-生活支援員-訪問 兼務 常勤 | GT40: AE8 | GU40: AE8 | GV40: 2 | HA40: 主な掲示事項 営業日 月 | HB40: AL33 | HC40: AL33 | HD40: 3 | HE40: FALSE | HH40: 34 | HI40: 共同生活住居-大規模住居等減算 | HJ40: AK778 | HK40: AK778 | HO40: ※未使用 | HQ40: 共同生活住居-大規模住居等減算 | HR40: AK118 | HS40: AK118 | HW40: ※未使用 | HY40: 主な掲示事項 営業日 水 | HZ40: AN34 | IA40: AN34 | IB40: 3 | IC40: FALSE | IG40: 主な掲示事項 営業日 火 | IH40: AM35 | II40: AM35 | IJ40: 3 | IK40: FALSE
A41: 指定市町村番号 | C41: T11 | X41: 37 | Y41: 経過的給付の有無 | AB41: 8 | AE41: ※不要 | AG41: 営業日-金 | AH41: AP31 | AI41: AP31 | AJ41: 3 | AK41: FALSE | AO41: 主たる対象者-居宅介護-精神障害者 | AP41: AP16 | AQ41: AP16 | AR41: 3 | AS41: FALSE | AW41: 単位１ 生活支援員 常勤換算後の人数 | AX41: I35 | AY41: I35 | AZ41: 2 | BD41: 37 | BE41: 単位１ 看護 常勤換算後の人数 | BF41: I35 | BG41: I35 | BH41: 2 | BM41: 従業員職種 作業療法士 兼務 常勤 | BN41: AE12 | BO41: AE12 | BP41: 2 | BU41: 単位１ 保育士 兼務 非常勤 | BV41: R34 | BW41: R34 | BX41: 2 | CB41: 37 | CC41: 従業員職種-医師 基準上の必要人数 | CD41: M34 | CE41: M34 | CF41: 2 | CK41: 事業所体制-委託提携事業所-種類-１ | CL41: I33 | CM41: I33 | CR41: 37 | CS41: 従業員職種-ｻｰﾋﾞｽ管理責任者 兼務 常勤 | CT41: X30 | CU41: X30 | CV41: 2 | DA41: 従業員職種-看護-合計 基準上の必要人数 | DB41: Q27 | DC41: Q27 | DD41: 2 | DI41: 通常の事業の実施地域-4-1 上左 | DJ41: AD28 | DK41: AD28 | DQ41: 単位1-生活支援員 基準上の必要人数 | DR41: O48 | DS41: O48 | DT41: 2 | DY41: 従業員職種 理学-理学・作業療法士 兼務 非常勤 | DZ41: X30 | EA41: X30 | EB41: 2 | EG41: 従業員職種 歩行訓練士 兼務 常勤 | EH41: AH12 | EI41: AH12 | EJ41: 2 | EO41: 従業員職種-生活支援員-通所 専従 非常勤 | EP41: U32 | EQ41: U32 | ER41: 2 | EW41: 従業員職種-空き１ 兼務 常勤 | EX41: AH12 | EY41: AH12 | EZ41: 2 | FD41: 37 | FE41: 従業員職種-生活支援員 常勤換算後の人数 | FF41: U32 | FG41: U32 | FH41: 2 | FM41: 従業員職種-空き１ 兼務 常勤 | FN41: AH12 | FO41: AH12 | FP41: 2 | FT41: 37 | FU41: 従業員職種-空き１ 常勤換算後の人数 | FV41: U31 | FW41: U31 | FX41: 2 | GK41: 多機能型の他の事業所1-ｻｰﾋﾞｽ種類 | GL41: I21 | GM41: I21 | GS41: 従業員職種-生活支援員-訪問 兼務 非常勤 | GT41: AE9 | GU41: AE9 | GV41: 2 | HA41: 主な掲示事項 営業日 火 | HB41: AM33 | HC41: AM33 | HD41: 3 | HE41: FALSE | HH41: 35 | HI41: 共同生活住居-加算CH夜間支援体制加算2 | HJ41: AO96 | HK41: AO96 | HL41: 4 | HM41: 2 | HQ41: 共同生活住居-加算CH夜間支援体制加算2 | HR41: AO24 | HS41: AO24 | HT41: 4 | HU41: 2 | HW41: ※未使用 | HY41: 主な掲示事項 営業日 木 | HZ41: AO34 | IA41: AO34 | IB41: 3 | IC41: FALSE | IG41: 主な掲示事項 営業日 水 | IH41: AN35 | II41: AN35 | IJ41: 3 | IK41: FALSE
A42: 申請先 | C42: B15 | X42: 38 | Y42: 視覚・聴覚言語障害者支援体制加算の有無 | AB42: 8 | AE42: ※不要 | AG42: 営業日-土 | AH42: AQ31 | AI42: AQ31 | AJ42: 3 | AK42: FALSE | AO42: 主たる対象者-行動援護-特定なし | AP42: AL18 | AQ42: AL18 | AR42: 3 | AS42: FALSE | AW42: 単位１ 生活支援員 基準上の必要人数 | AX42: I36 | AY42: I36 | AZ42: 2 | BD42: 38 | BE42: 単位１ 看護 基準上の必要人数 | BF42: I36 | BG42: I36 | BH42: 2 | BM42: 従業員職種 作業療法士 兼務 非常勤 | BN42: AE13 | BO42: AE13 | BP42: 2 | BU42: 単位１ 保育士 常勤換算後の人数 | BV42: O35 | BW42: O35 | BX42: 2 | CB42: 38 | CC42: 従業員職種-看護-合計 専従 常勤 | CD42: Q31 | CE42: Q31 | CF42: 2 | CK42: 事業所体制-委託提携事業所-事業所名-１ | CL42: Q33 | CM42: Q33 | CR42: 38 | CS42: 従業員職種-ｻｰﾋﾞｽ管理責任者 兼務 非常勤 | CT42: X31 | CU42: X31 | CV42: 2 | DA42: 従業員職種-看護-保健師 専従 常勤 | DB42: U24 | DC42: U24 | DD42: 2 | DI42: 通常の事業の実施地域-4-2 上右 | DJ42: AI28 | DK42: AI28 | DQ42: 単位1-栄養士 専従 常勤 | DR42: U45 | DS42: U45 | DT42: 2 | DY42: 従業員職種 理学-理学・作業療法士 常勤換算後の人数 | DZ42: U31 | EA42: U31 | EB42: 2 | EG42: 従業員職種 歩行訓練士 兼務 非常勤 | EH42: AH13 | EI42: AH13 | EJ42: 2 | EO42: 従業員職種-生活支援員-通所 兼務 常勤 | EP42: X31 | EQ42: X31 | ER42: 2 | EW42: 従業員職種-空き１ 兼務 非常勤 | EX42: AH13 | EY42: AH13 | EZ42: 2 | FD42: 38 | FE42: 従業員職種-生活支援員 基準上の必要人数 | FF42: U33 | FG42: U33 | FH42: 2 | FM42: 従業員職種-空き１ 兼務 非常勤 | FN42: AH13 | FO42: AH13 | FP42: 2 | FT42: 38 | FU42: 従業員職種-空き１ 基準上の必要人数 | FV42: U32 | FW42: U32 | FX42: 2 | GK42: 多機能型の他の事業所1-事業所番号 | GL42: Z21 | GM42: Z21 | GS42: 従業員職種-生活支援員-訪問 常勤換算後の人数 | GT42: AC10 | GU42: AC10 | GV42: 2 | HA42: 主な掲示事項 営業日 水 | HB42: AN33 | HC42: AN33 | HD42: 3 | HE42: FALSE | HH42: 36 | HI42: 共同生活住居-GH夜間防災・緊急時支援体制加算2 | HJ42: AP96 | HK42: AP96 | HL42: 4 | HM42: 2 | HQ42: 共同生活住居-GH夜間防災・緊急時支援体制加算2 | HR42: AP24 | HS42: AP24 | HT42: 4 | HU42: 2 | HW42: ※未使用 | HY42: 主な掲示事項 営業日 金 | HZ42: AP34 | IA42: AP34 | IB42: 3 | IC42: FALSE | IG42: 主な掲示事項 営業日 木 | IH42: AO35 | II42: AO35 | IJ42: 3 | IK42: FALSE
X43: 39 | Y43: 視覚・聴覚等障害者支援体制加算の有無 | AB43: 8 | AE43: ※不要 | AG43: 営業日-日 | AH43: AR31 | AI43: AR31 | AJ43: 3 | AK43: FALSE | AO43: 主たる対象者-行動援護-知的障害者 | AP43: AM18 | AQ43: AM18 | AR43: 3 | AS43: FALSE | AW43: 単位１ 看護職員 専従 常勤 | AX43: O33 | AY43: O33 | AZ43: 2 | BD43: 39 | BE43: 単位１ 理学療法士 専従 常勤 | BF43: N33 | BG43: N33 | BH43: 2 | BM43: 従業員職種 作業療法士 常勤換算後の人数 | BN43: AC14 | BO43: AC14 | BP43: 2 | BU43: 単位１ 保育士 基準上の必要人数 | BV43: O36 | BW43: O36 | BX43: 2 | CB43: 39 | CC43: 従業員職種-看護-合計 専従 非常勤 | CD43: Q32 | CE43: Q32 | CF43: 2 | CK43: 事業所体制-委託提携事業所-事業所番号-１ | CL43: AE33 | CM43: AE33 | CR43: 39 | CS43: 従業員職種-ｻｰﾋﾞｽ管理責任者 常勤換算後の人数 | CT43: U32 | CU43: U32 | CV43: 2 | DA43: 従業員職種-看護-保健師 専従 非常勤 | DB43: U25 | DC43: U25 | DD43: 2 | DI43: 通常の事業の実施地域-4-3 下 | DJ43: AD29 | DK43: AD29 | DQ43: 単位1-栄養士 専従 非常勤 | DR43: U46 | DS43: U46 | DT43: 2 | DY43: 従業員職種 理学-理学・作業療法士 基準上の必要人数 | DZ43: U32 | EA43: U32 | EB43: 2 | EG43: 従業員職種 歩行訓練士 常勤換算後の人数 | EH43: AF14 | EI43: AF14 | EJ43: 2 | EO43: 従業員職種-生活支援員-通所 兼務 非常勤 | EP43: X32 | EQ43: X32 | ER43: 2 | EW43: 従業員職種-空き１ 常勤換算後の人数 | EX43: AF14 | EY43: AF14 | EZ43: 2 | FD43: 39 | FE43: 従業員職種-就労支援員 専従 常勤 | FF43: AA30 | FG43: AA30 | FH43: 2 | FM43: 従業員職種-空き１ 常勤換算後の人数 | FN43: AF14 | FO43: AF14 | FP43: 2 | FT43: 39 | FU43: 従業員職種-空き２ 専従 常勤 | FV43: AA29 | FW43: AA29 | FX43: 2 | GK43: 多機能型の他の事業所1-ﾌﾘｶﾞﾅ | GL43: I22 | GM43: I22 | GS43: 従業員職種-生活支援員-訪問 基準上の必要人数 | GT43: AC11 | GU43: AC11 | GV43: 2 | HA43: 主な掲示事項 営業日 木 | HB43: AO33 | HC43: AO33 | HD43: 3 | HE43: FALSE | HH43: 37 | HI43: サテライト型 | HJ43: I83 | HK43: I83 | HL43: 4 | HM43: 1 | HQ43: サテライト型 | HR43: I11 | HS43: I11 | HT43: 4 | HU43: 1 | HY43: 主な掲示事項 営業日 土 | HZ43: AQ34 | IA43: AQ34 | IB43: 3 | IC43: FALSE | IG43: 主な掲示事項 営業日 金 | IH43: AP35 | II43: AP35 | IJ43: 3 | IK43: FALSE
X44: 40 | Y44: 自活訓練加算の有無 | AB44: 8 | AE44: ※不要 | AG44: 営業時間-平日-開始 | AH44: L32 | AI44: L32 | AO44: 主たる対象者-行動援護-障害児 | AP44: AN18 | AQ44: AN18 | AR44: 3 | AS44: FALSE | AW44: 単位１ 看護職員 専従 非常勤 | AX44: O34 | AY44: O34 | AZ44: 2 | BD44: 40 | BE44: 単位１ 理学療法士 専従 非常勤 | BF44: N34 | BG44: N34 | BH44: 2 | BM44: 従業員職種 作業療法士 基準上の必要人数 | BN44: AC15 | BO44: AC15 | BP44: 2 | BU44: 単位１ 空き１ 専従 常勤 | BV44: U33 | BW44: U33 | BX44: 2 | CB44: 40 | CC44: 従業員職種-看護-合計 兼務 常勤 | CD44: S31 | CE44: S31 | CF44: 2 | CK44: 事業所体制-委託提携事業所-種類-２ | CL44: I34 | CM44: I34 | CR44: 40 | CS44: 従業員職種-ｻｰﾋﾞｽ管理責任者 基準上の必要人数 | CT44: U33 | CU44: U33 | CV44: 2 | DA44: 従業員職種-看護-保健師 兼務 常勤 | DB44: W24 | DC44: W24 | DD44: 2 | DI44: 通常の事業の実施地域-5-1 上左 | DJ44: I30 | DK44: I30 | DQ44: 単位1-栄養士 兼務 常勤 | DR44: X45 | DS44: X45 | DT44: 2 | DY44: 従業員職種 理学-機能訓練指導員 専従 常勤 | DZ44: AA29 | EA44: AA29 | EB44: 2 | EG44: 従業員職種 歩行訓練士 基準上の必要人数 | EH44: AF15 | EI44: AF15 | EJ44: 2 | EO44: 従業員職種-生活支援員-通所 常勤換算後の人数 | EP44: U33 | EQ44: U33 | ER44: 2 | EW44: 従業員職種-空き１ 基準上の必要人数 | EX44: AF15 | EY44: AF15 | EZ44: 2 | FD44: 40 | FE44: 従業員職種-就労支援員 専従 非常勤 | FF44: AA31 | FG44: AA31 | FH44: 2 | FM44: 従業員職種-空き１ 基準上の必要人数 | FN44: AF15 | FO44: AF15 | FP44: 2 | FT44: 40 | FU44: 従業員職種-空き２ 専従 非常勤 | FV44: AA30 | FW44: AA30 | FX44: 2 | GK44: 多機能型の他の事業所1-名称 | GL44: I23 | GM44: I23 | GS44: 従業員職種-就労支援員 専従 常勤 | GT44: AG8 | GU44: AG8 | GV44: 2 | HA44: 主な掲示事項 営業日 金 | HB44: AP33 | HC44: AP33 | HD44: 3 | HE44: FALSE | HH44: 38 | HI44: 加算 夜間支援体制加算 | HJ44: I97 | HK44: I97 | HL44: 5 | HM44: 1 | HQ44: 加算 夜間支援体制加算 | HR44: I25 | HS44: I25 | HT44: 5 | HU44: 1 | HY44: 主な掲示事項 営業日 日 | HZ44: AR34 | IA44: AR34 | IB44: 3 | IC44: FALSE | IG44: 主な掲示事項 営業日 土 | IH44: AQ35 | II44: AQ35 | IJ44: 3 | IK44: FALSE
X45: 41 | Y45: 重度障害者支援加算の有無 | AB45: 8 | AE45: ※不要 | AG45: 営業時間-平日-終了 | AH45: Q32 | AI45: Q32 | AO45: 主たる対象者-行動援護-精神障害者 | AP45: AO18 | AQ45: AO18 | AR45: 3 | AS45: FALSE | AW45: 単位１ 看護職員 兼務 常勤 | AX45: R33 | AY45: R33 | AZ45: 2 | BD45: 41 | BE45: 単位１ 理学療法士 兼務 常勤 | BF45: P33 | BG45: P33 | BH45: 2 | BM45: 従業員職種 機能訓練指導員 専従 常勤 | BN45: I18 | BO45: I18 | BP45: 2 | BU45: 単位１ 空き１ 専従 非常勤 | BV45: U34 | BW45: U34 | BX45: 2 | CB45: 41 | CC45: 従業員職種-看護-合計 兼務 非常勤 | CD45: S32 | CE45: S32 | CF45: 2 | CK45: 事業所体制-委託提携事業所-事業所名-２ | CL45: Q34 | CM45: Q34 | CR45: 41 | CS45: 地域移行型ﾎｰﾑ-同一敷地内入所施設または病院名称 | CT45: R34 | CU45: R34 | DA45: 従業員職種-看護-保健師 兼務 非常勤 | DB45: W25 | DC45: W25 | DD45: 2 | DI45: 通常の事業の実施地域-5-2 上右 | DJ45: N30 | DK45: N30 | DQ45: 単位1-栄養士 兼務 非常勤 | DR45: X46 | DS45: X46 | DT45: 2 | DY45: 従業員職種 理学-機能訓練指導員 専従 非常勤 | DZ45: AA30 | EA45: AA30 | EB45: 2 | EG45: 従業員職種-生活支援員-通所 専従 常勤 | EH45: I19 | EI45: I19 | EJ45: 2 | EO45: 従業員職種-生活支援員-通所 基準上の必要人数 | EP45: U34 | EQ45: U34 | ER45: 2 | EW45: 従たる事業所の利用定員 | EX45: I16 | EY45: I16 | EZ45: 2 | FD45: 41 | FE45: 従業員職種-就労支援員 兼務 常勤 | FF45: AC30 | FG45: AC30 | FH45: 2 | FM45: 従たる事業所の利用定員 | FN45: I16 | FO45: I16 | FP45: 2 | FT45: 41 | FU45: 従業員職種-空き２ 兼務 常勤 | FV45: AD29 | FW45: AD29 | FX45: 2 | GK45: 多機能型の他の事業所1-郵便番号 | GL45: K24 | GM45: K24 | GN45: 1 | GS45: 従業員職種-就労支援員 専従 非常勤 | GT45: AG9 | GU45: AG9 | GV45: 2 | HA45: 主な掲示事項 営業日 土 | HB45: AQ33 | HC45: AQ33 | HD45: 3 | HE45: FALSE | HH45: 39 | HI45: 加算 夜間支援体制加算の人数 | HK45: AS98 | HL45: 99 | HM45: 00 | HQ45: 加算 夜間支援体制加算の人数 | HS45: AT26 | HT45: 99 | HU45: 00 | HY45: 主な掲示事項 営業時間 平日 自 | HZ45: L35 | IA45: L35 | IG45: 主な掲示事項 営業日 日 | IH45: AR35 | II45: AR35 | IJ45: 3 | IK45: FALSE
X46: 42 | Y46: 重度障害者支援体制加算（基本）の有無 | AB46: 8 | AE46: ※不要 | AG46: 営業時間-土曜-開始 | AH46: W32 | AI46: W32 | AO46: 利用料 | AP46: I20 | AQ46: I20 | AW46: 単位１ 看護職員 兼務 非常勤 | AX46: R34 | AY46: R34 | AZ46: 2 | BD46: 42 | BE46: 単位１ 理学療法士 兼務 非常勤 | BF46: P34 | BG46: P34 | BH46: 2 | BM46: 従業員職種 機能訓練指導員 専従 非常勤 | BN46: I19 | BO46: I19 | BP46: 2 | BU46: 単位１ 空き１ 兼務 常勤 | BV46: X33 | BW46: X33 | BX46: 2 | CB46: 42 | CC46: 従業員職種-看護-合計 常勤換算後の人数 | CD46: Q33 | CE46: Q33 | CF46: 2 | CK46: 事業所体制-委託提携事業所-事業所番号-２ | CL46: AE34 | CM46: AE34 | CR46: 42 | CS46: 地域移行型ﾎｰﾑ-同一敷地内入所施設または病院所在地 | CT46: R35 | CU46: R35 | DA46: 従業員職種-看護-保健師 常勤換算後の人数 | DB46: U26 | DC46: U26 | DD46: 2 | DI46: 通常の事業の実施地域-5-3 下 | DJ46: I31 | DK46: I31 | DQ46: 単位1-栄養士 常勤換算後の人数 | DR46: U47 | DS46: U47 | DT46: 2 | DY46: 従業員職種 理学-機能訓練指導員 兼務 常勤 | DZ46: AC29 | EA46: AC29 | EB46: 2 | EG46: 従業員職種-生活支援員-通所 専従 非常勤 | EH46: I20 | EI46: I20 | EJ46: 2 | EO46: 従業員職種-生活支援員-訪問 専従 常勤 | EP46: AA31 | EQ46: AA31 | ER46: 2 | FD46: 42 | FE46: 従業員職種-就労支援員 兼務 非常勤 | FF46: AC31 | FG46: AC31 | FH46: 2 | FT46: 42 | FU46: 従業員職種-空き２ 兼務 非常勤 | FV46: AD30 | FW46: AD30 | FX46: 2 | GK46: 多機能型の他の事業所1-所在地上段 | GL46: I25 | GM46: I25 | GS46: 従業員職種-就労支援員 兼務 常勤 | GT46: AI8 | GU46: AI8 | GV46: 2 | HA46: 主な掲示事項 営業日 日 | HB46: AR33 | HC46: AR33 | HD46: 3 | HE46: FALSE | HH46: 40 | HI46: 夜勤職員加配加算 | HJ46: AL97 | HK46: AL97 | HL46: 4 | HM46: 2 | HQ46: 夜勤職員加配加算 | HR46: AL25 | HS46: AL25 | HT46: 4 | HU46: 2 | HY46: 主な掲示事項 営業時間 平日 至 | HZ46: Q35 | IA46: Q35 | IG46: 主な掲示事項 営業時間 平日 自 | IH46: L36 | II46: L36
X47: 43 | Y47: 重度障害者支援体制加算（重度）の有無 | AB47: 8 | AE47: ※不要 | AG47: 営業時間-土曜-終了 | AH47: AB32 | AI47: AB32 | AO47: その他費用 | AP47: I21 | AQ47: I21 | AW47: 単位１ 看護職員 常勤換算後の人数 | AX47: O35 | AY47: O35 | AZ47: 2 | BD47: 43 | BE47: 単位１ 理学療法士 常勤換算後の人数 | BF47: N35 | BG47: N35 | BH47: 2 | BM47: 従業員職種 機能訓練指導員 兼務 常勤 | BN47: K18 | BO47: K18 | BP47: 2 | BU47: 単位１ 空き１ 兼務 非常勤 | BV47: X34 | BW47: X34 | BX47: 2 | CB47: 43 | CC47: 従業員職種-看護-合計 基準上の必要人数 | CD47: Q34 | CE47: Q34 | CF47: 2 | CK47: 事業所体制-委託提携事業所-種類-３ | CL47: I35 | CM47: I35 | CR47: 43 | CS47: 共同生活介護-居宅介護従業者の外部委託予定 | CT47: R36 | CU47: R36 | CV47: 4 | CW47: 2 | DA47: 従業員職種-看護-保健師 基準上の必要人数 | DB47: U27 | DC47: U27 | DD47: 2 | DI47: 通常の事業の実施地域-6-1 上左 | DJ47: P30 | DK47: P30 | DQ47: 単位1-栄養士 基準上の必要人数 | DR47: U48 | DS47: U48 | DT47: 2 | DY47: 従業員職種 理学-機能訓練指導員 兼務 非常勤 | DZ47: AC30 | EA47: AC30 | EB47: 2 | EG47: 従業員職種-生活支援員-通所 兼務 常勤 | EH47: L19 | EI47: L19 | EJ47: 2 | EO47: 従業員職種-生活支援員-訪問 専従 非常勤 | EP47: AA32 | EQ47: AA32 | ER47: 2 | FD47: 43 | FE47: 従業員職種-就労支援員 常勤換算後の人数 | FF47: AA32 | FG47: AA32 | FH47: 2 | FT47: 43 | FU47: 従業員職種-空き２ 常勤換算後の人数 | FV47: AA31 | FW47: AA31 | FX47: 2 | GK47: 多機能型の他の事業所1-所在地下段 | GL47: I26 | GM47: I26 | GS47: 従業員職種-就労支援員 兼務 非常勤 | GT47: AI9 | GU47: AI9 | GV47: 2 | HA47: 主な掲示事項 営業時間 平日 自 | HB47: L34 | HC47: L34 | HH47: 41 | HI47: 共同生活援助夜間支援等体制加算対象利用者数 | HJ47: AB98 | HK47: AB98 | HL47: 2 | HQ47: 共同生活援助夜間支援等体制加算対象利用者数 | HR47: AB26 | HS47: AB26 | HT47: 2 | HY47: 主な掲示事項 営業時間 土曜 自 | HZ47: W35 | IA47: W35 | IG47: 主な掲示事項 営業時間 平日 至 | IH47: Q36 | II47: Q36
X48: 44 | Y48: 重度重複障害者加算の有無 | AB48: 8 | AE48: ※不要 | AG48: 営業時間-日曜-開始 | AH48: L33 | AI48: L33 | AO48: 実施地域①上段左 | AP48: I22 | AQ48: I22 | AW48: 単位１ 看護職員 基準上の必要人数 | AX48: O36 | AY48: O36 | AZ48: 2 | BD48: 44 | BE48: 単位１ 理学療法士 基準上の必要人数 | BF48: N36 | BG48: N36 | BH48: 2 | BM48: 従業員職種 機能訓練指導員 兼務 非常勤 | BN48: K19 | BO48: K19 | BP48: 2 | BU48: 単位１ 空き１ 常勤換算後の人数 | BV48: U35 | BW48: U35 | BX48: 2 | CB48: 44 | CC48: 従業員職種-看護-保健師 専従 常勤 | CD48: U31 | CE48: U31 | CF48: 2 | CK48: 事業所体制-委託提携事業所-事業所名-３ | CL48: Q35 | CM48: Q35 | CR48: 44 | CS48: 共同生活介護-居宅介護従業者の外部委託予定時間 | CT48: AG36 | CU48: AG36 | DA48: 従業員職種-看護-看護師 専従 常勤 | DB48: Y24 | DC48: Y24 | DD48: 2 | DI48: 通常の事業の実施地域-6-2 上右 | DJ48: U30 | DK48: U30 | DQ48: 単位1-空き１ 専従 常勤 | DR48: AA45 | DS48: AA45 | DT48: 2 | DY48: 従業員職種 理学-機能訓練指導員 常勤換算後の人数 | DZ48: AA31 | EA48: AA31 | EB48: 2 | EG48: 従業員職種-生活支援員-通所 兼務 非常勤 | EH48: L20 | EI48: L20 | EJ48: 2 | EO48: 従業員職種-生活支援員-訪問 兼務 常勤 | EP48: AC31 | EQ48: AC31 | ER48: 2 | FD48: 44 | FE48: 従業員職種-就労支援員 基準上の必要人数 | FF48: AA33 | FG48: AA33 | FH48: 2 | FT48: 44 | FU48: 従業員職種-空き２ 基準上の必要人数 | FV48: AA32 | FW48: AA32 | FX48: 2 | GK48: 多機能型の他の事業所1-電話番号 | GL48: M27 | GM48: M27 | GS48: 従業員職種-就労支援員 常勤換算後の人数 | GT48: AG10 | GU48: AG10 | GV48: 2 | HA48: 主な掲示事項 営業時間 平日 至 | HB48: Q34 | HC48: Q34 | HH48: 42 | HI48: 夜間支援等体制加算Ⅰ加配職員体制の有無 | HJ48: J99 | HK48: K99 | HL48: 5 | HM48: 01 | HQ48: 夜間支援等体制加算Ⅰ加配職員体制の有無 | HR48: J27 | HS48: K27 | HT48: 5 | HU48: 01 | HY48: 主な掲示事項 営業時間 土曜 至 | HZ48: AB35 | IA48: AB35 | IG48: 主な掲示事項 営業時間 土曜 自 | IH48: W36 | II48: W36
X49: 45 | Y49: 就労移行支援体制加算の有無 | AB49: 8 | AE49: ※不要 | AG49: 営業時間-日曜-終了 | AH49: Q33 | AI49: Q33 | AO49: 実施地域①上段右 | AP49: N22 | AQ49: N22 | AW49: 単位１ 空き１ 専従 常勤 | AX49: U33 | AY49: U33 | AZ49: 2 | BD49: 45 | BE49: 単位１ 作業療法士 専従 常勤 | BF49: S33 | BG49: S33 | BH49: 2 | BM49: 従業員職種 機能訓練指導員 常勤換算後の人数 | BN49: I20 | BO49: I20 | BP49: 2 | BU49: 単位１ 空き１ 基準上の必要人数 | BV49: U36 | BW49: U36 | BX49: 2 | CB49: 45 | CC49: 従業員職種-看護-保健師 専従 非常勤 | CD49: U32 | CE49: U32 | CF49: 2 | CK49: 事業所体制-委託提携事業所-事業所番号-３ | CL49: AE35 | CM49: AE35 | CR49: 45 | CS49: 障害者支援施設連携-連携施設名称 | CT49: R42 | CU49: R42 | DA49: 従業員職種-看護-看護師 専従 非常勤 | DB49: Y25 | DC49: Y25 | DD49: 2 | DI49: 通常の事業の実施地域-6-3 下 | DJ49: P31 | DK49: P31 | DQ49: 単位1-空き１ 専従 非常勤 | DR49: AA46 | DS49: AA46 | DT49: 2 | DY49: 従業員職種 理学-機能訓練指導員 基準上の必要人数 | DZ49: AA32 | EA49: AA32 | EB49: 2 | EG49: 従業員職種-生活支援員-通所 常勤換算後の人数 | EH49: I21 | EI49: I21 | EJ49: 2 | EO49: 従業員職種-生活支援員-訪問 兼務 非常勤 | EP49: AC32 | EQ49: AC32 | ER49: 2 | FD49: 45 | FE49: 従業員職種-空き１ 専従 常勤 | FF49: AF30 | FG49: AF30 | FH49: 2 | FT49: 45 | FU49: 就労維持支援全体の利用定員 | FV49: I33 | FW49: I33 | FX49: 2 | GK49: 多機能型の他の事業所1-ＦＡＸ番号 | GL49: AA27 | GM49: AA27 | GS49: 従業員職種-就労支援員 基準上の必要人数 | GT49: AG11 | GU49: AG11 | GV49: 2 | HA49: 主な掲示事項 営業時間 土曜 自 | HB49: W34 | HC49: W34 | HY49: 主な掲示事項 営業時間 日曜 自 | HZ49: L36 | IA49: L36 | IG49: 主な掲示事項 営業時間 土曜 至 | IH49: AB36 | II49: AB36
X50: 46 | Y50: 小規模事業加算の有無 | AB50: 8 | AE50: ※不要 | AG50: 営業時間-祝日-開始 | AH50: W33 | AI50: W33 | AO50: 実施地域①下段 | AP50: I23 | AQ50: I23 | AW50: 単位１ 空き１ 専従 非常勤 | AX50: U34 | AY50: U34 | AZ50: 2 | BD50: 46 | BE50: 単位１ 作業療法士 専従 非常勤 | BF50: S34 | BG50: S34 | BH50: 2 | BM50: 従業員職種 機能訓練指導員 基準上の必要人数 | BN50: I21 | BO50: I21 | BP50: 2 | BU50: 単位１ 空き２ 専従 常勤 | BV50: AA33 | BW50: AA33 | BX50: 2 | CB50: 46 | CC50: 従業員職種-看護-保健師 兼務 常勤 | CD50: W31 | CE50: W31 | CF50: 2 | CK50: 事業所体制-委託提携事業所-種類-４ | CL50: I36 | CM50: I36 | CR50: 46 | CS50: 障害者支援施設連携-連携施設所在地 | CT50: R43 | CU50: R43 | DA50: 従業員職種-看護-看護師 兼務 常勤 | DB50: AA24 | DC50: AA24 | DD50: 2 | DI50: 通常の事業の実施地域-7-1 上左 | DJ50: W30 | DK50: W30 | DQ50: 単位1-空き１ 兼務 常勤 | DR50: AC45 | DS50: AC45 | DT50: 2 | DY50: 従業員職種 歩行訓練士 専従 常勤 | DZ50: AF29 | EA50: AF29 | EB50: 2 | EG50: 従業員職種-生活支援員-通所 基準上の必要人数 | EH50: I22 | EI50: I22 | EJ50: 2 | EO50: 従業員職種-生活支援員-訪問 常勤換算後の人数 | EP50: AA33 | EQ50: AA33 | ER50: 2 | FD50: 46 | FE50: 従業員職種-空き１ 専従 非常勤 | FF50: AF31 | FG50: AF31 | FH50: 2 | FT50: 46 | FU50: 前年度の平均利用者数 | FV50: I34 | FW50: I34 | FX50: 2 | GK50: 多機能型の他の事業所2-ｻｰﾋﾞｽ種類 | GL50: I28 | GM50: I28 | GS50: 従業員職種-理学-合計 専従 常勤 | GT50: I15 | GU50: I15 | GV50: 2 | HA50: 主な掲示事項 営業時間 土曜 至 | HB50: AB34 | HC50: AB34 | HY50: 主な掲示事項 営業時間 日曜 至 | HZ50: Q36 | IA50: Q36 | IG50: 主な掲示事項 営業時間 日曜 自 | IH50: L37 | II50: L37
X51: 47 | Y51: 常勤医師加算の有無 | AB51: 8 | AE51: ※不要 | AG51: 営業時間-祝日-終了 | AH51: AB33 | AI51: AB33 | AO51: 実施地域②上段左 | AP51: P22 | AQ51: P22 | AW51: 単位１ 空き１ 兼務 常勤 | AX51: X33 | AY51: X33 | AZ51: 2 | BD51: 47 | BE51: 単位１ 作業療法士 兼務 常勤 | BF51: U33 | BG51: U33 | BH51: 2 | BM51: 従業員職種 生活支援員 専従 常勤 | BN51: N18 | BO51: N18 | BP51: 2 | BU51: 単位１ 空き２ 専従 非常勤 | BV51: AA34 | BW51: AA34 | BX51: 2 | CB51: 47 | CC51: 従業員職種-看護-保健師 兼務 非常勤 | CD51: W32 | CE51: W32 | CF51: 2 | CK51: 事業所体制-委託提携事業所-事業所名-４ | CL51: Q36 | CM51: Q36 | CR51: 47 | CS51: 障害者支援施設連携-支援体制概要 | CT51: R44 | CU51: R44 | DA51: 従業員職種-看護-看護師 兼務 非常勤 | DB51: AA25 | DC51: AA25 | DD51: 2 | DI51: 通常の事業の実施地域-7-2 上右 | DJ51: AB30 | DK51: AB30 | DQ51: 単位1-空き１ 兼務 非常勤 | DR51: AC46 | DS51: AC46 | DT51: 2 | DY51: 従業員職種 歩行訓練士 専従 非常勤 | DZ51: AF30 | EA51: AF30 | EB51: 2 | EG51: 従業員職種-生活支援員-訪問 専従 常勤 | EH51: O19 | EI51: O19 | EJ51: 2 | EO51: 従業員職種-生活支援員-訪問 基準上の必要人数 | EP51: AA34 | EQ51: AA34 | ER51: 2 | FD51: 47 | FE51: 従業員職種-空き１ 兼務 常勤 | FF51: AH30 | FG51: AH30 | FH51: 2 | FT51: 47 | FU51: 多機能型実施の有無 | FV51: I35 | FW51: I35 | FX51: 4 | FY51: 2 | GK51: 多機能型の他の事業所2-ﾌﾘｶﾞﾅ | GL51: I29 | GM51: I29 | GS51: 従業員職種-理学-合計 専従 非常勤 | GT51: I16 | GU51: I16 | GV51: 2 | HA51: 主な掲示事項 営業時間 日曜 自 | HB51: L35 | HC51: L35 | HY51: 主な掲示事項 営業時間 祝日 自 | HZ51: W36 | IA51: W36 | IG51: 主な掲示事項 営業時間 日曜 至 | IH51: Q37 | II51: Q37
X52: 48 | Y52: 食事提供体制加算の有無 | AB52: 8 | AE52: ※不要 | AG52: 営業時間-備考 | AH52: AE33 | AI52: AE33 | AO52: 実施地域②上段右 | AP52: U22 | AQ52: U22 | AW52: 単位１ 空き１ 兼務 非常勤 | AX52: X34 | AY52: X34 | AZ52: 2 | BD52: 48 | BE52: 単位１ 作業療法士 兼務 非常勤 | BF52: U34 | BG52: U34 | BH52: 2 | BM52: 従業員職種 生活支援員 専従 非常勤 | BN52: N19 | BO52: N19 | BP52: 2 | BU52: 単位１ 空き２ 兼務 常勤 | BV52: AD33 | BW52: AD33 | BX52: 2 | CB52: 48 | CC52: 従業員職種-看護-保健師 常勤換算後の人数 | CD52: U33 | CE52: U33 | CF52: 2 | CK52: 事業所体制-委託提携事業所-事業所番号-４ | CL52: AE36 | CM52: AE36 | CR52: 48 | CS52: その他参考事項 第三者評価の実施状況 | CT52: R45 | CU52: R45 | CV52: 4 | CW52: 2 | DA52: 従業員職種-看護-看護師 常勤換算後の人数 | DB52: Y26 | DC52: Y26 | DD52: 2 | DI52: 通常の事業の実施地域-7-3 下 | DJ52: W31 | DK52: W31 | DQ52: 単位1-空き１ 常勤換算後の人数 | DR52: AA47 | DS52: AA47 | DT52: 2 | DY52: 従業員職種 歩行訓練士 兼務 常勤 | DZ52: AH29 | EA52: AH29 | EB52: 2 | EG52: 従業員職種-生活支援員-訪問 専従 非常勤 | EH52: O20 | EI52: O20 | EJ52: 2 | EO52: 従業員職種-空き１ 専従 常勤 | EP52: AF31 | EQ52: AF31 | ER52: 2 | FD52: 48 | FE52: 従業員職種-空き１ 兼務 非常勤 | FF52: AH31 | FG52: AH31 | FH52: 2 | FT52: 48 | FU52: 利用定員 | FV52: I36 | FW52: I36 | FX52: 2 | GK52: 多機能型の他の事業所2-名称 | GL52: I30 | GM52: I30 | GS52: 従業員職種-理学-合計 兼務 常勤 | GT52: K15 | GU52: K15 | GV52: 2 | HA52: 主な掲示事項 営業時間 日曜 至 | HB52: Q35 | HC52: Q35 | HY52: 主な掲示事項 営業時間 祝日 至 | HZ52: AB36 | IA52: AB36 | IG52: 主な掲示事項 営業時間 祝日 自 | IH52: W37 | II52: W37
X53: 49 | Y53: 通所事業所等食事提供体制加算の有無 | AB53: 8 | AE53: ※不要 | AG53: サービス内容-身体介護 | AH53: AL34 | AI53: AL34 | AJ53: 3 | AK53: FALSE | AO53: 実施地域②下段 | AP53: P23 | AQ53: P23 | AW53: 単位１ 空き１ 常勤換算後の人数 | AX53: U35 | AY53: U35 | AZ53: 2 | BD53: 49 | BE53: 単位１ 作業療法士 常勤換算後の人数 | BF53: S35 | BG53: S35 | BH53: 2 | BM53: 従業員職種 生活支援員 兼務 常勤 | BN53: P18 | BO53: P18 | BP53: 2 | BU53: 単位１ 空き２ 兼務 非常勤 | BV53: AD34 | BW53: AD34 | BX53: 2 | CB53: 49 | CC53: 従業員職種-看護-保健師 基準上の必要人数 | CD53: U34 | CE53: U34 | CF53: 2 | CK53: 事業所体制-委託提携事業所-種類-５ | CL53: I37 | CM53: I37 | CR53: 49 | CS53: その他参考事項 苦情解決 窓口（連絡先） | CT53: W46 | CU53: W46 | DA53: 従業員職種-看護-看護師 基準上の必要人数 | DB53: Y27 | DC53: Y27 | DD53: 2 | DI53: 通常の事業の実施地域-8-1 上左 | DJ53: AD30 | DK53: AD30 | DQ53: 単位1-空き１ 基準上の必要人数 | DR53: AA48 | DS53: AA48 | DT53: 2 | DY53: 従業員職種 歩行訓練士 兼務 非常勤 | DZ53: AH30 | EA53: AH30 | EB53: 2 | EG53: 従業員職種-生活支援員-訪問 兼務 常勤 | EH53: R19 | EI53: R19 | EJ53: 2 | EO53: 従業員職種-空き１ 専従 非常勤 | EP53: AF32 | EQ53: AF32 | ER53: 2 | FD53: 49 | FE53: 従業員職種-空き１ 常勤換算後の人数 | FF53: AF32 | FG53: AF32 | FH53: 2 | FT53: 49 | FU53: 基準上の必要定員 | FV53: Z36 | FW53: Z36 | FX53: 2 | GK53: 多機能型の他の事業所2-郵便番号 | GL53: K31 | GM53: K31 | GN53: 1 | GS53: 従業員職種-理学-合計 兼務 非常勤 | GT53: K16 | GU53: K16 | GV53: 2 | HA53: 主な掲示事項 営業時間 祝日 自 | HB53: W35 | HC53: W35 | HY53: 主な掲示事項 備考 | HZ53: AE36 | IA53: AE36 | IG53: 主な掲示事項 営業時間 祝日 至 | IH53: AB37 | II53: AB37
X54: 50 | Y54: 訪問訓練の有無 | AB54: 8 | AE54: ※不要 | AG54: サービス内容-乗降介助 | AH54: AM34 | AI54: AM34 | AJ54: 3 | AK54: FALSE | AO54: 実施地域③上段左 | AP54: W22 | AQ54: W22 | AW54: 単位１ 空き１ 基準上の必要人数 | AX54: U36 | AY54: U36 | AZ54: 2 | BD54: 50 | BE54: 単位１ 作業療法士 基準上の必要人数 | BF54: S36 | BG54: S36 | BH54: 2 | BM54: 従業員職種 生活支援員 兼務 非常勤 | BN54: P19 | BO54: P19 | BP54: 2 | BU54: 単位１ 空き２ 常勤換算後の人数 | BV54: AA35 | BW54: AA35 | BX54: 2 | CB54: 50 | CC54: 従業員職種-看護-看護師 専従 常勤 | CD54: Y31 | CE54: Y31 | CF54: 2 | CK54: 事業所体制-委託提携事業所-事業所名-５ | CL54: Q37 | CM54: Q37 | CR54: 50 | CS54: その他参考事項 苦情解決 担当者 | CT54: W47 | CU54: W47 | DA54: 従業員職種-看護-準看護師 専従 常勤 | DB54: AC24 | DC54: AC24 | DD54: 2 | DI54: 通常の事業の実施地域-8-2 上右 | DJ54: AI30 | DK54: AI30 | DQ54: 単位1-空き２ 専従 常勤 | DR54: AF45 | DS54: AF45 | DT54: 2 | DY54: 従業員職種 歩行訓練士 常勤換算後の人数 | DZ54: AF31 | EA54: AF31 | EB54: 2 | EG54: 従業員職種-生活支援員-訪問 兼務 非常勤 | EH54: R20 | EI54: R20 | EJ54: 2 | EO54: 従業員職種-空き１ 兼務 常勤 | EP54: AH31 | EQ54: AH31 | ER54: 2 | FD54: 50 | FE54: 従業員職種-空き１ 基準上の必要人数 | FF54: AF33 | FG54: AF33 | FH54: 2 | FT54: 50 | FU54: 主たる対象者-身体障害者 細分なし | FV54: AL37 | FW54: AL37 | FX54: 3 | FY54: FALSE | GK54: 多機能型の他の事業所2-所在地上段 | GL54: I32 | GM54: I32 | GS54: 従業員職種-理学-合計 常勤換算後の人数 | GT54: I17 | GU54: I17 | GV54: 2 | HA54: 主な掲示事項 営業時間 祝日 至 | HB54: AB35 | HC54: AB35 | HY54: 主な掲示事項 主たる対象者 特定なし | HZ54: AL37 | IA54: AL37 | IB54: 3 | IC54: FALSE | IG54: 主な掲示事項 備考 | IH54: AE37 | II54: AE37
X55: 51 | Y55: 自立生活支援加算の有無 | AB55: 8 | AE55: ※不要 | AG55: サービス内容-家事援助 | AH55: AN34 | AI55: AN34 | AJ55: 3 | AK55: FALSE | AO55: 実施地域③上段右 | AP55: AB22 | AQ55: AB22 | AW55: 単位１ 空き２ 専従 常勤 | AX55: AA33 | AY55: AA33 | AZ55: 2 | BD55: 51 | BE55: 単位１ 機能訓練指導員 専従 常勤 | BF55: X33 | BG55: X33 | BH55: 2 | BM55: 従業員職種 生活支援員 常勤換算後の人数 | BN55: N20 | BO55: N20 | BP55: 2 | BU55: 単位１ 空き２ 基準上の必要人数 | BV55: AA36 | BW55: AA36 | BX55: 2 | CB55: 51 | CC55: 従業員職種-看護-看護師 専従 非常勤 | CD55: Y32 | CE55: Y32 | CF55: 2 | CK55: 事業所体制-委託提携事業所-事業所番号-５ | CL55: AE37 | CM55: AE37 | CR55: 51 | CS55: その他参考事項 その他 | CT55: R48 | CU55: R48 | DA55: 従業員職種-看護-準看護師 専従 非常勤 | DB55: AC25 | DC55: AC25 | DD55: 2 | DI55: 通常の事業の実施地域-8-3 下 | DJ55: AD31 | DK55: AD31 | DQ55: 単位1-空き２ 専従 非常勤 | DR55: AF46 | DS55: AF46 | DT55: 2 | DY55: 従業員職種 歩行訓練士 基準上の必要人数 | DZ55: AF32 | EA55: AF32 | EB55: 2 | EG55: 従業員職種-生活支援員-訪問 常勤換算後の人数 | EH55: O21 | EI55: O21 | EJ55: 2 | EO55: 従業員職種-空き１ 兼務 非常勤 | EP55: AH32 | EQ55: AH32 | ER55: 2 | FD55: 51 | FE55: 事業所全体の利用定員 | FF55: I34 | FG55: I34 | FT55: 51 | FU55: 主たる対象者-身体障害者 肢体不自由 | FV55: AM37 | FW55: AM37 | FX55: 3 | FY55: FALSE | GK55: 多機能型の他の事業所2-所在地下段 | GL55: I33 | GM55: I33 | GS55: 従業員職種-理学-合計 基準上の必要人数 | GT55: I18 | GU55: I18 | GV55: 2 | HA55: 主な掲示事項 備考 | HB55: AE35 | HC55: AE35 | HY55: 主な掲示事項 主たる対象者 身体障害者 | HZ55: AM37 | IA55: AM37 | IB55: 3 | IC55: FALSE | IG55: 主な掲示事項 主たる対象者 特定なし | IH55: AL38 | II55: AL38 | IJ55: 3 | IK55: FALSE
X56: 52 | Y56: 神経内科医加算の有無 | AB56: 8 | AE56: ※不要 | AG56: サービス内容-重度訪問介護 | AH56: AL35 | AI56: AL35 | AJ56: 3 | AK56: FALSE | AO56: 実施地域③下段 | AP56: W23 | AQ56: W23 | AW56: 単位１ 空き２ 専従 非常勤 | AX56: AA34 | AY56: AA34 | AZ56: 2 | BD56: 52 | BE56: 単位１ 機能訓練指導員 専従 非常勤 | BF56: X34 | BG56: X34 | BH56: 2 | BM56: 従業員職種 生活支援員 基準上の必要人数 | BN56: N21 | BO56: N21 | BP56: 2 | BU56: 単位1-営業日-月 | BV56: AL37 | BW56: AL37 | BX56: 3 | BY56: FALSE | CB56: 52 | CC56: 従業員職種-看護-看護師 兼務 常勤 | CD56: AA31 | CE56: AA31 | CF56: 2 | CK56: 事業所体制-協力医療機関１ 名称 | CL56: I38 | CM56: I38 | CR56: 52 | CS56: 協力医療機関１ 名称 | CT56: I49 | CU56: I49 | DA56: 従業員職種-看護-準看護師 兼務 常勤 | DB56: AE24 | DC56: AE24 | DD56: 2 | DI56: その他 | DJ56: I32 | DK56: I32 | DQ56: 単位1-空き２ 兼務 常勤 | DR56: AH45 | DS56: AH45 | DT56: 2 | DY56: 従業員職種-生活支援員-通所 専従 常勤 | DZ56: I36 | EA56: I36 | EB56: 2 | EG56: 従業員職種-生活支援員-訪問 基準上の必要人数 | EH56: O22 | EI56: O22 | EJ56: 2 | EO56: 従業員職種-空き１ 常勤換算後の人数 | EP56: AF33 | EQ56: AF33 | ER56: 2 | FD56: 52 | FE56: 前年度の平均利用者数 | FF56: I35 | FG56: I35 | FT56: 52 | FU56: 主たる対象者-身体障害者 視覚障害 | FV56: AN37 | FW56: AN37 | FX56: 3 | FY56: FALSE | GK56: 多機能型の他の事業所2-電話番号 | GL56: M34 | GM56: M34 | GS56: 従業員職種-理学-理学療法士 専従 常勤 | GT56: M15 | GU56: M15 | GV56: 2 | HA56: 主な掲示事項 主たる対象者 特定なし | HB56: AL36 | HC56: AL36 | HD56: 3 | HE56: FALSE | HY56: 主な掲示事項 主たる対象者 知的障害者 | HZ56: AN37 | IA56: AN37 | IB56: 3 | IC56: FALSE | IG56: 主な掲示事項 主たる対象者 身体障害者 | IH56: AM38 | II56: AM38 | IJ56: 3 | IK56: FALSE
X57: 53 | Y57: 精神障害者退院支援施設加算の有無 | AB57: 8 | AE57: ※不要 | AG57: サービス内容-行動援護 | AH57: AM35 | AI57: AM35 | AJ57: 3 | AK57: FALSE | AO57: 実施地域④上段左 | AP57: AD22 | AQ57: AD22 | AW57: 単位１ 空き２ 兼務 常勤 | AX57: AD33 | AY57: AD33 | AZ57: 2 | BD57: 53 | BE57: 単位１ 機能訓練指導員 兼務 常勤 | BF57: Z33 | BG57: Z33 | BH57: 2 | BM57: 従業員職種 精神保健福祉士 専従 常勤 | BN57: S18 | BO57: S18 | BP57: 2 | BU57: 単位1-営業日-火 | BV57: AM37 | BW57: AM37 | BX57: 3 | BY57: FALSE | CB57: 53 | CC57: 従業員職種-看護-看護師 兼務 非常勤 | CD57: AA32 | CE57: AA32 | CF57: 2 | CK57: 事業所体制-協力医療機関１ 主な診療科名１上 | CL57: V38 | CM57: V38 | CR57: 53 | CS57: 協力医療機関１ 主な診療科名１上 | CT57: V49 | CU57: V49 | DA57: 従業員職種-看護-準看護師 兼務 非常勤 | DB57: AE25 | DC57: AE25 | DD57: 2 | DI57: 単位1-施設障害福祉サービスの種類 | DJ57: I33 | DK57: I33 | DQ57: 単位1-空き２ 兼務 非常勤 | DR57: AH46 | DS57: AH46 | DT57: 2 | DY57: 従業員職種-生活支援員-通所 専従 非常勤 | DZ57: I37 | EA57: I37 | EB57: 2 | EG57: 従業員職種-空き１ 専従 常勤 | EH57: U19 | EI57: U19 | EJ57: 2 | EO57: 従業員職種-空き１ 基準上の必要人数 | EP57: AF34 | EQ57: AF34 | ER57: 2 | FD57: 53 | FE57: 多機能型実施の有無 | FF57: I36 | FG57: I36 | FH57: 4 | FI57: 2 | FT57: 53 | FU57: 主たる対象者-身体障害者 聴覚・言語 | FV57: AO37 | FW57: AO37 | FX57: 3 | FY57: FALSE | GK57: 多機能型の他の事業所2-ＦＡＸ番号 | GL57: AA34 | GM57: AA34 | GS57: 従業員職種-理学-理学療法士 専従 非常勤 | GT57: M16 | GU57: M16 | GV57: 2 | HA57: 主な掲示事項 主たる対象者 身体障害者 | HB57: AM36 | HC57: AM36 | HD57: 3 | HE57: FALSE | HY57: 主な掲示事項 主たる対象者 精神障害者 | HZ57: AO37 | IA57: AO37 | IB57: 3 | IC57: FALSE | IG57: 主な掲示事項 主たる対象者 知的障害者 | IH57: AN38 | II57: AN38 | IJ57: 3 | IK57: FALSE
X58: 54 | Y58: 短期滞在加算の有無 | AB58: 8 | AE58: ※不要 | AG58: 主たる対象者-居宅介護-特定なし | AH58: AL37 | AI58: AL37 | AJ58: 3 | AK58: FALSE | AO58: 実施地域④上段右 | AP58: AI22 | AQ58: AI22 | AW58: 単位１ 空き２ 兼務 非常勤 | AX58: AD34 | AY58: AD34 | AZ58: 2 | BD58: 54 | BE58: 単位１ 機能訓練指導員 兼務 非常勤 | BF58: Z34 | BG58: Z34 | BH58: 2 | BM58: 従業員職種 精神保健福祉士 専従 非常勤 | BN58: S19 | BO58: S19 | BP58: 2 | BU58: 単位1-営業日-水 | BV58: AN37 | BW58: AN37 | BX58: 3 | BY58: FALSE | CB58: 54 | CC58: 従業員職種-看護-看護師 常勤換算後の人数 | CD58: Y33 | CE58: Y33 | CF58: 2 | CK58: 事業所体制-協力医療機関１ 主な診療科名２上 | CL58: AA38 | CM58: AA38 | CR58: 54 | CS58: 協力医療機関１ 主な診療科名２上 | CT58: AA49 | CU58: AA49 | DA58: 従業員職種-看護-準看護師 常勤換算後の人数 | DB58: AC26 | DC58: AC26 | DD58: 2 | DI58: 単位1-単位番号 | DJ58: AI33 | DK58: AI33 | DL58: 14 | DM58: 000 | DQ58: 単位1-空き２ 常勤換算後の人数 | DR58: AF47 | DS58: AF47 | DT58: 2 | DY58: 従業員職種-生活支援員-通所 兼務 常勤 | DZ58: L36 | EA58: L36 | EB58: 2 | EG58: 従業員職種-空き１ 専従 非常勤 | EH58: U20 | EI58: U20 | EJ58: 2 | EO58: 事業所全体の利用定員 | EP58: I35 | EQ58: I35 | ER58: 2 | FD58: 54 | FE58: 利用定員 | FF58: I37 | FG58: I37 | FT58: 54 | FU58: 主たる対象者-身体障害者 内部障害 | FV58: AP37 | FW58: AP37 | FX58: 3 | FY58: FALSE | GK58: 多機能型の他の事業所3-ｻｰﾋﾞｽ種類 | GL58: I35 | GM58: I35 | GS58: 従業員職種-理学-理学療法士 兼務 常勤 | GT58: O15 | GU58: O15 | GV58: 2 | HA58: 主な掲示事項 主たる対象者 知覚障害者 | HB58: AN36 | HC58: AN36 | HD58: 3 | HE58: FALSE | HY58: 主な掲示事項 主たる対象者 難病等対象者 | HZ58: AP37 | IA58: AP37 | IB58: 3 | IC58: FALSE | IG58: 主な掲示事項 主たる対象者 精神障害者 | IH58: AO38 | II58: AO38 | IJ58: 3 | IK58: FALSE
X59: 55 | Y59: 目標工賃達成加算の有無 | AB59: 8 | AE59: ※不要 | AG59: 主たる対象者-居宅介護-身体障害者 | AH59: AM37 | AI59: AM37 | AJ59: 3 | AK59: FALSE | AO59: 実施地域④下段 | AP59: AD23 | AQ59: AD23 | AW59: 単位１ 空き２ 常勤換算後の人数 | AX59: AA35 | AY59: AA35 | AZ59: 2 | BD59: 55 | BE59: 単位１ 機能訓練指導員 常勤換算後の人数 | BF59: X35 | BG59: X35 | BH59: 2 | BM59: 従業員職種 精神保健福祉士 兼務 常勤 | BN59: U18 | BO59: U18 | BP59: 2 | BU59: 単位1-営業日-木 | BV59: AO37 | BW59: AO37 | BX59: 3 | BY59: FALSE | CB59: 55 | CC59: 従業員職種-看護-看護師 基準上の必要人数 | CD59: Y34 | CE59: Y34 | CF59: 2 | CK59: 事業所体制-協力医療機関１ 主な診療科名３上 | CL59: AF38 | CM59: AF38 | CR59: 55 | CS59: 協力医療機関１ 主な診療科名３上 | CT59: AF49 | CU59: AF49 | DA59: 従業員職種-看護-準看護師 基準上の必要人数 | DB59: AC27 | DC59: AC27 | DD59: 2 | DI59: 単位1-サービス管理責任者 専従 常勤 | DJ59: I37 | DK59: I37 | DL59: 2 | DQ59: 単位1-空き２ 基準上の必要人数 | DR59: AF48 | DS59: AF48 | DT59: 2 | DY59: 従業員職種-生活支援員-通所 兼務 非常勤 | DZ59: L37 | EA59: L37 | EB59: 2 | EG59: 従業員職種-空き１ 兼務 常勤 | EH59: X19 | EI59: X19 | EJ59: 2 | EO59: 前年度の平均利用者数 | EP59: I36 | EQ59: I36 | ER59: 2 | FD59: 55 | FE59: 基準上の必要定員 | FF59: Z37 | FG59: Z37 | FT59: 55 | FU59: 主たる対象者-特定なし | FV59: AL38 | FW59: AL38 | FX59: 3 | FY59: FALSE | GK59: 多機能型の他の事業所3-ﾌﾘｶﾞﾅ | GL59: I36 | GM59: I36 | GS59: 従業員職種-理学-理学療法士 兼務 非常勤 | GT59: O16 | GU59: O16 | GV59: 2 | HA59: 主な掲示事項 主たる対象者 障害児 | HB59: AO36 | HC59: AO36 | HD59: 3 | HE59: FALSE | HY59: 主な掲示事項 利用料 | HZ59: I38 | IA59: I38 | IG59: 主な掲示事項 主たる対象者 難病等対象者 | IH59: AP38 | II59: AP38 | IJ59: 3 | IK59: FALSE
X60: 56 | Y60: 夜間支援体制加算（小規模事業所以外）の有無 | AB60: 8 | AE60: ※不要 | AG60: 主たる対象者-居宅介護-知的障害者 | AH60: AN37 | AI60: AN37 | AJ60: 3 | AK60: FALSE | AO60: 実施地域⑤上段左 | AP60: I24 | AQ60: I24 | AW60: 単位１ 空き２ 基準上の必要人数 | AX60: AA36 | AY60: AA36 | AZ60: 2 | BD60: 56 | BE60: 単位１ 機能訓練指導員 基準上の必要人数 | BF60: X36 | BG60: X36 | BH60: 2 | BM60: 従業員職種 精神保健福祉士 兼務 非常勤 | BN60: U19 | BO60: U19 | BP60: 2 | BU60: 単位1-営業日-金 | BV60: AP37 | BW60: AP37 | BX60: 3 | BY60: FALSE | CB60: 56 | CC60: 従業員職種-看護-準看護師 専従 常勤 | CD60: AC31 | CE60: AC31 | CF60: 2 | CK60: 事業所体制-協力医療機関１ 主な診療科名１下 | CL60: V39 | CM60: V39 | CR60: 56 | CS60: 協力医療機関１ 主な診療科名１下 | CT60: V50 | CU60: V50 | DA60: 従業員職種-理学-合計 専従 常勤 | DB60: I31 | DC60: I31 | DD60: 2 | DI60: 単位1-サービス管理責任者 専従 非常勤 | DJ60: I38 | DK60: I38 | DL60: 2 | DQ60: 単位1-単位ごと利用定員 | DR60: I49 | DS60: I49 | DT60: 2 | DY60: 従業員職種-生活支援員-通所 常勤換算後の人数 | DZ60: I38 | EA60: I38 | EB60: 2 | EG60: 従業員職種-空き１ 兼務 非常勤 | EH60: X20 | EI60: X20 | EJ60: 2 | EO60: 営業日-月 | EP60: AL37 | EQ60: AL37 | ER60: 3 | ES60: FALSE | FD60: 56 | FE60: 主たる対象者-身体障害者 細分なし | FF60: AL38 | FG60: AL38 | FH60: 3 | FI60: FALSE | FT60: 56 | FU60: 主たる対象者-知的障害者 | FV60: AM38 | FW60: AM38 | FX60: 3 | FY60: FALSE | GK60: 多機能型の他の事業所3-名称 | GL60: I37 | GM60: I37 | GS60: 従業員職種-理学-理学療法士 常勤換算後の人数 | GT60: M17 | GU60: M17 | GV60: 2 | HA60: 主な掲示事項 主たる対象者 精神障害者 | HB60: AP36 | HC60: AP36 | HD60: 3 | HE60: FALSE | HY60: 主な掲示事項 その他費用 | HZ60: I39 | IA60: I39 | IG60: 主な掲示事項 利用料 | IH60: I39 | II60: I39
X61: 57 | Y61: 夜間支援体制加算（小規模事業所）の有無 | AB61: 8 | AE61: ※不要 | AG61: 主たる対象者-居宅介護-障害児 | AH61: AO37 | AI61: AO37 | AJ61: 3 | AK61: FALSE | AO61: 実施地域⑤上段右 | AP61: N24 | AQ61: N24 | AW61: 単位１ 前年度の平均利用者数 | AX61: I37 | AY61: I37 | AZ61: 2 | BD61: 57 | BE61: 単位１ 生活支援員 専従 常勤 | BF61: AC33 | BG61: AC33 | BH61: 2 | BM61: 従業員職種 精神保健福祉士 常勤換算後の人数 | BN61: S20 | BO61: S20 | BP61: 2 | BU61: 単位1-営業日-土 | BV61: AQ37 | BW61: AQ37 | BX61: 3 | BY61: FALSE | CB61: 57 | CC61: 従業員職種-看護-準看護師 専従 非常勤 | CD61: AC32 | CE61: AC32 | CF61: 2 | CK61: 事業所体制-協力医療機関１ 主な診療科名２下 | CL61: AA39 | CM61: AA39 | CR61: 57 | CS61: 協力医療機関１ 主な診療科名２下 | CT61: AA50 | CU61: AA50 | DA61: 従業員職種-理学-合計 専従 非常勤 | DB61: I32 | DC61: I32 | DD61: 2 | DI61: 単位1-サービス管理責任者 兼務 常勤 | DJ61: K37 | DK61: K37 | DL61: 2 | DQ61: 単位1-基準上の必要定員 | DR61: AC49 | DS61: AC49 | DT61: 2 | DY61: 従業員職種-生活支援員-通所 基準上の必要人数 | DZ61: I39 | EA61: I39 | EB61: 2 | EG61: 従業員職種-空き１ 常勤換算後の人数 | EH61: U21 | EI61: U21 | EJ61: 2 | EO61: 営業日-火 | EP61: AM37 | EQ61: AM37 | ER61: 3 | ES61: FALSE | FD61: 57 | FE61: 主たる対象者-身体障害者 肢体不自由 | FF61: AM38 | FG61: AM38 | FH61: 3 | FI61: FALSE | FT61: 57 | FU61: 主たる対象者-精神障害者 | FV61: AN38 | FW61: AN38 | FX61: 3 | FY61: FALSE | GK61: 多機能型の他の事業所3-郵便番号 | GL61: K38 | GM61: K38 | GN61: 1 | GS61: 従業員職種-理学-理学療法士 基準上の必要人数 | GT61: M18 | GU61: M18 | GV61: 2 | HA61: 主な掲示事項 利用料 | HB61: I37 | HC61: I37 | HY61: 主な掲示事項 事業実施地域 1-1 | HZ61: I40 | IA61: I40 | IG61: 主な掲示事項 その他費用 | IH61: I40 | II61: I40
X62: 58 | Y62: 大規模住居減算の有無 | AB62: 8 | AE62: ※不要 | AG62: 主たる対象者-居宅介護-精神障害者 | AH62: AP37 | AI62: AP37 | AJ62: 3 | AK62: FALSE | AO62: 実施地域⑤下段 | AP62: I25 | AQ62: I25 | AW62: 単位１ 単位ごとの利用定員 | AX62: I38 | AY62: I38 | AZ62: 2 | BD62: 58 | BE62: 単位１ 生活支援員 専従 非常勤 | BF62: AC34 | BG62: AC34 | BH62: 2 | BM62: 従業員職種 精神保健福祉士 基準上の必要人数 | BN62: S21 | BO62: S21 | BP62: 2 | BU62: 単位1-営業日-日 | BV62: AR37 | BW62: AR37 | BX62: 3 | BY62: FALSE | CB62: 58 | CC62: 従業員職種-看護-準看護師 兼務 常勤 | CD62: AE31 | CE62: AE31 | CF62: 2 | CK62: 事業所体制-協力医療機関１ 主な診療科名３下 | CL62: AF39 | CM62: AF39 | CR62: 58 | CS62: 協力医療機関１ 主な診療科名３下 | CT62: AF50 | CU62: AF50 | DA62: 従業員職種-理学-合計 兼務 常勤 | DB62: K31 | DC62: K31 | DD62: 2 | DI62: 単位1-サービス管理責任者 兼務 非常勤 | DJ62: K38 | DK62: K38 | DL62: 2 | DQ62: 単位1-主たる対象者-身体障害者 細分なし | DR62: AL50 | DS62: AL50 | DT62: 3 | DU62: FALSE | DY62: 従業員職種-生活支援員-訪問 専従 常勤 | DZ62: O36 | EA62: O36 | EB62: 2 | EG62: 従業員職種-空き１ 基準上の必要人数 | EH62: U22 | EI62: U22 | EJ62: 2 | EO62: 営業日-水 | EP62: AN37 | EQ62: AN37 | ER62: 3 | ES62: FALSE | FD62: 58 | FE62: 主たる対象者-身体障害者 視覚障害 | FF62: AN38 | FG62: AN38 | FH62: 3 | FI62: FALSE | FT62: 58 | FU62: 利用料 | FV62: I39 | FW62: I39 | GK62: 多機能型の他の事業所3-所在地上段 | GL62: I39 | GM62: I39 | GS62: 従業員職種-理学-作業療法士 専従 常勤 | GT62: Q15 | GU62: Q15 | GV62: 2 | HA62: 主な掲示事項 その他費用 | HB62: I38 | HC62: I38 | HY62: 主な掲示事項 事業実施地域 1-2 | HZ62: N40 | IA62: N40 | IG62: 主な掲示事項 事業実施地域 1-1 | IH62: I41 | II62: I41
X63: 59 | Y63: 利用定員超過による減算の有無 | AB63: 8 | AE63: ※不要 | AG63: 主たる対象者-行動援護-特定なし | AH63: AL39 | AI63: AL39 | AJ63: 3 | AK63: FALSE | AO63: 実施地域⑥上段左 | AP63: P24 | AQ63: P24 | AW63: 単位１ 基準上の必要定員 | AX63: I39 | AY63: I39 | AZ63: 2 | BD63: 59 | BE63: 単位１ 生活支援員 兼務 常勤 | BF63: AE33 | BG63: AE33 | BH63: 2 | BM63: 従業員職種 空き１ 専従 常勤 | BN63: X18 | BO63: X18 | BP63: 2 | BU63: 単位1-営業時間-平日-開始 | BV63: L38 | BW63: L38 | CB63: 59 | CC63: 従業員職種-看護-準看護師 兼務 非常勤 | CD63: AE32 | CE63: AE32 | CF63: 2 | CK63: 事業所体制-協力医療機関２ 名称 | CL63: I40 | CM63: I40 | CR63: 59 | CS63: 協力医療機関２ 名称 | CT63: I51 | CU63: I51 | DA63: 従業員職種-理学-合計 兼務 非常勤 | DB63: K32 | DC63: K32 | DD63: 2 | DI63: 単位1-サービス管理責任者 常勤換算後の人数 | DJ63: I39 | DK63: I39 | DL63: 2 | DQ63: 単位1-主たる対象者-身体障害者 肢体不自由 | DR63: AM50 | DS63: AM50 | DT63: 3 | DU63: FALSE | DY63: 従業員職種-生活支援員-訪問 専従 非常勤 | DZ63: O37 | EA63: O37 | EB63: 2 | EG63: 従業員職種-空き２ 専従 常勤 | EH63: AA19 | EI63: AA19 | EJ63: 2 | EO63: 営業日-木 | EP63: AO37 | EQ63: AO37 | ER63: 3 | ES63: FALSE | FD63: 59 | FE63: 主たる対象者-身体障害者 聴覚・言語 | FF63: AO38 | FG63: AO38 | FH63: 3 | FI63: FALSE | FT63: 59 | FU63: その他費用 | FV63: I40 | FW63: I40 | GK63: 多機能型の他の事業所3-所在地下段 | GL63: I40 | GM63: I40 | GS63: 従業員職種-理学-作業療法士 専従 非常勤 | GT63: Q16 | GU63: Q16 | GV63: 2 | HA63: 主な掲示事項 通常の事業の実施地域 1-1 | HB63: I39 | HC63: I39 | HY63: 主な掲示事項 事業実施地域 1-3 | HZ63: I41 | IA63: I41 | IG63: 主な掲示事項 事業実施地域 1-2 | IH63: N41 | II63: N41
X64: 60 | Y64: 職員欠如による減算の有無 | AB64: 8 | AE64: ※不要 | AG64: 主たる対象者-行動援護-知的障害者 | AH64: AM39 | AI64: AM39 | AJ64: 3 | AK64: FALSE | AO64: 実施地域⑥上段右 | AP64: U24 | AQ64: U24 | AW64: 単位１ 単位番号 | AX64: AI39 | AY64: AI39 | AZ64: 14 | BD64: 60 | BE64: 単位１ 生活支援員 兼務 非常勤 | BF64: AE34 | BG64: AE34 | BH64: 2 | BM64: 従業員職種 空き１ 専従 非常勤 | BN64: X19 | BO64: X19 | BP64: 2 | BU64: 単位1-営業時間-平日-終了 | BV64: Q38 | BW64: Q38 | CB64: 60 | CC64: 従業員職種-看護-準看護師 常勤換算後の人数 | CD64: AC33 | CE64: AC33 | CF64: 2 | CK64: 事業所体制-協力医療機関２ 主な診療科名１上 | CL64: V40 | CM64: V40 | CR64: 60 | CS64: 協力医療機関２ 主な診療科名１上 | CT64: V51 | CU64: V51 | DA64: 従業員職種-理学-合計 常勤換算後の人数 | DB64: I33 | DC64: I33 | DD64: 2 | DI64: 単位1-サービス管理責任者 基準上の必要人数 | DJ64: I40 | DK64: I40 | DL64: 2 | DQ64: 単位1-主たる対象者-身体障害者 視覚障害 | DR64: AN50 | DS64: AN50 | DT64: 3 | DU64: FALSE | DY64: 従業員職種-生活支援員-訪問 兼務 常勤 | DZ64: R36 | EA64: R36 | EB64: 2 | EG64: 従業員職種-空き２ 専従 非常勤 | EH64: AA20 | EI64: AA20 | EJ64: 2 | EO64: 営業日-金 | EP64: AP37 | EQ64: AP37 | ER64: 3 | ES64: FALSE | FD64: 60 | FE64: 主たる対象者-身体障害者 内部障害 | FF64: AP38 | FG64: AP38 | FH64: 3 | FI64: FALSE | FT64: 60 | FU64: その他参考事項 第三者評価の実施状況 | FV64: R41 | FW64: R41 | FX64: 4 | FY64: 2 | GK64: 多機能型の他の事業所3-電話番号 | GL64: M41 | GM64: M41 | GS64: 従業員職種-理学-作業療法士 兼務 常勤 | GT64: S15 | GU64: S15 | GV64: 2 | HA64: 主な掲示事項 通常の事業の実施地域 1-2 | HB64: N39 | HC64: N39 | HY64: 主な掲示事項 事業実施地域 2-1 | HZ64: P40 | IA64: P40 | IG64: 主な掲示事項 事業実施地域 1-3 | IH64: I42 | II64: I42
X65: 61 | Y65: 標準利用期間超過減算の有無 | AB65: 8 | AE65: ※不要 | AG65: 主たる対象者-行動援護-障害児 | AH65: AN39 | AI65: AN39 | AJ65: 3 | AK65: FALSE | AO65: 実施地域⑥下段 | AP65: P25 | AQ65: P25 | AW65: 単位１ 利用定員超過減算 | AX65: I40 | AY65: I40 | AZ65: 4 | BA65: 2 | BD65: 61 | BE65: 単位１ 生活支援員 常勤換算後の人数 | BF65: AC35 | BG65: AC35 | BH65: 2 | BM65: 従業員職種 空き１ 兼務 常勤 | BN65: Z18 | BO65: Z18 | BP65: 2 | BU65: 単位1-営業時間-土曜-開始 | BV65: W38 | BW65: W38 | CB65: 61 | CC65: 従業員職種-看護-準看護師 基準上の必要人数 | CD65: AC34 | CE65: AC34 | CF65: 2 | CK65: 事業所体制-協力医療機関２ 主な診療科名２上 | CL65: AA40 | CM65: AA40 | CR65: 61 | CS65: 協力医療機関２ 主な診療科名２上 | CT65: AA51 | CU65: AA51 | DA65: 従業員職種-理学-合計 基準上の必要人数 | DB65: I34 | DC65: I34 | DD65: 2 | DI65: 単位1-医師 専従 常勤 | DJ65: M37 | DK65: M37 | DL65: 2 | DQ65: 単位1-主たる対象者-身体障害者 聴覚・言語 | DR65: AO50 | DS65: AO50 | DT65: 3 | DU65: FALSE | DY65: 従業員職種-生活支援員-訪問 兼務 非常勤 | DZ65: R37 | EA65: R37 | EB65: 2 | EG65: 従業員職種-空き２ 兼務 常勤 | EH65: AC19 | EI65: AC19 | EJ65: 2 | EO65: 営業日-土 | EP65: AQ37 | EQ65: AQ37 | ER65: 3 | ES65: FALSE | FD65: 61 | FE65: 主たる対象者-特定なし | FF65: AL39 | FG65: AL39 | FH65: 3 | FI65: FALSE | FT65: 61 | FU65: その他参考事項 苦情解決 窓口（連絡先） | FV65: W42 | FW65: W42 | GK65: 多機能型の他の事業所3-ＦＡＸ番号 | GL65: AA41 | GM65: AA41 | GS65: 従業員職種-理学-作業療法士 兼務 非常勤 | GT65: S16 | GU65: S16 | GV65: 2 | HA65: 主な掲示事項 通常の事業の実施地域 1-3 | HB65: I40 | HC65: I40 | HY65: 主な掲示事項 事業実施地域 2-2 | HZ65: U40 | IA65: U40 | IG65: 主な掲示事項 事業実施地域 2-1 | IH65: P41 | II65: P41
X66: 62 | Y66: 指定有効開始年月日 | Z66: G46 | AA66: G46 | AG66: 主たる対象者-行動援護-精神障害者 | AH66: AO39 | AI66: AO39 | AJ66: 3 | AK66: FALSE | AO66: 実施地域⑦上段左 | AP66: W24 | AQ66: W24 | AW66: 単位１ 職員欠如減算 | AX66: S40 | AY66: S40 | AZ66: 4 | BA66: 2 | BD66: 62 | BE66: 単位１ 生活支援員 基準上の必要人数 | BF66: AC36 | BG66: AC36 | BH66: 2 | BM66: 従業員職種 空き１ 兼務 非常勤 | BN66: Z19 | BO66: Z19 | BP66: 2 | BU66: 単位1-営業時間-土曜-終了 | BV66: AB38 | BW66: AB38 | CB66: 62 | CC66: 従業員職種-心理判定員 専従 常勤 | CD66: AG31 | CE66: AG31 | CF66: 2 | CK66: 事業所体制-協力医療機関２ 主な診療科名３上 | CL66: AF40 | CM66: AF40 | CR66: 62 | CS66: 協力医療機関２ 主な診療科名３上 | CT66: AF51 | CU66: AF51 | DA66: 従業員職種-理学-理学療法士 専従 常勤 | DB66: M31 | DC66: M31 | DD66: 2 | DI66: 単位1-医師 専従 非常勤 | DJ66: M38 | DK66: M38 | DL66: 2 | DQ66: 単位1-主たる対象者-身体障害者 内部障害 | DR66: AP50 | DS66: AP50 | DT66: 3 | DU66: FALSE | DY66: 従業員職種-生活支援員-訪問 常勤換算後の人数 | DZ66: O38 | EA66: O38 | EB66: 2 | EG66: 従業員職種-空き２ 兼務 非常勤 | EH66: AC20 | EI66: AC20 | EJ66: 2 | EO66: 営業日-日 | EP66: AR37 | EQ66: AR37 | ER66: 3 | ES66: FALSE | FD66: 62 | FE66: 主たる対象者-知的障害者 | FF66: AM39 | FG66: AM39 | FH66: 3 | FI66: FALSE | FT66: 62 | FU66: その他参考事項 苦情解決 担当者 | FV66: W43 | FW66: W43 | GK66: 多機能型の他の事業所4-ｻｰﾋﾞｽ種類 | GL66: I42 | GM66: I42 | GS66: 従業員職種-理学-作業療法士 常勤換算後の人数 | GT66: Q17 | GU66: Q17 | GV66: 2 | HA66: 主な掲示事項 通常の事業の実施地域 2-1 | HB66: P39 | HC66: P39 | HY66: 主な掲示事項 事業実施地域 2-3 | HZ66: P41 | IA66: P41 | IG66: 主な掲示事項 事業実施地域 2-2 | IH66: U41 | II66: U41
X67: 63 | Y67: 指定有効終了年月日 | Z67: Q46 | AA67: Q46 | AG67: 利用料 | AH67: I41 | AI67: I41 | AO67: 実施地域⑦上段右 | AP67: AB24 | AQ67: AB24 | AW67: 単位１ 人員配置区分 | AX67: AD40 | AY67: AE40 | AZ67: 5 | BA67: 00 | BB67: 人員配置区分_療養介護 | BC67: コンボボックス | BD67: 63 | BE67: 単位１ 精神保健福祉士 専従 常勤 | BF67: I39 | BG67: I39 | BH67: 2 | BM67: 従業員職種 空き１ 常勤換算後の人数 | BN67: X20 | BO67: X20 | BP67: 2 | BU67: 単位1-営業時間-日曜-開始 | BV67: L39 | BW67: L39 | CB67: 63 | CC67: 従業員職種-心理判定員 専従 非常勤 | CD67: AG32 | CE67: AG32 | CF67: 2 | CK67: 事業所体制-協力医療機関２ 主な診療科名１下 | CL67: V41 | CM67: V41 | CR67: 63 | CS67: 協力医療機関２ 主な診療科名１下 | CT67: V52 | CU67: V52 | DA67: 従業員職種-理学-理学療法士 専従 非常勤 | DB67: M32 | DC67: M32 | DD67: 2 | DI67: 単位1-医師 兼務 常勤 | DJ67: O37 | DK67: O37 | DL67: 2 | DQ67: 単位1-主たる対象者-特定なし | DR67: AL51 | DS67: AL51 | DT67: 3 | DU67: FALSE | DY67: 従業員職種-生活支援員-訪問 基準上の必要人数 | DZ67: O39 | EA67: O39 | EB67: 2 | EG67: 従業員職種-空き２ 常勤換算後の人数 | EH67: AA21 | EI67: AA21 | EJ67: 2 | EO67: 営業時間-平日-開始 | EP67: L38 | EQ67: L38 | FD67: 63 | FE67: 主たる対象者-精神障害者 | FF67: AN39 | FG67: AN39 | FH67: 3 | FI67: FALSE | FT67: 63 | FU67: その他参考事項 その他 | FV67: R44 | FW67: R44 | GK67: 多機能型の他の事業所4-ﾌﾘｶﾞﾅ | GL67: I43 | GM67: I43 | GS67: 従業員職種-理学-作業療法士 基準上の必要人数 | GT67: Q18 | GU67: Q18 | GV67: 2 | HA67: 主な掲示事項 通常の事業の実施地域 2-2 | HB67: U39 | HC67: U39 | HY67: 主な掲示事項 事業実施地域 3-1 | HZ67: W40 | IA67: W40 | IG67: 主な掲示事項 事業実施地域 2-3 | IH67: P42 | II67: P42
X68: 64 | Y68: 指定更新中区分 | Z68: G47 | AA68: G47 | AB68: 4 | AC68: 2 | AG68: その他費用 | AH68: I42 | AI68: I42 | AO68: 実施地域⑦下段 | AP68: W25 | AQ68: W25 | AW68: 療養介護全体の利用定員 | AX68: I41 | AY68: I41 | BD68: 64 | BE68: 単位１ 精神保健福祉士 専従 非常勤 | BF68: I40 | BG68: I40 | BH68: 2 | BM68: 従業員職種 空き１ 基準上の必要人数 | BN68: X21 | BO68: X21 | BP68: 2 | BU68: 単位1-営業時間-日曜-終了 | BV68: Q39 | BW68: Q39 | CB68: 64 | CC68: 従業員職種-心理判定員 兼務 常勤 | CD68: AI31 | CE68: AI31 | CF68: 2 | CK68: 事業所体制-協力医療機関２ 主な診療科名２下 | CL68: AA41 | CM68: AA41 | CR68: 64 | CS68: 協力医療機関２ 主な診療科名２下 | CT68: AA52 | CU68: AA52 | DA68: 従業員職種-理学-理学療法士 兼務 常勤 | DB68: O31 | DC68: O31 | DD68: 2 | DI68: 単位1-医師 兼務 非常勤 | DJ68: O38 | DK68: O38 | DL68: 2 | DQ68: 単位1-主たる対象者-知的障害者 | DR68: AM51 | DS68: AM51 | DT68: 3 | DU68: FALSE | DY68: 従業員職種-空き１ 専従 常勤 | DZ68: U36 | EA68: U36 | EB68: 2 | EG68: 従業員職種-空き２ 基準上の必要人数 | EH68: AA22 | EI68: AA22 | EJ68: 2 | EO68: 営業時間-平日-終了 | EP68: Q38 | EQ68: Q38 | FD68: 64 | FE68: 利用料 | FF68: I40 | FG68: I40 | FT68: 64 | FU68: 協力医療機関１ 名称 | FV68: I45 | FW68: I45 | GK68: 多機能型の他の事業所4-名称 | GL68: I44 | GM68: I44 | GS68: 従業員職種-理学-機能訓練指導員 専従 常勤 | GT68: U15 | GU68: U15 | GV68: 2 | HA68: 主な掲示事項 通常の事業の実施地域 2-3 | HB68: P40 | HC68: P40 | HY68: 主な掲示事項 事業実施地域 3-2 | HZ68: AB40 | IA68: AB40 | IG68: 主な掲示事項 事業実施地域 3-1 | IH68: W41 | II68: W41
X69: 65 | Y69: 効力停止開始年月日 | Z69: G48 | AA69: G48 | AG69: 実施地域①上段左 | AH69: I43 | AI69: I43 | AO69: 実施地域⑧上段左 | AP69: AD24 | AQ69: AD24 | AW69: 前年度の平均利用者数 | AX69: I42 | AY69: I42 | BD69: 65 | BE69: 単位１ 精神保健福祉士 兼務 常勤 | BF69: K39 | BG69: K39 | BH69: 2 | BM69: 従業員職種 空き２ 専従 常勤 | BN69: AC18 | BO69: AC18 | BP69: 2 | BU69: 単位1-営業時間-祝日-開始 | BV69: W39 | BW69: W39 | CB69: 65 | CC69: 従業員職種-心理判定員 兼務 非常勤 | CD69: AI32 | CE69: AI32 | CF69: 2 | CK69: 事業所体制-協力医療機関２ 主な診療科名３下 | CL69: AF41 | CM69: AF41 | CR69: 65 | CS69: 協力医療機関２ 主な診療科名３下 | CT69: AF52 | CU69: AF52 | DA69: 従業員職種-理学-理学療法士 兼務 非常勤 | DB69: O32 | DC69: O32 | DD69: 2 | DI69: 単位1-医師 常勤換算後の人数 | DJ69: M39 | DK69: M39 | DL69: 2 | DQ69: 単位1-主たる対象者-精神障害者 | DR69: AN51 | DS69: AN51 | DT69: 3 | DU69: FALSE | DY69: 従業員職種-空き１ 専従 非常勤 | DZ69: U37 | EA69: U37 | EB69: 2 | EG69: 従業員職種-空き３ 専従 常勤 | EH69: AF19 | EI69: AF19 | EJ69: 2 | EO69: 営業時間-土曜-開始 | EP69: W38 | EQ69: W38 | FD69: 65 | FE69: その他費用 | FF69: I41 | FG69: I41 | FT69: 65 | FU69: 協力医療機関１ 主な診療科名１（上) | FV69: V45 | FW69: V45 | GK69: 多機能型の他の事業所4-郵便番号 | GL69: K45 | GM69: K45 | GN69: 1 | GS69: 従業員職種-理学-機能訓練指導員 専従 非常勤 | GT69: U16 | GU69: U16 | GV69: 2 | HA69: 主な掲示事項 通常の事業の実施地域 3-1 | HB69: W39 | HC69: W39 | HY69: 主な掲示事項 事業実施地域 3-3 | HZ69: W41 | IA69: W41 | IG69: 主な掲示事項 事業実施地域 3-2 | IH69: AB41 | II69: AB41
X70: 66 | Y70: 効力停止終了年月日 | Z70: Q48 | AA70: Q48 | AG70: 実施地域①上段右 | AH70: N43 | AI70: N43 | AO70: 実施地域⑧上段右 | AP70: AI24 | AQ70: AI24 | AW70: 多目的室の有無 | AX70: Y43 | AY70: Y43 | AZ70: 4 | BA70: 2 | BD70: 66 | BE70: 単位１ 精神保健福祉士 兼務 非常勤 | BF70: K40 | BG70: K40 | BH70: 2 | BM70: 従業員職種 空き２ 専従 非常勤 | BN70: AC19 | BO70: AC19 | BP70: 2 | BU70: 単位1-営業時間-祝日-終了 | BV70: AB39 | BW70: AB39 | CB70: 66 | CC70: 従業員職種-心理判定員 常勤換算後の人数 | CD70: AG33 | CE70: AG33 | CF70: 2 | CK70: 事業所体制-協力医療機関３ 名称 | CL70: I42 | CM70: I42 | CR70: 66 | CS70: 協力医療機関３ 名称 | CT70: I53 | CU70: I53 | DA70: 従業員職種-理学-理学療法士 常勤換算後の人数 | DB70: M33 | DC70: M33 | DD70: 2 | DI70: 単位1-医師 基準上の必要人数 | DJ70: M40 | DK70: M40 | DL70: 2 | DQ70: 単位1-利用定員超過減算 | DR70: I52 | DS70: I52 | DT70: 4 | DU70: 2 | DY70: 従業員職種-空き１ 兼務 常勤 | DZ70: X36 | EA70: X36 | EB70: 2 | EG70: 従業員職種-空き３ 専従 非常勤 | EH70: AF20 | EI70: AF20 | EJ70: 2 | EO70: 営業時間-土曜-終了 | EP70: AB38 | EQ70: AB38 | FD70: 66 | FE70: その他参考事項 第三者評価の実施状況 | FF70: R42 | FG70: R42 | FH70: 4 | FI70: 2 | FT70: 66 | FU70: 協力医療機関１ 主な診療科名２ | FV70: AA45 | FW70: AA45 | GK70: 多機能型の他の事業所4-所在地上段 | GL70: I46 | GM70: I46 | GS70: 従業員職種-理学-機能訓練指導員 兼務 常勤 | GT70: W15 | GU70: W15 | GV70: 2 | HA70: 主な掲示事項 通常の事業の実施地域 3-2 | HB70: AB39 | HC70: AB39 | HY70: 主な掲示事項 事業実施地域 4-1 | HZ70: AD40 | IA70: AD40 | IG70: 主な掲示事項 事業実施地域 3-3 | IH70: W42 | II70: W42
X71: 67 | Y71: 地域生活支援拠点等区分 | AA71: Q47 | AB71: 4 | AC71: 2 | AG71: 実施地域①下段 | AH71: I44 | AI71: I44 | AO71: 実施地域⑧下段 | AP71: AD25 | AQ71: AD25 | AW71: 医療法の規定により病院で有無おくもの | AX71: Y44 | AY71: Y44 | AZ71: 4 | BA71: 2 | BD71: 67 | BE71: 単位１ 精神保健福祉士 常勤換算後の人数 | BF71: I41 | BG71: I41 | BH71: 2 | BM71: 従業員職種 空き２ 兼務 常勤 | BN71: AE18 | BO71: AE18 | BP71: 2 | BU71: 単位1-営業時間-備考 | BV71: AE39 | BW71: AE39 | CB71: 67 | CC71: 従業員職種-心理判定員 基準上の必要人数 | CD71: AG34 | CE71: AG34 | CF71: 2 | CK71: 事業所体制-協力医療機関３ 主な診療科名１上 | CL71: V42 | CM71: V42 | CR71: 67 | CS71: 協力医療機関３ 主な診療科名１上 | CT71: V53 | CU71: V53 | DA71: 従業員職種-理学-理学療法士 基準上の必要人数 | DB71: M34 | DC71: M34 | DD71: 2 | DI71: 単位1-看護職員 専従 常勤 | DJ71: Q37 | DK71: Q37 | DL71: 2 | DQ71: 単位1-職員欠如減算 | DR71: R52 | DS71: R52 | DT71: 4 | DU71: 2 | DY71: 従業員職種-空き１ 兼務 非常勤 | DZ71: X37 | EA71: X37 | EB71: 2 | EG71: 従業員職種-空き３ 兼務 常勤 | EH71: AH19 | EI71: AH19 | EJ71: 2 | EO71: 営業時間-日曜-開始 | EP71: L39 | EQ71: L39 | FD71: 67 | FE71: その他参考事項 苦情解決 窓口（連絡先） | FF71: W43 | FG71: W43 | FT71: 67 | FU71: 協力医療機関１ 主な診療科名３ | FV71: AF45 | FW71: AF45 | GK71: 多機能型の他の事業所4-所在地下段 | GL71: I47 | GM71: I47 | GS71: 従業員職種-理学-機能訓練指導員 兼務 非常勤 | GT71: W16 | GU71: W16 | GV71: 2 | HA71: 主な掲示事項 通常の事業の実施地域 3-3 | HB71: W40 | HC71: W40 | HY71: 主な掲示事項 事業実施地域 4-2 | HZ71: AI40 | IA71: AI40 | IG71: 主な掲示事項 事業実施地域 4-1 | IH71: AD41 | II71: AD41
X72: 68 | Y72: 指定管理者制度適用区分 | AA72: G49 | AB72: 4 | AC72: 2 | AG72: 実施地域②上段左 | AH72: P43 | AI72: P43 | AO72: 第三者評価の実施状況 | AP72: R26 | AQ72: R26 | AR72: 4 | AS72: 2 | AW72: 利用料 | AX72: I45 | AY72: I45 | BD72: 68 | BE72: 単位１ 精神保健福祉士 基準上の必要人数 | BF72: I42 | BG72: I42 | BH72: 2 | BM72: 従業員職種 空き２ 兼務 非常勤 | BN72: AE19 | BO72: AE19 | BP72: 2 | BU72: 単位１ 単位ごとの利用定員 | BV72: I40 | BW72: I40 | CB72: 68 | CC72: 従業員職種-職能判定員 専従 常勤 | CD72: I38 | CE72: I38 | CF72: 2 | CK72: 事業所体制-協力医療機関３ 主な診療科名２上 | CL72: AA42 | CM72: AA42 | CR72: 68 | CS72: 協力医療機関３ 主な診療科名２上 | CT72: AA53 | CU72: AA53 | DA72: 従業員職種-理学-作業療法士 専従 常勤 | DB72: Q31 | DC72: Q31 | DD72: 2 | DI72: 単位1-看護職員 専従 非常勤 | DJ72: Q38 | DK72: Q38 | DL72: 2 | DQ72: 単位1-人員配置区分 | DR72: AM52 | DS72: AM52 | DT72: 5 | DU72: 1 | DV72: 人員配置区分_施設入所支援 | DW72: ※コンボボックス | DY72: 従業員職種-空き１ 常勤換算後の人数 | DZ72: U38 | EA72: U38 | EB72: 2 | EG72: 従業員職種-空き３ 兼務 非常勤 | EH72: AH20 | EI72: AH20 | EJ72: 2 | EO72: 営業時間-日曜-終了 | EP72: Q39 | EQ72: Q39 | FD72: 68 | FE72: その他参考事項 苦情解決 担当者 | FF72: W44 | FG72: W44 | FT72: 68 | FU72: 協力医療機関１ 主な診療科名４（下) | FV72: V46 | FW72: V46 | GK72: 多機能型の他の事業所4-電話番号 | GL72: M48 | GM72: M48 | GS72: 従業員職種-理学-機能訓練指導員 常勤換算後の人数 | GT72: U17 | GU72: U17 | GV72: 2 | HA72: 主な掲示事項 通常の事業の実施地域 4-1 | HB72: AD39 | HC72: AD39 | HY72: 主な掲示事項 事業実施地域 4-3 | HZ72: AD41 | IA72: AD41 | IG72: 主な掲示事項 事業実施地域 4-2 | IH72: AI41 | II72: AI41
X73: 69 | Y73: 支所コード | AA73: Q49 | AB73: 2 | AG73: 実施地域②上段右 | AH73: U43 | AI73: U43 | AO73: 窓口（連絡先） | AP73: W27 | AQ73: W27 | AW73: その他費用 | AX73: I46 | AY73: I46 | BD73: 69 | BE73: 単位１ 空き１ 専従 常勤 | BF73: N39 | BG73: N39 | BH73: 2 | BM73: 従業員職種 空き２ 常勤換算後の人数 | BN73: AC20 | BO73: AC20 | BP73: 2 | BU73: 単位１ 単位番号 | BV73: AI40 | BW73: AI40 | CB73: 69 | CC73: 従業員職種-職能判定員 専従 非常勤 | CD73: I39 | CE73: I39 | CF73: 2 | CK73: 事業所体制-協力医療機関３ 主な診療科名３上 | CL73: AF42 | CM73: AF42 | CR73: 69 | CS73: 協力医療機関３ 主な診療科名３上 | CT73: AF53 | CU73: AF53 | DA73: 従業員職種-理学-作業療法士 専従 非常勤 | DB73: Q32 | DC73: Q32 | DD73: 2 | DI73: 単位1-看護職員 兼務 常勤 | DJ73: S37 | DK73: S37 | DL73: 2 | DQ73: 単位1-重度障害者支援加算Ⅰ（基本） | DR73: I53 | DS73: I53 | DT73: 4 | DU73: 2 | DY73: 従業員職種-空き１ 基準上の必要人数 | DZ73: U39 | EA73: U39 | EB73: 2 | EG73: 従業員職種-空き３ 常勤換算後の人数 | EH73: AF21 | EI73: AF21 | EJ73: 2 | EO73: 営業時間-祝日-開始 | EP73: W39 | EQ73: W39 | FD73: 69 | FE73: その他参考事項 その他 | FF73: R45 | FG73: R45 | FT73: 69 | FU73: 協力医療機関１ 主な診療科名５ | FV73: AA46 | FW73: AA46 | GK73: 多機能型の他の事業所4-ＦＡＸ番号 | GL73: AA48 | GM73: AA48 | GS73: 従業員職種-理学-機能訓練指導員 基準上の必要人数 | GT73: U18 | GU73: U18 | GV73: 2 | HA73: 主な掲示事項 通常の事業の実施地域 4-2 | HB73: AI39 | HC73: AI39 | HY73: 主な掲示事項 事業実施地域 5-1 | HZ73: I42 | IA73: I42 | IG73: 主な掲示事項 事業実施地域 4-3 | IH73: AD42 | II73: AD42
X74: 70 | Y74: 事業変更年月日 | Z74: G50 | AA74: G50 | AG74: 実施地域②下段 | AH74: P44 | AI74: P44 | AO74: 担当者 | AP74: W28 | AQ74: W28 | AW74: 主な掲示事項 第三者評価の実施状況 | AX74: R47 | AY74: R47 | AZ74: 4 | BA74: 2 | BD74: 70 | BE74: 単位１ 空き１ 専従 非常勤 | BF74: N40 | BG74: N40 | BH74: 2 | BM74: 従業員職種 空き２ 基準上の必要人数 | BN74: AC21 | BO74: AC21 | BP74: 2 | BU74: 単位１ 利用定員超過減算 | BV74: I41 | BW74: I41 | BX74: 4 | BY74: 2 | CB74: 70 | CC74: 従業員職種-職能判定員 兼務 常勤 | CD74: K38 | CE74: K38 | CF74: 2 | CK74: 事業所体制-協力医療機関３ 主な診療科名１下 | CL74: V43 | CM74: V43 | CR74: 70 | CS74: 協力医療機関３ 主な診療科名１下 | CT74: V54 | CU74: V54 | DA74: 従業員職種-理学-作業療法士 兼務 常勤 | DB74: S31 | DC74: S31 | DD74: 2 | DI74: 単位1-看護職員 兼務 非常勤 | DJ74: S38 | DK74: S38 | DL74: 2 | DQ74: 単位1-重度障害者支援加算Ⅰ（重度） | DR74: T53 | DS74: T53 | DT74: 4 | DU74: 2 | DY74: 従業員職種-空き２ 専従 常勤 | DZ74: AA36 | EA74: AA36 | EB74: 2 | EG74: 従業員職種-空き３ 基準上の必要人数 | EH74: AF22 | EI74: AF22 | EJ74: 2 | EO74: 営業時間-祝日-終了 | EP74: AB39 | EQ74: AB39 | FD74: 70 | FE74: 協力医療機関１ 名称 | FF74: I46 | FG74: I46 | FT74: 70 | FU74: 協力医療機関１ 主な診療科名６ | FV74: AF46 | FW74: AF46 | GK74: 管理者ﾌﾘｶﾞﾅ | GL74: I49 | GM74: I49 | GS74: 従業員職種-職業指導員-合計 専従 常勤 | GT74: Y15 | GU74: Y15 | GV74: 2 | HA74: 主な掲示事項 通常の事業の実施地域 4-3 | HB74: AD40 | HC74: AD40 | HY74: 主な掲示事項 事業実施地域 5-2 | HZ74: N42 | IA74: N42 | IG74: 主な掲示事項 事業実施地域 5-1 | IH74: I43 | II74: I43
AG75: 実施地域③上段左 | AH75: W43 | AI75: W43 | AO75: その他 | AP75: R29 | AQ75: R29 | AW75: 主な掲示事項 苦情解決の措置概要 窓口（連絡先） | AX75: W48 | AY75: W48 | BD75: 71 | BE75: 単位１ 空き１ 兼務 常勤 | BF75: P39 | BG75: P39 | BH75: 2 | BM75: 従たる事業所の利用定員数(旧 利用定員) | BN75: I22 | BO75: I22 | BP75: 2 | BU75: 単位１ 職員欠如減算 | BV75: S41 | BW75: S41 | BX75: 4 | BY75: 2 | CB75: 71 | CC75: 従業員職種-職能判定員 兼務 非常勤 | CD75: K39 | CE75: K39 | CF75: 2 | CK75: 事業所体制-協力医療機関３ 主な診療科名２下 | CL75: AA43 | CM75: AA43 | CR75: 71 | CS75: 協力医療機関３ 主な診療科名２下 | CT75: AA54 | CU75: AA54 | DA75: 従業員職種-理学-作業療法士 兼務 非常勤 | DB75: S32 | DC75: S32 | DD75: 2 | DI75: 単位1-看護職員 常勤換算後の人数 | DJ75: Q39 | DK75: Q39 | DL75: 2 | DQ75: 単位1-重度障害者支援加算Ⅱ | DR75: AF53 | DS75: AF53 | DT75: 4 | DU75: 2 | DY75: 従業員職種-空き２ 専従 非常勤 | DZ75: AA37 | EA75: AA37 | EB75: 2 | EG75: 従たる事業所の利用定員 | EH75: I23 | EI75: I23 | EJ75: 2 | EO75: 営業時間-備考 | EP75: AE39 | EQ75: AE39 | FD75: 71 | FE75: 協力医療機関１ 主な診療科名１（上) | FF75: V46 | FG75: V46 | FT75: 71 | FU75: 協力医療機関２ 名称 | FV75: I47 | FW75: I47 | GK75: 管理者氏名 | GL75: I50 | GM75: I50 | GS75: 従業員職種-職業指導員-合計 専従 非常勤 | GT75: Y16 | GU75: Y16 | GV75: 2 | HA75: 主な掲示事項 通常の事業の実施地域 5-1 | HB75: I41 | HC75: I41 | HY75: 主な掲示事項 事業実施地域 5-3 | HZ75: I43 | IA75: I43 | IG75: 主な掲示事項 事業実施地域 5-2 | IH75: N43 | II75: N43
AG76: 実施地域③上段右 | AH76: AB43 | AI76: AB43 | AO76: サービス内容-同行援護 | AP76: AL15 | AQ76: AL15 | AR76: 3 | AS76: FALSE | AW76: 主な掲示事項 苦情解決の措置概要 担当者 | AX76: W49 | AY76: W49 | BD76: 72 | BE76: 単位１ 空き１ 兼務 非常勤 | BF76: P40 | BG76: P40 | BH76: 2 | BU76: 単位１ 施設等の区分 | BV76: AD41 | BW76: AE41 | BX76: 5 | BY76: 0 | BZ76: 施設等の区分_児童デイ | CA76: コンボボックス | CB76: 72 | CC76: 従業員職種-職能判定員 常勤換算後の人数 | CD76: I40 | CE76: I40 | CF76: 2 | CK76: 事業所体制-協力医療機関３ 主な診療科名３下 | CL76: AF43 | CM76: AF43 | CR76: 72 | CS76: 協力医療機関３ 主な診療科名３下 | CT76: AF54 | CU76: AF54 | DA76: 従業員職種-理学-作業療法士 常勤換算後の人数 | DB76: Q33 | DC76: Q33 | DD76: 2 | DI76: 単位1-看護職員 基準上の必要人数 | DJ76: Q40 | DK76: Q40 | DL76: 2 | DQ76: 単位2-施設障害福祉サービスの種類 | DR76: I54 | DS76: I54 | DY76: 従業員職種-空き２ 兼務 常勤 | DZ76: AC36 | EA76: AC36 | EB76: 2 | EO76: 主たる対象者-知的障害者 | EP76: AM40 | EQ76: AM40 | ER76: 3 | ES76: FALSE | FD76: 72 | FE76: 協力医療機関１ 主な診療科名２ | FF76: AA46 | FG76: AA46 | FT76: 72 | FU76: 協力医療機関２ 主な診療科名１（上) | FV76: V47 | FW76: V47 | GK76: 管理者郵便番号 | GL76: K51 | GM76: K51 | GN76: 1 | GS76: 従業員職種-職業指導員-合計 兼務 常勤 | GT76: AA15 | GU76: AA15 | GV76: 2 | HA76: 主な掲示事項 通常の事業の実施地域 5-2 | HB76: N41 | HC76: N41 | HY76: 主な掲示事項 事業実施地域 6-1 | HZ76: P42 | IA76: P42 | IG76: 主な掲示事項 事業実施地域 5-3 | IH76: I44 | II76: I44
AG77: 実施地域③下段 | AH77: W44 | AI77: W44 | AO77: 主たる対象者-同行援護-身体障害者 | AP77: AL19 | AQ77: AL19 | AR77: 3 | AS77: FALSE | AW77: 主な掲示事項 その他 | AX77: R50 | AY77: R50 | BD77: 73 | BE77: 単位１ 空き１ 常勤換算後の人数 | BF77: N41 | BG77: N41 | BH77: 2 | BU77: 事業所全体の利用定員 | BV77: I43 | BW77: I43 | BX77: 2 | CB77: 73 | CC77: 従業員職種-職能判定員 基準上の必要人数 | CD77: I41 | CE77: I41 | CF77: 2 | CK77: 事業所体制-利用者からの連絡対応体制概要 | CL77: I44 | CM77: I44 | CR77: 73 | CS77: 協力医療機関-協力歯科医療機関名称 | CT77: L55 | CU77: L55 | DA77: 従業員職種-理学-作業療法士 基準上の必要人数 | DB77: Q34 | DC77: Q34 | DD77: 2 | DI77: 単位1-理学-合計 専従 常勤 | DJ77: U37 | DK77: U37 | DL77: 2 | DQ77: 単位2-単位番号 | DR77: AI54 | DS77: AI54 | DT77: 14 | DY77: 従業員職種-空き２ 兼務 非常勤 | DZ77: AC37 | EA77: AC37 | EB77: 2 | EO77: 主たる対象者-精神障害者 | EP77: AN40 | EQ77: AN40 | ER77: 3 | ES77: FALSE | FD77: 73 | FE77: 協力医療機関１ 主な診療科名３ | FF77: AF46 | FG77: AF46 | FT77: 73 | FU77: 協力医療機関２ 主な診療科名２ | FV77: AA47 | FW77: AA47 | GK77: 管理者住所上段 | GL77: I52 | GM77: I52 | GS77: 従業員職種-職業指導員-合計 兼務 非常勤 | GT77: AA16 | GU77: AA16 | GV77: 2 | HA77: 主な掲示事項 通常の事業の実施地域 5-3 | HB77: I42 | HC77: I42 | HY77: 主な掲示事項 事業実施地域 6-2 | HZ77: U42 | IA77: U42 | IG77: 主な掲示事項 事業実施地域 6-1 | IH77: P43 | II77: P43
AG78: 実施地域④上段左 | AH78: AD43 | AI78: AD43 | AO78: 主たる対象者-同行援護-障害児 | AP78: AM19 | AQ78: AM19 | AR78: 3 | AS78: FALSE | AW78: 旧法施設定員数 | AX78: I52 | AY78: I52 | BD78: 74 | BE78: 単位１ 空き１ 基準上の必要人数 | BF78: N42 | BG78: N42 | BH78: 2 | BU78: 多機能型実施の有無 | BV78: I44 | BW78: I44 | BX78: 4 | BY78: 2 | CB78: 74 | CC78: 従業員職種-理学-合計 専従 常勤 | CD78: M38 | CE78: M38 | CF78: 2 | CK78: 主たる対象者-身体障害者 | CL78: AL45 | CM78: AL45 | CN78: 3 | CO78: FALSE | CR78: 74 | CS78: 経過的居宅介護H18年9月時点 | CT78: Z56 | CU78: Z56 | DA78: 従業員職種-理学-機能訓練指導員 専従 常勤 | DB78: U31 | DC78: U31 | DD78: 2 | DI78: 単位1-理学-合計 専従 非常勤 | DJ78: U38 | DK78: U38 | DL78: 2 | DQ78: 単位2-責任者 専従 常勤 | DR78: I57 | DS78: I57 | DT78: 2 | DY78: 従業員職種-空き２ 常勤換算後の人数 | DZ78: AA38 | EA78: AA38 | EB78: 2 | EO78: 多機能型実施の有無 | EP78: I41 | EQ78: I41 | ER78: 4 | ES78: 2 | FD78: 74 | FE78: 協力医療機関１ 主な診療科名４（下) | FF78: V47 | FG78: V47 | FT78: 74 | FU78: 協力医療機関２ 主な診療科名３ | FV78: AF47 | FW78: AF47 | GK78: 管理者住所下段 | GL78: I53 | GM78: I53 | GS78: 従業員職種-職業指導員-合計 常勤換算後の人数 | GT78: Y17 | GU78: Y17 | GV78: 2 | HA78: 主な掲示事項 通常の事業の実施地域 6-1 | HB78: P41 | HC78: P41 | HY78: 主な掲示事項 事業実施地域 6-3 | HZ78: P43 | IA78: P43 | IG78: 主な掲示事項 事業実施地域 6-2 | IH78: U43 | II78: U43
AG79: 実施地域④上段右 | AH79: AI43 | AI79: AI43 | AO79: 主たる対象者-重度訪問介護-特定なし | AP79: AL17 | AQ79: AL17 | AR79: 3 | AS79: FALSE | AW79: 保障単位数 | AX79: Y52 | AY79: Y52 | BD79: 75 | BE79: 単位１ 空き２ 専従 常勤 | BF79: S39 | BG79: S39 | BH79: 2 | BU79: 利用料 | BV79: I45 | BW79: I45 | CB79: 75 | CC79: 従業員職種-理学-合計 専従 非常勤 | CD79: M39 | CE79: M39 | CF79: 2 | CK79: 主たる対象者-障害児 | CL79: AM45 | CM79: AM45 | CN79: 3 | CO79: FALSE | CR79: 75 | CS79: 経過的居宅介護H18年9月時点 該当・非該当 | CT79: AD56 | CU79: AD56 | CV79: 4 | CW79: 2 | DA79: 従業員職種-理学-機能訓練指導員 専従 非常勤 | DB79: U32 | DC79: U32 | DD79: 2 | DI79: 単位1-理学-合計 兼務 常勤 | DJ79: W37 | DK79: W37 | DL79: 2 | DQ79: 単位2-責任者 専従 非常勤 | DR79: I58 | DS79: I58 | DT79: 2 | DY79: 従業員職種-空き２ 基準上の必要人数 | DZ79: AA39 | EA79: AA39 | EB79: 2 | EO79: 利用定員 | EP79: I42 | EQ79: I42 | ER79: 2 | FD79: 75 | FE79: 協力医療機関１ 主な診療科名５ | FF79: AA47 | FG79: AA47 | FT79: 75 | FU79: 協力医療機関２ 主な診療科名４（下) | FV79: V48 | FW79: V48 | GK79: 管理者-他事業所又は施設従業者との兼務-事業所等の名称 | GL79: W54 | GM79: W54 | GS79: 従業員職種-職業指導員-合計 基準上の必要人数 | GT79: Y18 | GU79: Y18 | GV79: 2 | HA79: 主な掲示事項 通常の事業の実施地域 6-2 | HB79: U41 | HC79: U41 | HY79: 主な掲示事項 事業実施地域 7-1 | HZ79: W42 | IA79: W42 | IG79: 主な掲示事項 事業実施地域 6-3 | IH79: P44 | II79: P44
AG80: 実施地域④下段 | AH80: AD44 | AI80: AD44 | AO80: 主たる対象者-重度訪問介護-重度肢体不自由者 | AP80: AM17 | AQ80: AM17 | AR80: 3 | AS80: FALSE | AW80: 受付番号 | AX80: AE61 | AY80: AE61 | BD80: 76 | BE80: 単位１ 空き２ 専従 非常勤 | BF80: S40 | BG80: S40 | BH80: 2 | BU80: その他費用 | BV80: I46 | BW80: I46 | CB80: 76 | CC80: 従業員職種-理学-合計 兼務 常勤 | CD80: O38 | CE80: O38 | CF80: 2 | CK80: 主たる対象者-知的障害者 | CL80: AL46 | CM80: AL46 | CN80: 3 | CO80: FALSE | CR80: 76 | CS80: 加算 職員欠如減算 | CT80: I58 | CU80: I58 | CV80: 4 | CW80: 2 | DA80: 従業員職種-理学-機能訓練指導員 兼務 常勤 | DB80: W31 | DC80: W31 | DD80: 2 | DI80: 単位1-理学-合計 兼務 非常勤 | DJ80: W38 | DK80: W38 | DL80: 2 | DQ80: 単位2-責任者 兼務 常勤 | DR80: L57 | DS80: L57 | DT80: 2 | DY80: 従業員職種-空き３ 専従 常勤 | DZ80: AF36 | EA80: AF36 | EB80: 2 | EO80: 基準上の必要定員 | EP80: Z42 | EQ80: Z42 | ER80: 2 | FD80: 76 | FE80: 協力医療機関１ 主な診療科名６ | FF80: AF47 | FG80: AF47 | FT80: 76 | FU80: 協力医療機関２ 主な診療科名５ | FV80: AA48 | FW80: AA48 | GK80: 管理者-他事業所又は施設従業者との兼務-兼務する職種 | GL80: W55 | GM80: W55 | GS80: 従業員職種-職業指導員-右記以外 専従 常勤 | GT80: AC15 | GU80: AC15 | GV80: 2 | HA80: 主な掲示事項 通常の事業の実施地域 6-3 | HB80: P42 | HC80: P42 | HY80: 主な掲示事項 事業実施地域 7-2 | HZ80: AB42 | IA80: AB42 | IG80: 主な掲示事項 事業実施地域 7-1 | IH80: W43 | II80: W43
AG81: 実施地域⑤上段左 | AH81: I45 | AI81: I45 | AO81: 主たる対象者-重度訪問介護-行動障害者 | AP81: AN17 | AQ81: AN17 | AR81: 3 | AS81: FALSE | AW81: 単位２ 生活支援員 専従 常勤 | AX81: I65 | AY81: I65 | AZ81: 2 | BD81: 77 | BE81: 単位１ 空き２ 兼務 常勤 | BF81: U39 | BG81: U39 | BH81: 2 | BU81: 送迎サービス | BV81: O47 | BW81: O47 | BX81: 4 | BY81: 2 | CB81: 77 | CC81: 従業員職種-理学-合計 兼務 非常勤 | CD81: O39 | CE81: O39 | CF81: 2 | CK81: 主たる対象者-精神障害者 | CL81: AM46 | CM81: AM46 | CN81: 3 | CO81: FALSE | CR81: 77 | CS81: 加算 人員配置区分 | CT81: AA58 | CU81: AB58 | CV81: 5 | CW81: 00 | CX81: 人員配置区分_共同生活援助 | CY81: コンボボックス※選択肢追加 | DA81: 従業員職種-理学-機能訓練指導員 兼務 非常勤 | DB81: W32 | DC81: W32 | DD81: 2 | DI81: 単位1-理学-合計 常勤換算後の人数 | DJ81: U39 | DK81: U39 | DL81: 2 | DQ81: 単位2-責任者 兼務 非常勤 | DR81: L58 | DS81: L58 | DT81: 2 | DY81: 従業員職種-空き３ 専従 非常勤 | DZ81: AF37 | EA81: AF37 | EB81: 2 | EO81: 利用料 | EP81: I43 | EQ81: I43 | FD81: 77 | FE81: 協力医療機関２ 名称 | FF81: I48 | FG81: I48 | FT81: 77 | FU81: 協力医療機関２ 主な診療科名６ | FV81: AF48 | FW81: AF48 | GK81: 管理者-他事業所又は施設従業者との兼務-勤務時間 | GL81: W56 | GM81: W56 | GS81: 従業員職種-職業指導員-右記以外 専従 非常勤 | GT81: AC16 | GU81: AC16 | GV81: 2 | HA81: 主な掲示事項 通常の事業の実施地域 7-1 | HB81: W41 | HC81: W41 | HY81: 主な掲示事項 事業実施地域 7-3 | HZ81: W43 | IA81: W43 | IG81: 主な掲示事項 事業実施地域 7-2 | IH81: AB43 | II81: AB43
AG82: 実施地域⑤上段右 | AH82: N45 | AI82: N45 | AW82: 単位２ 生活支援員 専従 非常勤 | AX82: I66 | AY82: I66 | AZ82: 2 | BD82: 78 | BE82: 単位１ 空き２ 兼務 非常勤 | BF82: U40 | BG82: U40 | BH82: 2 | BU82: 日常生活訓練室 | BV82: O48 | BW82: O48 | BX82: 4 | BY82: 2 | CB82: 78 | CC82: 従業員職種-理学-合計 常勤換算後の人数 | CD82: M40 | CE82: M40 | CF82: 2 | CK82: 利用者数 | CL82: I47 | CM82: I47 | CR82: 78 | CS82: 加算 自立生活支援加算 | CT82: I59 | CU82: I59 | CV82: 4 | CW82: 2 | DA82: 従業員職種-理学-機能訓練指導員 常勤換算後の人数 | DB82: U33 | DC82: U33 | DD82: 2 | DI82: 単位1-理学-合計 基準上の必要人数 | DJ82: U40 | DK82: U40 | DL82: 2 | DQ82: 単位2-責任者 常勤換算後の人数 | DR82: I59 | DS82: I59 | DT82: 2 | DY82: 従業員職種-空き３ 兼務 常勤 | DZ82: AH36 | EA82: AH36 | EB82: 2 | EO82: その他費用 | EP82: I44 | EQ82: I44 | FD82: 78 | FE82: 協力医療機関２ 主な診療科名１（上) | FF82: V48 | FG82: V48 | FT82: 78 | FU82: 協力医療機関３ 名称 | FV82: I49 | FW82: I49 | GK82: サービス管理責任者ﾌﾘｶﾞﾅ | GL82: I57 | GM82: I57 | GS82: 従業員職種-職業指導員-右記以外 兼務 常勤 | GT82: AE15 | GU82: AE15 | GV82: 2 | HA82: 主な掲示事項 通常の事業の実施地域 7-2 | HB82: AB41 | HC82: AB41 | HY82: 主な掲示事項 事業実施地域 8-1 | HZ82: AD42 | IA82: AD42 | IG82: 主な掲示事項 事業実施地域 7-3 | IH82: W44 | II82: W44
AG83: 実施地域⑤下段 | AH83: I46 | AI83: I46 | AW83: 単位２ 生活支援員 兼務 常勤 | AX83: L65 | AY83: L65 | AZ83: 2 | BD83: 79 | BE83: 単位１ 空き２ 常勤換算後の人数 | BF83: S41 | BG83: S41 | BH83: 2 | BU83: その他参考事項 第三者評価の実施状況 | BV83: R49 | BW83: R49 | BX83: 4 | BY83: 2 | CB83: 79 | CC83: 従業員職種-理学-合計 基準上の必要人数 | CD83: M41 | CE83: M41 | CF83: 2 | CK83: 利用料 | CL83: I48 | CM83: I48 | CR83: 79 | CS83: 加算 保障単位数 | CT83: Z59 | CU83: Z59 | DA83: 従業員職種-理学-機能訓練指導員 基準上の必要人数 | DB83: U34 | DC83: U34 | DD83: 2 | DI83: 単位1-理学-OT/PT 専従 常勤 | DJ83: Y37 | DK83: Y37 | DL83: 2 | DQ83: 単位2-責任者 基準上の必要人数 | DR83: I60 | DS83: I60 | DT83: 2 | DY83: 従業員職種-空き３ 兼務 非常勤 | DZ83: AH37 | EA83: AH37 | EB83: 2 | EO83: その他参考事項 第三者評価の実施状況 | EP83: R45 | EQ83: R45 | ER83: 4 | ES83: 2 | FD83: 79 | FE83: 協力医療機関２ 主な診療科名２ | FF83: AA48 | FG83: AA48 | FT83: 79 | FU83: 協力医療機関３ 主な診療科名１（上) | FV83: V49 | FW83: V49 | GK83: サービス管理責任者氏名 | GL83: I58 | GM83: I58 | GS83: 従業員職種-職業指導員-右記以外 兼務 非常勤 | GT83: AE16 | GU83: AE16 | GV83: 2 | HA83: 主な掲示事項 通常の事業の実施地域 7-3 | HB83: W42 | HC83: W42 | HY83: 主な掲示事項 事業実施地域 8-2 | HZ83: AI42 | IA83: AI42 | IG83: 主な掲示事項 事業実施地域 8-1 | IH83: AD43 | II83: AD43
AG84: 実施地域⑥上段左 | AH84: P45 | AI84: P45 | AW84: 単位２ 生活支援員 兼務 非常勤 | AX84: L66 | AY84: L66 | AZ84: 2 | BD84: 80 | BE84: 単位１ 空き２ 基準上の必要人数 | BF84: S42 | BG84: S42 | BH84: 2 | BU84: その他参考事項 苦情解決 窓口（連絡先） | BV84: W50 | BW84: W50 | CB84: 80 | CC84: 従業員職種-理学療法士 専従 常勤 | CD84: Q38 | CE84: Q38 | CF84: 2 | CK84: その他費用 | CL84: I49 | CM84: I49 | CR84: 80 | CS84: 加算 旧法施設定員数 | CT84: I60 | CU84: I60 | DA84: 従業員職種-生活支援員-合計 専従 常勤 | DB84: Y31 | DC84: Y31 | DD84: 2 | DI84: 単位1-理学-OT/PT 専従 非常勤 | DJ84: Y38 | DK84: Y38 | DL84: 2 | DQ84: 単位2-生活支援員 専従 常勤 | DR84: O57 | DS84: O57 | DT84: 2 | DY84: 従業員職種-空き３ 常勤換算後の人数 | DZ84: AF38 | EA84: AF38 | EB84: 2 | EO84: その他参考事項 苦情解決 窓口（連絡先） | EP84: W46 | EQ84: W46 | FD84: 80 | FE84: 協力医療機関２ 主な診療科名３ | FF84: AF48 | FG84: AF48 | FT84: 80 | FU84: 協力医療機関３ 主な診療科名２ | FV84: AA49 | FW84: AA49 | GK84: サービス管理責任者郵便番号 | GL84: K59 | GM84: K59 | GN84: 1 | GS84: 従業員職種-職業指導員-右記以外 常勤換算後の人数 | GT84: AC17 | GU84: AC17 | GV84: 2 | HA84: 主な掲示事項 通常の事業の実施地域 8-1 | HB84: AD41 | HC84: AD41 | HY84: 主な掲示事項 事業実施地域 8-3 | HZ84: AD43 | IA84: AD43 | IG84: 主な掲示事項 事業実施地域 8-2 | IH84: AI43 | II84: AI43
AG85: 実施地域⑥上段右 | AH85: U45 | AI85: U45 | AW85: 単位２ 生活支援員 常勤換算後の人数 | AX85: I67 | AY85: I67 | AZ85: 2 | BD85: 81 | BE85: 単位１ 空き３ 専従 常勤 | BF85: X39 | BG85: X39 | BH85: 2 | BU85: その他参考事項 苦情解決 担当者 | BV85: W51 | BW85: W51 | CB85: 81 | CC85: 従業員職種-理学療法士 専従 非常勤 | CD85: Q39 | CE85: Q39 | CF85: 2 | CK85: 通常の事業の実施地域-1-1 上左 | CL85: I50 | CM85: I50 | CR85: 81 | CS85: 加算 福祉専門職配置加算 | CT85: I61 | CU85: I61 | CV85: 4 | CW85: 1 | DA85: 従業員職種-生活支援員-合計 専従 非常勤 | DB85: Y32 | DC85: Y32 | DD85: 2 | DI85: 単位1-理学-OT/PT 兼務 常勤 | DJ85: AA37 | DK85: AA37 | DL85: 2 | DQ85: 単位2-生活支援員 専従 非常勤 | DR85: O58 | DS85: O58 | DT85: 2 | DY85: 従業員職種-空き３ 基準上の必要人数 | DZ85: AF39 | EA85: AF39 | EB85: 2 | EO85: その他参考事項 苦情解決 担当者 | EP85: W47 | EQ85: W47 | FD85: 81 | FE85: 協力医療機関２ 主な診療科名４（下) | FF85: V49 | FG85: V49 | FT85: 81 | FU85: 協力医療機関３ 主な診療科名３ | FV85: AF49 | FW85: AF49 | GK85: サービス管理責任者住所上段 | GL85: I60 | GM85: I60 | GS85: 従業員職種-職業指導員-右記以外 基準上の必要人数 | GT85: AC18 | GU85: AC18 | GV85: 2 | HA85: 主な掲示事項 通常の事業の実施地域 8-2 | HB85: AI41 | HC85: AI41 | HY85: 主な掲示事項 その他参考となる事項 苦情解決の措置概要 窓口（連絡先） | HZ85: W44 | IA85: W44 | IG85: 主な掲示事項 事業実施地域 8-3 | IH85: AD44 | II85: AD44
AG86: 実施地域⑥下段 | AH86: P46 | AI86: P46 | AW86: 単位２ 生活支援員 基準上の必要人数 | AX86: I68 | AY86: I68 | AZ86: 2 | BD86: 82 | BE86: 単位１ 空き３ 専従 非常勤 | BF86: X40 | BG86: X40 | BH86: 2 | BU86: その他参考事項 その他 | BV86: R52 | BW86: R52 | CB86: 82 | CC86: 従業員職種-理学療法士 兼務 常勤 | CD86: S38 | CE86: S38 | CF86: 2 | CK86: 通常の事業の実施地域-1-2 上右 | CL86: N50 | CM86: N50 | CR86: 82 | CS86: 加算 地域生活移行個別支援特別加算 | CT86: Z61 | CU86: Z61 | CV86: 4 | CW86: 2 | DA86: 従業員職種-生活支援員-合計 兼務 常勤 | DB86: AA31 | DC86: AA31 | DD86: 2 | DI86: 単位1-理学-OT/PT 兼務 非常勤 | DJ86: AA38 | DK86: AA38 | DL86: 2 | DQ86: 単位2-生活支援員 兼務 常勤 | DR86: R57 | DS86: R57 | DT86: 2 | DY86: 事業所全体の利用定員 | DZ86: I40 | EA86: I40 | EB86: 2 | EO86: その他参考事項 その他 | EP86: R48 | EQ86: R48 | FD86: 82 | FE86: 協力医療機関２ 主な診療科名５ | FF86: AA49 | FG86: AA49 | FT86: 82 | FU86: 協力医療機関３ 主な診療科名４（下) | FV86: V50 | FW86: V50 | GK86: サービス管理責任者住所下段 | GL86: I61 | GM86: I61 | GS86: 従業員職種-職業指導員-兼教官 専従 常勤 | GT86: AG15 | GU86: AG15 | GV86: 2 | HA86: 主な掲示事項 通常の事業の実施地域 8-3 | HB86: AD42 | HC86: AD42 | HY86: 主な掲示事項 その他参考となる事項 苦情解決の措置概要 担当者 | HZ86: W45 | IA86: W45 | IG86: 主な掲示事項 その他参考となる事項 苦情解決の措置概要 窓口（連絡先） | IH86: W45 | II86: W45
AG87: 実施地域⑦上段左 | AH87: W45 | AI87: W45 | AW87: 単位２ 看護職員 専従 常勤 | AX87: O65 | AY87: O65 | AZ87: 2 | BD87: 83 | BE87: 単位１ 空き３ 兼務 常勤 | BF87: Z39 | BG87: Z39 | BH87: 2 | BU87: 加算 定員区分 | BV87: J53 | BW87: K53 | BX87: 5 | BY87: 00 | BZ87: 定員区分_児童デイ | CA87: コンボボックス | CB87: 83 | CC87: 従業員職種-理学療法士 兼務 非常勤 | CD87: S39 | CE87: S39 | CF87: 2 | CK87: 通常の事業の実施地域-1-3 下 | CL87: I51 | CM87: I51 | CR87: 83 | CS87: 処遇改善加算 | CT87: I63 | CU87: I63 | CV87: 4 | CW87: 2 | DA87: 従業員職種-生活支援員-合計 兼務 非常勤 | DB87: AA32 | DC87: AA32 | DD87: 2 | DI87: 単位1-理学-OT/PT 常勤換算後の人数 | DJ87: Y39 | DK87: Y39 | DL87: 2 | DQ87: 単位2-生活支援員 兼務 非常勤 | DR87: R58 | DS87: R58 | DT87: 2 | DY87: 前年度の平均利用者数 | DZ87: I41 | EA87: I41 | EB87: 2 | EO87: 協力医療機関１ 名称 | EP87: I49 | EQ87: I49 | FD87: 83 | FE87: 協力医療機関２ 主な診療科名６ | FF87: AF49 | FG87: AF49 | FT87: 83 | FU87: 協力医療機関３ 主な診療科名５ | FV87: AA50 | FW87: AA50 | GK87: 前年度の平均実利用者数-ｻｰﾋﾞｽ単位1 | GL87: P63 | GM87: P63 | GN87: 4 | GO87: 1 | GS87: 従業員職種-職業指導員-兼教官 専従 非常勤 | GT87: AG16 | GU87: AG16 | GV87: 2 | HA87: 地域移行支援 有無 | HB87: I45 | HC87: I45 | HD87: 4 | HE87: 2 | HY87: 主な掲示事項 その他参考となる事項 その他 | HZ87: R46 | IA87: R46 | IG87: 主な掲示事項 その他参考となる事項 苦情解決の措置概要 担当者 | IH87: W46 | II87: W46
AG88: 実施地域⑦上段右 | AH88: AB45 | AI88: AB45 | AW88: 単位２ 看護職員 専従 非常勤 | AX88: O66 | AY88: O66 | AZ88: 2 | BD88: 84 | BE88: 単位１ 空き３ 兼務 非常勤 | BF88: Z40 | BG88: Z40 | BH88: 2 | BU88: 受付番号 | BV88: AE69 | BW88: AE69 | CB88: 84 | CC88: 従業員職種-理学療法士 常勤換算後の人数 | CD88: Q40 | CE88: Q40 | CF88: 2 | CK88: 通常の事業の実施地域-2-1 上左 | CL88: P50 | CM88: P50 | CR88: 84 | CS88: 処遇改善加算キャリアパス区分 | CT88: Z63 | CU88: Z63 | CV88: 2 | CW88: 1 | DA88: 従業員職種-生活支援員-合計 常勤換算後の人数 | DB88: Y33 | DC88: Y33 | DD88: 2 | DI88: 単位1-理学-OT/PT 基準上の必要人数 | DJ88: Y40 | DK88: Y40 | DL88: 2 | DQ88: 単位2-生活支援員 常勤換算後の人数 | DR88: O59 | DS88: O59 | DT88: 2 | DY88: 営業日-月 | DZ88: AL42 | EA88: AL42 | EB88: 3 | EC88: FALSE | EO88: 協力医療機関１ 主な診療科名１（上) | EP88: V49 | EQ88: V49 | FD88: 84 | FE88: 協力医療機関３ 名称 | FF88: I50 | FG88: I50 | FT88: 84 | FU88: 協力医療機関３ 主な診療科名６ | FV88: AF50 | FW88: AF50 | GK88: 前年度の平均実利用者数-ｻｰﾋﾞｽ単位2 | GL88: P64 | GM88: P64 | GN88: 4 | GO88: 1 | GS88: 従業員職種-職業指導員-兼教官 兼務 常勤 | GT88: AI15 | GU88: AI15 | GV88: 2 | HA88: 地域定着支援 有無 | HB88: P45 | HC88: P45 | HD88: 4 | HE88: 2 | HY88: 人員配置区分 | HZ88: J47 | IA88: K47 | IB88: 5 | IC88: 02 | ID88: リスト_人員配置区分＿付１５ | IG88: 主な掲示事項 その他参考となる事項 その他 | IH88: R47 | II88: R47
AG89: 実施地域⑦下段 | AH89: W46 | AI89: W46 | AW89: 単位２ 看護職員 兼務 常勤 | AX89: R65 | AY89: R65 | AZ89: 2 | BD89: 85 | BE89: 単位１ 空き３ 常勤換算後の人数 | BF89: X41 | BG89: X41 | BH89: 2 | BU89: 単位2-指導員 専従 常勤 | BV89: I74 | BW89: I74 | BX89: 2 | CB89: 85 | CC89: 従業員職種-理学療法士 基準上の必要人数 | CD89: Q41 | CE89: Q41 | CF89: 2 | CK89: 通常の事業の実施地域-2-2 上右 | CL89: U50 | CM89: U50 | CR89: 85 | CS89: 移行時運営安定化事業 | CT89: AK58 | CU89: AK58 | CY89: ※未使用 | DA89: 従業員職種-生活支援員-合計 基準上の必要人数 | DB89: Y34 | DC89: Y34 | DD89: 2 | DI89: 単位1-理学-機能訓練指導員 専従 常勤 | DJ89: AC37 | DK89: AC37 | DL89: 2 | DQ89: 単位2-生活支援員 基準上の必要人数 | DR89: O60 | DS89: O60 | DT89: 2 | DY89: 営業日-火 | DZ89: AM42 | EA89: AM42 | EB89: 3 | EC89: FALSE | EO89: 協力医療機関１ 主な診療科名２ | EP89: AA49 | EQ89: AA49 | FD89: 85 | FE89: 協力医療機関３ 主な診療科名１（上) | FF89: V50 | FG89: V50 | FT89: 85 | FU89: 加算 就労移行支援体制加算 | FV89: I51 | FW89: I51 | FX89: 4 | FY89: 2 | GK89: 前年度の平均実利用者数-ｻｰﾋﾞｽ単位3 | GL89: P65 | GM89: P65 | GN89: 4 | GO89: 1 | GS89: 従業員職種-職業指導員-兼教官 兼務 非常勤 | GT89: AI16 | GU89: AI16 | GV89: 2 | HA89: 特定相談支援 有無 | HB89: W45 | HC89: W45 | HD89: 4 | HE89: 2 | HY89: 標準利用期間超過減算 | HZ89: AA47 | IA89: AA47 | IB89: 4 | IC89: 2 | IG89: 職員欠如減算 | IH89: I48 | II89: I48 | IJ89: 4 | IK89: 2
AG90: 実施地域⑧上段左 | AH90: AD45 | AI90: AD45 | AW90: 単位２ 看護職員 兼務 非常勤 | AX90: R66 | AY90: R66 | AZ90: 2 | BD90: 86 | BE90: 単位１ 空き３ 基準上の必要人数 | BF90: X42 | BG90: X42 | BH90: 2 | BU90: 単位2-指導員 専従 非常勤 | BV90: I75 | BW90: I75 | BX90: 2 | CB90: 86 | CC90: 従業員職種-作業療法士 専従 常勤 | CD90: U38 | CE90: U38 | CF90: 2 | CK90: 通常の事業の実施地域-2-3 下 | CL90: P51 | CM90: P51 | CR90: 86 | CS90: 保障単位数（移行時運営安定化事業） | CT90: AK59 | CU90: AK59 | CY90: ※未使用 | DA90: 従業員職種-生活支援員-通所 専従 常勤 | DB90: AC31 | DC90: AC31 | DD90: 2 | DI90: 単位1-理学-機能訓練指導員 専従 非常勤 | DJ90: AC38 | DK90: AC38 | DL90: 2 | DQ90: 単位2-栄養士 専従 常勤 | DR90: U57 | DS90: U57 | DT90: 2 | DY90: 営業日-水 | DZ90: AN42 | EA90: AN42 | EB90: 3 | EC90: FALSE | EO90: 協力医療機関１ 主な診療科名３ | EP90: AF49 | EQ90: AF49 | FD90: 86 | FE90: 協力医療機関３ 主な診療科名２ | FF90: AA50 | FG90: AA50 | FT90: 86 | FU90: 加算 施設等の区分 | FX90: 99 | FY90: 1 | GK90: 前年度の平均実利用者数-ｻｰﾋﾞｽ単位4 | GL90: P66 | GM90: P66 | GN90: 4 | GO90: 1 | GS90: 従業員職種-職業指導員-兼教官 常勤換算後の人数 | GT90: AG17 | GU90: AG17 | GV90: 2 | HA90: 障害児相談支援 有無 | HB90: AD45 | HC90: AD45 | HD90: 4 | HE90: 2 | HY90: 福祉専門職員等加配 | HZ90: I48 | IA90: I48 | IB90: 4 | IC90: 1 | IG90: 職員欠如減算適用開始年月日 | IH90: T48 | II90: T48
AG91: 実施地域⑧上段右 | AH91: AI45 | AI91: AI45 | AW91: 単位２ 看護職員 常勤換算後の人数 | AX91: O67 | AY91: O67 | AZ91: 2 | BD91: 87 | BE91: 単位１ 空き４ 専従 常勤 | BF91: AC39 | BG91: AC39 | BH91: 2 | BU91: 単位2-指導員 兼務 常勤 | BV91: L74 | BW91: L74 | BX91: 2 | CB91: 87 | CC91: 従業員職種-作業療法士 専従 非常勤 | CD91: U39 | CE91: U39 | CF91: 2 | CK91: 通常の事業の実施地域-3-1 上左 | CL91: W50 | CM91: W50 | CR91: 87 | CS91: 通勤者生活支援加算 | CT91: Z60 | CU91: Z60 | CV91: 4 | CW91: 2 | DA91: 従業員職種-生活支援員-通所 専従 非常勤 | DB91: AC32 | DC91: AC32 | DD91: 2 | DI91: 単位1-理学-機能訓練指導員 兼務 常勤 | DJ91: AE37 | DK91: AE37 | DL91: 2 | DQ91: 単位2-栄養士 専従 非常勤 | DR91: U58 | DS91: U58 | DT91: 2 | DY91: 営業日-木 | DZ91: AO42 | EA91: AO42 | EB91: 3 | EC91: FALSE | EO91: 協力医療機関１ 主な診療科名４（下) | EP91: V50 | EQ91: V50 | FD91: 87 | FE91: 協力医療機関３ 主な診療科名３ | FF91: AF50 | FG91: AF50 | FT91: 87 | FU91: 加算 新事業移行施設区分 | FV91: I53 | FW91: I53 | FX91: 4 | FY91: 2 | GK91: 前年度の平均実利用者数-ｻｰﾋﾞｽ単位5 | GL91: P67 | GM91: P67 | GN91: 4 | GO91: 1 | GS91: 従業員職種-職業指導員-兼教官 基準上の必要人数 | GT91: AG18 | GU91: AG18 | GV91: 2 | HA91: 常時の連絡体制の確保の具体的方法 | HB91: I46 | HC91: I46 | HY91: サービス管理責任者欠如減算 | HZ91: I49 | IA91: I49 | IB91: 4 | IC91: 2 | IG91: 就労定着率区分 | IH91: AF48 | II91: AG48 | IJ91: 5 | IK91: 07 | IL91: リスト_就労定着率区分＿付１６
AG92: 実施地域⑧下段 | AH92: AD46 | AI92: AD46 | AW92: 単位２ 看護職員 基準上の必要人数 | AX92: O68 | AY92: O68 | AZ92: 2 | BD92: 88 | BE92: 単位１ 空き４ 専従 非常勤 | BF92: AC40 | BG92: AC40 | BH92: 2 | BU92: 単位2-指導員 兼務 非常勤 | BV92: L75 | BW92: L75 | BX92: 2 | CB92: 88 | CC92: 従業員職種-作業療法士 兼務 常勤 | CD92: W38 | CE92: W38 | CF92: 2 | CK92: 通常の事業の実施地域-3-2 上右 | CL92: AB50 | CM92: AB50 | CR92: 88 | CS92: 処遇改善特別加算 | CT92: I65 | CU92: I65 | CV92: 4 | CW92: 2 | DA92: 従業員職種-生活支援員-通所 兼務 常勤 | DB92: AE31 | DC92: AE31 | DD92: 2 | DI92: 単位1-理学-機能訓練指導員 兼務 非常勤 | DJ92: AE38 | DK92: AE38 | DL92: 2 | DQ92: 単位2-栄養士 兼務 常勤 | DR92: X57 | DS92: X57 | DT92: 2 | DY92: 営業日-金 | DZ92: AP42 | EA92: AP42 | EB92: 3 | EC92: FALSE | EO92: 協力医療機関１ 主な診療科名５ | EP92: AA50 | EQ92: AA50 | FD92: 88 | FE92: 協力医療機関３ 主な診療科名４（下) | FF92: V51 | FG92: V51 | FT92: 88 | FU92: 加算 利用定員超過減算 | FV92: W53 | FW92: W53 | FX92: 4 | FY92: 2 | GS92: 従業員職種-空き１ 専従 常勤 | GT92: I22 | GU92: I22 | GV92: 2 | HA92: 連絡先 | HB92: AD47 | HC92: AD47 | HY92: サービス管理責任者欠如適用開始年月日 | HZ92: AA49 | IA92: AA49 | IG92: 就労定着実績 | IH92: AE49 | II92: AE49 | IJ92: 4 | IK92: 2
AG93: 第三者評価の実施状況 | AH93: R47 | AI93: R47 | AJ93: 4 | AK93: 2 | AW93: 単位２ 空き１ 専従 常勤 | AX93: U65 | AY93: U65 | AZ93: 2 | BD93: 89 | BE93: 単位１ 空き４ 兼務 常勤 | BF93: AE39 | BG93: AE39 | BH93: 2 | BU93: 単位2-指導員 常勤換算後の人数 | BV93: I76 | BW93: I76 | BX93: 2 | CB93: 89 | CC93: 従業員職種-作業療法士 兼務 非常勤 | CD93: W39 | CE93: W39 | CF93: 2 | CK93: 通常の事業の実施地域-3-3 下 | CL93: W51 | CM93: W51 | CR93: 89 | CS93: 施設等区分 | CT93: I37 | CU93: I37 | CV93: 4 | CW93: 1 | CY93: ※ラジオボタン 選択肢追加 | DA93: 従業員職種-生活支援員-通所 兼務 非常勤 | DB93: AE32 | DC93: AE32 | DD93: 2 | DI93: 単位1-理学-機能訓練指導員 常勤換算後の人数 | DJ93: AC39 | DK93: AC39 | DL93: 2 | DQ93: 単位2-栄養士 兼務 非常勤 | DR93: X58 | DS93: X58 | DT93: 2 | DY93: 営業日-土 | DZ93: AQ42 | EA93: AQ42 | EB93: 3 | EC93: FALSE | EO93: 協力医療機関１ 主な診療科名６ | EP93: AF50 | EQ93: AF50 | FD93: 89 | FE93: 協力医療機関３ 主な診療科名５ | FF93: AA51 | FG93: AA51 | FT93: 89 | FU93: 加算 職員欠如減算 | FV93: AF53 | FW93: AF53 | FX93: 4 | FY93: 2 | GS93: 従業員職種-空き１ 専従 非常勤 | GT93: I23 | GU93: I23 | GV93: 2 | HA93: 緊急時一時滞在 有無 （地域定着支援のみ） | HB93: I48 | HC93: I48 | HD93: 4 | HE93: 2 | HY93: 居住支援連携体制加算区分 | HZ93: L50 | IA93: L50 | IB93: 4 | IC93: 2 | IG93: 職場適応援助者養成研修修了者配置体制加算 | IH93: I50 | II93: I50 | IJ93: 4 | IK93: 2
AG94: 窓口（連絡先） | AH94: W48 | AI94: W48 | AW94: 単位２ 空き１ 専従 非常勤 | AX94: U66 | AY94: U66 | AZ94: 2 | BD94: 90 | BE94: 単位１ 空き４ 兼務 非常勤 | BF94: AE40 | BG94: AE40 | BH94: 2 | BU94: 単位2-指導員 基準上の必要人数 | BV94: I77 | BW94: I77 | BX94: 2 | CB94: 90 | CC94: 従業員職種-作業療法士 常勤換算後の人数 | CD94: U40 | CE94: U40 | CF94: 2 | CK94: 通常の事業の実施地域-4-1 上左 | CL94: AD50 | CM94: AD50 | CR94: 90 | CS94: 外部サービス利用型 受託居宅介護サービス事業所 名称 | CT94: R40 | CU94: R40 | DA94: 従業員職種-生活支援員-通所 常勤換算後の人数 | DB94: AC33 | DC94: AC33 | DD94: 2 | DI94: 単位1-理学-機能訓練指導員 基準上の必要人数 | DJ94: AC40 | DK94: AC40 | DL94: 2 | DQ94: 単位2-栄養士 常勤換算後の人数 | DR94: U59 | DS94: U59 | DT94: 2 | DY94: 営業日-日 | DZ94: AR42 | EA94: AR42 | EB94: 3 | EC94: FALSE | EO94: 協力医療機関２ 名称 | EP94: I51 | EQ94: I51 | FD94: 90 | FE94: 協力医療機関３ 主な診療科名６ | FF94: AF51 | FG94: AF51 | FT94: 90 | FU94: 加算 目標工賃達成加算 | FV94: I54 | FW94: I54 | FX94: 4 | FY94: 1 | GA94: ※未使用 | GS94: 従業員職種-空き１ 兼務 常勤 | GT94: K22 | GU94: K22 | GV94: 2 | HA94: 他事業所への委託の有無 （地域定着支援のみ） | HB94: T48 | HC94: T48 | HD94: 4 | HE94: 2 | HY94: ピアサポート体制加算の有無 | HZ94: AA48 | IA94: AA48 | IB94: 4 | IC94: 2 | IG94: 就労定着支援利用者数 | IH94: U50 | II94: V50 | IJ94: 5 | IK94: 00 | IL94: リスト_就労定着支援利用者数＿付１６
AG95: 担当者 | AH95: W49 | AI95: W49 | AW95: 単位２ 空き１ 兼務 常勤 | AX95: X65 | AY95: X65 | AZ95: 2 | BD95: 91 | BE95: 単位１ 空き４ 常勤換算後の人数 | BF95: AC41 | BG95: AC41 | BH95: 2 | BU95: 単位2-保育士 専従 常勤 | BV95: O74 | BW95: O74 | BX95: 2 | CB95: 91 | CC95: 従業員職種-作業療法士 基準上の必要人数 | CD95: U41 | CE95: U41 | CF95: 2 | CK95: 通常の事業の実施地域-4-2 上右 | CL95: AI50 | CM95: AI50 | CR95: 91 | CS95: 外部サービス利用型 受託居宅介護サービス事業所 所在地 | CT95: R41 | CU95: R41 | DA95: 従業員職種-生活支援員-通所 基準上の必要人数 | DB95: AC34 | DC95: AC34 | DD95: 2 | DI95: 単位1-就労支援員 専従 常勤 | DJ95: AG37 | DK95: AG37 | DL95: 2 | DQ95: 単位2-栄養士 基準上の必要人数 | DR95: U60 | DS95: U60 | DT95: 2 | DY95: 営業時間-平日-開始 | DZ95: L43 | EA95: L43 | EO95: 協力医療機関２ 主な診療科名１（上) | EP95: V51 | EQ95: V51 | FD95: 91 | FE95: 提携就労支援機関 | FF95: I52 | FG95: I52 | FT95: 91 | FU95: 加算 視覚・聴覚言語障害者支援体制加算 | FV95: W54 | FW95: W54 | FX95: 4 | FY95: 2 | GS95: 従業員職種-空き１ 兼務 非常勤 | GT95: K23 | GU95: K23 | GV95: 2 | HA95: 委託先 （地域定着支援のみ） | HB95: AB48 | HC95: AB48 | IG95: サービス管理責任者欠如減算 | IH95: I49 | II95: I49 | IJ95: 4 | IK95: 2
AG96: その他 | AH96: R50 | AI96: R50 | AW96: 単位２ 空き１ 兼務 非常勤 | AX96: X66 | AY96: X66 | AZ96: 2 | BD96: 92 | BE96: 単位１ 空き４ 基準上の必要人数 | BF96: AC42 | BG96: AC42 | BH96: 2 | BU96: 単位2-保育士 専従 非常勤 | BV96: O75 | BW96: O75 | BX96: 2 | CB96: 92 | CC96: 従業員職種-機能訓練指導員 専従 常勤 | CD96: Y38 | CE96: Y38 | CF96: 2 | CK96: 通常の事業の実施地域-4-3 下 | CL96: AD51 | CM96: AD51 | CR96: 92 | CS96: 外部サービス利用型 受託居宅介護サービス事業者 名称 | CT96: R38 | CU96: R38 | DA96: 従業員職種-生活支援員-訪問 専従 常勤 | DB96: AG31 | DC96: AG31 | DD96: 2 | DI96: 単位1-就労支援員 専従 非常勤 | DJ96: AG38 | DK96: AG38 | DL96: 2 | DQ96: 単位2-空き１ 専従 常勤 | DR96: AA57 | DS96: AA57 | DT96: 2 | DY96: 営業時間-平日-終了 | DZ96: Q43 | EA96: Q43 | EO96: 協力医療機関２ 主な診療科名２ | EP96: AA51 | EQ96: AA51 | FD96: 92 | FE96: 加算 就労移行支援体制加算 | FF96: AL71 | FG96: AL71 | FI96: 1 | FK96: ※未使用 | FT96: 92 | FU96: 加算 食事提供体制加算 | FV96: I55 | FW96: I55 | FX96: 4 | FY96: 2 | GS96: 従業員職種-空き１ 常勤換算後の人数 | GT96: I24 | GU96: I24 | GV96: 2 | HA96: 体験的な宿泊の実施 有無 （地域移行支援のみ） | HB96: I49 | HC96: I49 | HD96: 4 | HE96: 2 | IG96: サービス管理責任者欠如適用開始年月日 | IH96: T49 | II96: T49
AG97: 特定事業所加算区分 | AH97: I51 | AI97: I51 | AJ97: 4 | AK97: 4 | AW97: 単位２ 空き１ 常勤換算後の人数 | AX97: U67 | AY97: U67 | AZ97: 2 | BD97: 93 | BE97: 単位１ 前年度の障害程度区分の平均値 | BF97: I43 | BG97: I43 | BH97: 4 | BI97: 1 | BU97: 単位2-保育士 兼務 常勤 | BV97: R74 | BW97: R74 | BX97: 2 | CB97: 93 | CC97: 従業員職種-機能訓練指導員 専従 非常勤 | CD97: Y39 | CE97: Y39 | CF97: 2 | CK97: 通常の事業の実施地域-5-1 上左 | CL97: I52 | CM97: I52 | CR97: 93 | CS97: 外部サービス利用型 受託居宅介護サービス事業者 所在地 | CT97: R39 | CU97: R39 | DA97: 従業員職種-生活支援員-訪問 専従 非常勤 | DB97: AG32 | DC97: AG32 | DD97: 2 | DI97: 単位1-就労支援員 兼務 常勤 | DJ97: AI37 | DK97: AI37 | DL97: 2 | DQ97: 単位2-空き１ 専従 非常勤 | DR97: AA58 | DS97: AA58 | DT97: 2 | DY97: 営業時間-土曜-開始 | DZ97: W43 | EA97: W43 | EO97: 協力医療機関２ 主な診療科名３ | EP97: AF51 | EQ97: AF51 | FD97: 93 | FE97: 加算 精神障害者退院支援施設加算 | FF97: W55 | FG97: W55 | FH97: 4 | FI97: 3 | FT97: 93 | FU97: 加算 旧法施設定員数 | FV97: W55 | FW97: W55 | GS97: 従業員職種-空き１ 基準上の必要人数 | GT97: I25 | GU97: I25 | GV97: 2 | HA97: 他事業所への委託 有無 （地域移行支援のみ） | HB97: T49 | HC97: T49 | HD97: 4 | HE97: 2
AG98: 処遇改善加算 | AH98: I52 | AI98: I52 | AJ98: 4 | AK98: 2 | AW98: 単位２ 空き１ 基準上の必要人数 | AX98: U68 | AY98: U68 | AZ98: 2 | BD98: 94 | BE98: 単位１ 前年度の平均利用者数 | BF98: I44 | BG98: I44 | BH98: 2 | BU98: 単位2-保育士 兼務 非常勤 | BV98: R75 | BW98: R75 | BX98: 2 | CB98: 94 | CC98: 従業員職種-機能訓練指導員 兼務 常勤 | CD98: AA38 | CE98: AA38 | CF98: 2 | CK98: 通常の事業の実施地域-5-2 上右 | CL98: N52 | CM98: N52 | CR98: 94 | CS98: 加算 医療連携体制加算Ⅶ | CT98: Z65 | CU98: Z65 | CV98: 4 | CW98: 2 | DA98: 従業員職種-生活支援員-訪問 兼務 常勤 | DB98: AI31 | DC98: AI31 | DD98: 2 | DI98: 単位1-就労支援員 兼務 非常勤 | DJ98: AI38 | DK98: AI38 | DL98: 2 | DQ98: 単位2-空き１ 兼務 常勤 | DR98: AC57 | DS98: AC57 | DT98: 2 | DY98: 営業時間-土曜-終了 | DZ98: AB43 | EA98: AB43 | EO98: 協力医療機関２ 主な診療科名４（下) | EP98: V52 | EQ98: V52 | FD98: 94 | FE98: 加算 新事業移行施設区分 | FF98: I56 | FG98: I56 | FH98: 4 | FI98: 2 | FT98: 94 | FU98: 加算 利用日数特例 | FV98: I56 | FW98: I56 | FX98: 4 | FY98: 2 | GS98: 従業員職種-空き２ 専従 常勤 | GT98: M22 | GU98: M22 | GV98: 2 | HA98: 委託先 （地域移行支援のみ） | HB98: AB49 | HC98: AB49
AG99: 処遇改善加算キャリアパス区分 | AH99: Z52 | AI99: Z52 | AJ99: 4 | AK99: 1 | AW99: 単位２ 空き２ 専従 常勤 | AX99: AA65 | AY99: AA65 | AZ99: 2 | BD99: 95 | BE99: 単位１ 単位ごとの利用定員 | BF99: I45 | BG99: I45 | BH99: 2 | BU99: 単位2-保育士 常勤換算後の人数 | BV99: O76 | BW99: O76 | BX99: 2 | CB99: 95 | CC99: 従業員職種-機能訓練指導員 兼務 非常勤 | CD99: AA39 | CE99: AA39 | CF99: 2 | CK99: 通常の事業の実施地域-5-3 下 | CL99: I53 | CM99: I53 | CR99: 95 | CS99: みなし指定 | CT99: I57 | CU99: I57 | CV99: 4 | CW99: 2 | DA99: 従業員職種-生活支援員-訪問 兼務 非常勤 | DB99: AI32 | DC99: AI32 | DD99: 2 | DI99: 単位1-就労支援員 常勤換算後の人数 | DJ99: AG39 | DK99: AG39 | DL99: 2 | DQ99: 単位2-空き１ 兼務 非常勤 | DR99: AC58 | DS99: AC58 | DT99: 2 | DY99: 営業時間-日曜-開始 | DZ99: L44 | EA99: L44 | EO99: 協力医療機関２ 主な診療科名５ | EP99: AA52 | EQ99: AA52 | FD99: 95 | FE99: 加算 利用定員超過減算 | FF99: W56 | FG99: W56 | FH99: 4 | FI99: 2 | FT99: 95 | FU99: 加算 保障単位数 | FV99: W56 | FW99: W56 | GS99: 従業員職種-空き２ 専従 非常勤 | GT99: M23 | GU99: M23 | GV99: 2 | HA99: 施設等の区分 | HB99: I50 | HC99: I50 | HD99: 4 | HE99: 2
AG100: サービス内容-同行援護 | AH100: AL36 | AI100: AL36 | AJ100: 3 | AK100: FALSE | AW100: 単位２ 空き２ 専従 非常勤 | AX100: AA66 | AY100: AA66 | AZ100: 2 | BD100: 96 | BE100: 単位１ 基準上の必要定員 | BF100: I46 | BG100: I46 | BH100: 2 | BU100: 単位2-保育士 基準上の必要人数 | BV100: O77 | BW100: O77 | BX100: 2 | CB100: 96 | CC100: 従業員職種-機能訓練指導員 常勤換算後の人数 | CD100: Y40 | CE100: Y40 | CF100: 2 | CK100: 通常の事業の実施地域-6-1 上左 | CL100: P52 | CM100: P52 | CR100: 96 | CS100: 重度障害者支援職員配置 | CT100: Z62 | CU100: Z62 | CV100: 4 | CW100: 2 | DA100: 従業員職種-生活支援員-訪問 常勤換算後の人数 | DB100: AG33 | DC100: AG33 | DD100: 2 | DI100: 単位1-就労支援員 基準上の必要人数 | DJ100: AG40 | DK100: AG40 | DL100: 2 | DQ100: 単位2-空き１ 常勤換算後の人数 | DR100: AA59 | DS100: AA59 | DT100: 2 | DY100: 営業時間-日曜-終了 | DZ100: Q44 | EA100: Q44 | EO100: 協力医療機関２ 主な診療科名６ | EP100: AF52 | EQ100: AF52 | FD100: 96 | FE100: 加算 職員欠如減算 | FF100: AF56 | FG100: AF56 | FH100: 4 | FI100: 2 | FT100: 96 | FU100: 加算 利用日数特例開始年月1 | FV100: I57 | FW100: I57 | FX100: 6 | GS100: 従業員職種-空き２ 兼務 常勤 | GT100: O22 | GU100: O22 | GV100: 2 | HA100: 居住支援連携体制加算区分 | HB100: M51 | HC100: M51 | HD100: 4 | HE100: 2
...

Sheet 様式第１号
B2: ＊次のいずれかを選択し、下の申請書に必要事項を入力してください。 | Z2: ※神奈川県使用欄
B4: 申請する事業所(施設）の種類 | Z4: 事業所番号
B5: 申請者の法人の種類 | Z5: サービス種類 | AA5: =IF($N$6<>0,IF($N$4=1,VLOOKUP($N$6,$AS$85:$AV$103,4,FALSE),IF($N$4=2,VLOOKUP($N$6,$AX$85:$BA$93,4,FALSE),VLOOKUP($N$6,$BC$85:$BF$86,4,FALSE))),"")
B6: 申請する事業の種類 | N6: =$AV$81 -> 0 | O6: =IF($N$6<>0,IF($N$4=1,VLOOKUP($N$6,$AS$85:$AW$103,5,FALSE),IF($N$4=2,VLOOKUP($N$6,$AX$85:$BB$93,5,FALSE),VLOOKUP($N$6,$BC$85:$BG$86,5,FALSE))),"")
Z7: 異動区分
Z8: 異動年月日
B9: （第１号様式） | W9: 1
Q10: ※受付番号 | Z10: 支払方法
E11: 指定障害福祉サービス事業所 指定障害者支援施設 指定一般相談支援事業所 | Q11: ※指定市町村番号 | Z11: 社福・A型減免 | AA11: FALSE
M12: 指定（更新）申請書
Q13: 令和 年 月 日
B14: （申請先） | H14: （申請者）
B15: 相模原市長 | I15: 所 在 地
I17: 名 称
I18: 代表者氏名
B20: 障害者の日常生活及び社会生活を総合的に支援するための法律に規定する | Q20: =IF(OR($N$4=1,$N$4=2,$N$4=3),VLOOKUP($N$4,$AS$81:$AT$83,2,FALSE),"")
B21: に係る指定を受けたいので、下記のとおり、関係書類を添えて申請します。
B23: 申請者（設置者） | C23: ﾌ ﾘ ｶﾞ ﾅ
C24: 名 称
C25: 主たる事務所の 所在地 | G25: 〒 | L25: ←郵便番号を半角数字７桁で記載してください
C28: 連絡先 | G28: 電話番号 | O28: ＦＡＸ番号
C29: 法人の種類 | G29: =IF(OR(N5=1,N5=2,N5=3,N5=4,N5=5,N5=6,N5=7,N5=8,N5=9,N5=10,N5=11,N5=12,N5=13,N5=14,N5=15),VLOOKUP(N5,AS108:AU122,2,FALSE),"") | O29: 法人所轄庁
C30: 代表者 | E30: 役 職
E31: 氏 名
E32: 住 所 | G32: 〒 | L32: ←郵便番号を半角数字７桁で記載してください
B35: 指定を受けようとする 事業所・施設の種類 | C35: ﾌ ﾘ ｶﾞ ﾅ
C36: 名 称
C37: 事業所（施設） の所在地 | G37: 〒 | L37: ※事業所(施設)所在地市町村番号 | T37: ※級地区分
C40: 事業等の種類 | G40: =IF($N$4="","",VLOOKUP($N$4,$AS$81:$AT$83,2,FALSE))
G41: =IF($N$6<>0,IF($N$4=1,VLOOKUP($N$6,$AS$85:$AV$103,2,FALSE),IF($N$4=2,VLOOKUP($N$6,$AX$85:$BA$93,2,FALSE),VLOOKUP($N$6,$BC$85:$BF$86,2,FALSE))),"") | M41: 指定申請をする事業等の 事業開始予定年月日 | S41: 付表 | T41: 備考
S42: =IF($N$6<>0,IF($N$4=1,VLOOKUP($N$6,$AS$85:$AV$103,3,FALSE),IF($N$4=2,VLOOKUP($N$6,$AX$85:$BA$103,3,FALSE),VLOOKUP($N$6,$BC$85:$BF$86,3,FALSE))),"")
B43: 主たる事業所名称
B44: 同一の法律において既に 指定を受けている場合 | G44: サービスの種類 | P44: 事業所番号
G45: 事業所名称
B46: 指定有効開始年月日 | L46: 指定有効終了年月日
B47: 指定更新申請中区分 | G47: 2 | L47: ※地域生活支援拠点等区分 | Q47: 2
B48: 効力停止開始年月 | L48: 効力停止終了年月
B49: ※指定管理者制度適用区分 | G49: 2 | L49: ※支所コード
B50: 事業変更年月日
B51: （備考）
B52: １ 「※」のついた欄には記載しないでください。
B53: ２ 「法人の種類」欄には、申請者が法人である場合に、「社会福祉法人」「医療法人」「社団法人」「財団法人」
B54: 「営利法人」等の別を記載してください。
B55: ３ 「法人所轄庁」欄には、申請者が認可法人である場合に、その主務官庁の名称を記載してください。
B56: ４ 「指定を受けようとする事業所・施設の種類」欄には、今回申請をするものについて必要事項を記載してください。
B57: ５ 「同一の法律において既に指定を受けている場合」欄には、神奈川県内において既に事業所としての指定を受け、番号
B58: が付番されている場合に、その事業所に関する事項を記載してください。複数の番号を有する場合には、そのうちの
B59: 一つのみを記載してください。
V60: Ver.110
AV80: N6に格納されている値（新しい番号を見ている）
AS81: 1 | AT81: 指定障害福祉サービス事業所 | AV81: =IF(OR($L$6="",$L$6=0),0,IF($N$4=1,VLOOKUP($L$6,$AR$84:$AW$103,2,FALSE),IF($N$4=2,VLOOKUP($L$6,WAM対応2,1,FALSE),IF($N$4=3,VLOOKUP($L$6,BC85:BF86,1,FALSE),0)))) -> 0
AS82: 2 | AT82: 指定障害者支援施設 | AX82: =VLOOKUP($L$6,$AR$84:$AW$106,2,FALSE) -> 0
AS83: 3 | AT83: 指定一般相談支援事業所
AQ84: プルダウンの表示順→ | AR84: 0 | AS84: 0 | AT84: ←新しい番号
AR85: 1 | AS85: 1 | AT85: 居宅介護 | AU85: 1 | AV85: 11 | AW85: 1 | AX85: 1 | AY85: 生活介護 | AZ85: 3 | BA85: 22 | BB85: 1 | BC85: 1 | BD85: 地域移行支援 | BE85: 14 | BF85: 53 | BG85: 1
AR86: 2 | AS86: 2 | AT86: 重度訪問介護 | AU86: 1 | AV86: 12 | AW86: 1 | AX86: 2 | AY86: 施設入所支援 | AZ86: 8 | BA86: 32 | BB86: 1 | BC86: 2 | BD86: 地域定着支援 | BE86: 14 | BF86: 54 | BG86: 1
AR87: 3 | AS87: 3 | AT87: 行動援護 | AU87: 1 | AV87: 13 | AW87: 1 | AX87: 3 | AY87: 自立訓練（機能訓練） | AZ87: 9 | BA87: 41 | BB87: 1
AR88: 4 | AS88: 22 | AT88: 同行援護 | AU88: 1 | AV88: 15 | AW88: 1 | AX88: 4 | AY88: 自立訓練（生活訓練通所型） | AZ88: 10 | BA88: 42 | BB88: 1
AR89: 5 | AS89: 4 | AT89: 療養介護 | AU89: 2 | AV89: 21 | AW89: 1 | AX89: 5 | AY89: 自立訓練（生活訓練宿泊型） | AZ89: 10 | BA89: 34 | BB89: 1
AR90: 6 | AS90: 5 | AT90: 生活介護 | AU90: 3 | AV90: 22 | AW90: 1 | AX90: 6 | AY90: 就労移行支援（一般型） | AZ90: 11 | BA90: 43 | BB90: 1
AR91: 7 | AS91: 7 | AT91: 短期入所 | AU91: 5 | AV91: 24 | AW91: 1 | AX91: 7 | AY91: 就労移行支援（資格取得型） | AZ91: 11 | BA91: 44 | BB91: 1
AR92: 8 | AS92: 8 | AT92: 重度障害者等包括支援 | AU92: 6 | AV92: 14 | AW92: 1 | AX92: 8 | AY92: 就労継続支援（Ａ型） | AZ92: 12 | BA92: 45 | BB92: 1
AR93: 9 | AS93: 10 | AT93: 共同生活援助 | AU93: 7 | AV93: 33 | AW93: 1 | AX93: 9 | AY93: 就労継続支援（Ｂ型） | AZ93: 12 | BA93: 46 | BB93: 1
AR94: 10 | AS94: 12 | AT94: 共同生活援助（地域移行型） | AU94: 7 | AV94: 33 | AW94: 2
AR95: 11 | AS95: 23 | AT95: 自立生活援助 | AU95: 15 | AV95: 35 | AW95: 1
AR96: 12 | AS96: 15 | AT96: 自立訓練（機能訓練） | AU96: 9 | AV96: 41 | AW96: 1
AR97: 13 | AS97: 16 | AT97: 自立訓練（生活訓練通所型） | AU97: 10 | AV97: 42 | AW97: 1
AR98: 14 | AS98: 17 | AT98: 自立訓練（生活訓練宿泊型） | AU98: 10 | AV98: 34 | AW98: 1
AR99: 15 | AS99: 18 | AT99: 就労移行支援（一般型） | AU99: 11 | AV99: 43 | AW99: 1
AR100: 16 | AS100: 19 | AT100: 就労移行支援（資格取得型） | AU100: 11 | AV100: 44 | AW100: 1
AR101: 17 | AS101: 20 | AT101: 就労継続支援（Ａ型） | AU101: 12 | AV101: 45 | AW101: 1
AR102: 18 | AS102: 21 | AT102: 就労継続支援（Ｂ型） | AU102: 12 | AV102: 46 | AW102: 1
AR103: 19 | AS103: 24 | AT103: 就労定着支援 | AU103: 16 | AV103: 47 | AW103: 1
AS108: 1 | AT108: 社会福祉法人（社協以外） | AU108: 1
AS109: 2 | AT109: 社会福祉法人（社協） | AU109: 2
AS110: 3 | AT110: 医療法人 | AU110: 3
AS111: 4 | AT111: 民法法人（社団・財団） | AU111: 4
AS112: 5 | AT112: 営利法人 | AU112: 5
AS113: 6 | AT113: 非営利法人（ＮＰＯ） | AU113: 6
AS114: 7 | AT114: 農協 | AU114: 7
AS115: 8 | AT115: 生協 | AU115: 8
AS116: 9 | AT116: その他法人 | AU116: 9
AS117: 10 | AT117: 地方公共団体（都道府県） | AU117: 10
AS118: 11 | AT118: 地方公共団体（市町村） | AU118: 11
AS119: 12 | AT119: 地方公共団体（広域連合・一部事務組合等） | AU119: 12
... AS122: 15 | AT122: その他 | AU122: 99
AS124: 1 | AT124: 新規
AS125: 2 | AT125: 変更
AS126: 3 | AT126: 指定サービスの追加/変更
AS128: 1 | AT128: 口座振替
AS129: 2 | AT129: 納付書(納入通知書)
AS130: 8 | AT130: 口座不払
AS131: 9 | AT131: 納付書不払
AS133: =IF($N$6<>0,IF($N$4=1,VLOOKUP($N$6,$AS$85:$AV$105,2,FALSE),IF($N$4=2,VLOOKUP($N$6,$AX$85:$BA$93,2,FALSE),VLOOKUP($N$6,$BC$85:$BF$85,2,FALSE))),"")
AS135: 異動事由
AS136: 1 | AT136: 受給資格取得
AS137: 2 | AT137: 受給資格喪失
AS138: 3 | AT138: 政令市における受給者の区間異動
AS139: 4 | AT139: 合併による新規
AS140: 99 | AT140: その他異動
...

Sheet 口座振込依頼書
A1: 口座振込（変更）依頼書（兼 受領委任状）
A4: 神奈川県国民健康保険団体連合会理事長 殿
A6: 以下の口座に，次に掲げる介護給付費等の振込を依頼します。
U8: 令和 | AA8: 年 | AG8: 月 | AM8: 日
A11: 申請者（債権者） | C11: 法人名称 ( 開 設 者 ) | I11: =IF(様式第１号!G24<>"",様式第１号!G24,"") | AG11: 届出印
C13: 郵便番号 | I13: 〒 | K13: =IF(様式第１号!$H$25<>"",IF(LEN(様式第１号!$H$25)>6,LEFT(様式第１号!$H$25,1),LEFT(REPT("0",7-LEN(様式第１号!$H$25))&様式第１号!$H$25,1)),"") | L13: =IF(様式第１号!$H$25<>"",IF(LEN(様式第１号!$H$25)>6,MID(様式第１号!$H$25,2,1),MID(REPT("0",7-LEN(様式第１号!$H$25))&様式第１号!$H$25,2,1)),"") | M13: =IF(様式第１号!$H$25<>"",IF(LEN(様式第１号!$H$25)>6,MID(様式第１号!$H$25,3,1),MID(REPT("0",7-LEN(様式第１号!$H$25))&様式第１号!$H$25,3,1)),"") | N13: - | O13: =IF(様式第１号!$H$25<>"",IF(LEN(様式第１号!$H$25)>6,MID(様式第１号!$H$25,4,1),MID(REPT("0",7-LEN(様式第１号!$H$25))&様式第１号!$H$25,4,1)),"") | P13: =IF(様式第１号!$H$25<>"",IF(LEN(様式第１号!$H$25)>6,MID(様式第１号!$H$25,5,1),MID(REPT("0",7-LEN(様式第１号!$H$25))&様式第１号!$H$25,5,1)),"") | Q13: =IF(様式第１号!$H$25<>"",IF(LEN(様式第１号!$H$25)>6,MID(様式第１号!$H$25,6,1),MID(REPT("0",7-LEN(様式第１号!$H$25))&様式第１号!$H$25,6,1)),"") | R13: =IF(様式第１号!$H$25<>"",IF(LEN(様式第１号!$H$25)>6,MID(様式第１号!$H$25,7,1),MID(REPT("0",7-LEN(様式第１号!$H$25))&様式第１号!$H$25,7,1)),"")
C14: 事業所 所在地 | I14: =IF(様式第１号!G26<>"",様式第１号!G26,"")
I16: =IF(様式第１号!G27<>"",様式第１号!G27,"")
C18: 代表者氏名 | I18: =IF(様式第１号!G31<>"",様式第１号!G31,"")
C20: 事業所名称 | I20: =IF(様式第１号!G36<>"",様式第１号!G36,"")
C22: 事業所番号 | I22: =IF(様式第１号!AA4<>"",LEFT(REPT("0",10-LEN(様式第１号!AA4))&様式第１号!AA4,1),"") | K22: =IF(様式第１号!AA4<>"",MID(REPT("0",10-LEN(様式第１号!AA4))&様式第１号!AA4,2,1),"") | M22: =IF(様式第１号!AA4<>"",MID(REPT("0",10-LEN(様式第１号!AA4))&様式第１号!AA4,3,1),"") | O22: =IF(様式第１号!AA4<>"",MID(REPT("0",10-LEN(様式第１号!AA4))&様式第１号!AA4,4,1),"") | Q22: =IF(様式第１号!AA4<>"",MID(REPT("0",10-LEN(様式第１号!AA4))&様式第１号!AA4,5,1),"") | S22: =IF(様式第１号!AA4<>"",MID(REPT("0",10-LEN(様式第１号!AA4))&様式第１号!AA4,6,1),"") | U22: =IF(様式第１号!AA4<>"",MID(REPT("0",10-LEN(様式第１号!AA4))&様式第１号!AA4,7,1),"") | W22: =IF(様式第１号!AA4<>"",MID(REPT("0",10-LEN(様式第１号!AA4))&様式第１号!AA4,8,1),"") | Y22: =IF(様式第１号!AA4<>"",MID(REPT("0",10-LEN(様式第１号!AA4))&様式第１号!AA4,9,1),"") | AA22: =IF(様式第１号!AA4<>"",MID(REPT("0",10-LEN(様式第１号!AA4))&様式第１号!AA4,10,1),"")
C24: 対象事業名 | I24: =様式第１号!AA5 | K24: =様式第１号!G41
A27: 送付先 | C27: 郵便番号 | I27: 〒 | K27: =IF(#REF!="","",LEFT(#REF!,3)) -> #REF! | N27: - | O27: =IF(#REF!="","",RIGHT(#REF!,4)) -> #REF!
C28: 送付先住所 | I28: =IF(#REF!="","",#REF!) -> #REF!
I30: =IF(#REF!="","",#REF!) -> #REF!
C32: 宛名 | I32: =IF(#REF!="","",#REF!) -> #REF!
C34: 電話番号 | I34: =IF(#REF!="","",#REF!) -> #REF! | L34: =IF(I34="","","-") -> #REF! | M34: =IF(#REF!="","",#REF!) -> #REF! | P34: =IF(M34="","","-") -> #REF! | Q34: =IF(#REF!="","",#REF!) -> #REF!
A37: 振込先 | C37: 金融機関名 | Y37: 金 融 機 関 コ ー ド
C39: 支店名 | Y39: 支 店 コ ー ド
C41: 口座番号 | W41: 預金種目 | AC41: 1
C43: 口座名義人 | E43: ﾌﾘｶﾞﾅ
E45: 氏名
A49: 受領委任状
C50: 申請者（債権者）は，口座名義人（受任者）に，上記介護給付費等の受領に関する一切の権限を
C51: 委任します。
C52: =U8 -> 令和 | F52: =IF(X8<>"",X8,"") | I52: 年 | J52: =IF(AD8<>"",AD8,"") | M52: 月 | N52: =IF(AJ8<>"",AJ8,"") | Q52: 日
C54: 委任者 | I54: =IF(I18<>"",I18,"") | AK54: 印
I57: ※振込エラー防止のためどちらか一方にチェックをお願いします。
E58: 取扱金融機関の確認を以下に明記します。 | V58: ２枚目に通帳のコピーを添付します。
A60: 金 融 機 関 記 載 欄
I61: 上記口座が存在することを確認しました。
K63: 金融機関名
K65: 確認年月日 | AH65: ㊞
A69: 【振込先金融機関 通帳の写し添付様式】
U72: =$U$8 -> 令和 | X72: =IF(X8<>"",X8,"") | AA72: 年 | AD72: =IF(AD8<>"",AD8,"") | AG72: 月 | AJ72: =IF(AJ8<>"",AJ8,"") | AM72: 日
E75: 事業所名 | K75: =IF(I20<>"",I20,"")
E81: ※振込先金融機関の通帳の表面の名義人名の写し
D98: こちらに通帳の表面の写しを貼ってください。
E106: ※振込先金融機関の通帳の名義人名カタカナの写し
E123: こちらにカタカナ部分の写しを貼ってください。
T169: 指定年月日

Sheet 付表別紙
A2: 付表 別紙 | F2: 他の事業所又は施設の従事者と兼務する相談支援専門員について
A5: 他の事業所又は施設の従業者と兼務する相談支援専門員を全て記載してください。 ※記入欄が不足する場合は追加して記入してください。
A6: 1 | C6: 氏 名 | K6: 事業所の名称
C7: フリガナ | K7: 事業の種類 | T7: 兼務する職種
C8: 氏名 | K8: 勤務時間
A9: 2 | C9: 氏 名 | K9: 事業所の名称
C10: フリガナ | K10: 事業の種類 | T10: 兼務する職種
C11: 氏名 | K11: 勤務時間
A12: 3 | C12: 氏 名 | K12: 事業所の名称
C13: フリガナ | K13: 事業の種類 | T13: 兼務する職種
C14: 氏名 | K14: 勤務時間
A15: 4 | C15: 氏 名 | K15: 事業所の名称
C16: フリガナ | K16: 事業の種類 | T16: 兼務する職種
C17: 氏名 | K17: 勤務時間
A18: 5 | C18: 氏 名 | K18: 事業所の名称
C19: フリガナ | K19: 事業の種類 | T19: 兼務する職種
C20: 氏名 | K20: 勤務時間

Sheet 【記載例】付表別紙
A2: 付表 別紙 | F2: 他の事業所又は施設の従事者と兼務する相談支援専門員について
A5: 他の事業所又は施設の従業者と兼務する相談支援専門員を全て記載してください。 ※記入欄が不足する場合は追加して記入してください。
A6: 1 | C6: 氏 名 | K6: 事業所の名称 | O6: ○○ヘルパーサービス
C7: フリガナ | F7: ｻｶﾞﾐ ｼﾞﾛｳ | K7: 事業の種類 | O7: 居宅介護 | T7: 兼務する職種 | X7: 管理者
C8: 氏名 | F8: 相模 次郎 | K8: 勤務時間 | O8: 平日（月曜日～金曜日） 10時から12時まで
A9: 2 | C9: 氏 名 | K9: 事業所の名称
C10: フリガナ | K10: 事業の種類 | T10: 兼務する職種
C11: 氏名 | K11: 勤務時間
A12: 3 | C12: 氏 名 | K12: 事業所の名称
C13: フリガナ | K13: 事業の種類 | T13: 兼務する職種
C14: 氏名 | K14: 勤務時間
A15: 4 | C15: 氏 名 | K15: 事業所の名称
C16: フリガナ | K16: 事業の種類 | T16: 兼務する職種
C17: 氏名 | K17: 勤務時間
A18: 5 | C18: 氏 名 | K18: 事業所の名称
C19: フリガナ | K19: 事業の種類 | T19: 兼務する職種
C20: 氏名 | K20: 勤務時間

Sheet 付表１
A1: 付表1 居宅介護・重度訪問介護・行動援護・同行援護事業所の指定に係る記載事項
AA2: ※受付番号
A4: 事業所 | C4: ﾌﾘｶﾞﾅ | I4: =IF(様式第１号!S42=1,IF(様式第１号!G35<>"",様式第１号!G35,""),"")
C5: 名 称 | I5: =IF(様式第１号!S42=1,IF(様式第１号!G36<>"",様式第１号!G36,""),"")
C6: 所在地 | I6: 〒 | K6: =IF(様式第１号!S42=1,IF(様式第１号!H37<>"",様式第１号!H37,""),"") | Q6: ←郵便番号を半角数字７桁で入力してください
I7: =IF(様式第１号!S42=1,IF(様式第１号!G38<>"",様式第１号!G38,""),"")
I8: =IF(様式第１号!S42=1,IF(様式第１号!G39<>"",様式第１号!G39,""),"")
C9: 連 絡 先 | I9: 電話番号 | W9: ＦＡＸ番号
A10: 当該事業の実施について定めてある定款・寄付行為等又は条例等
A11: 管理者 | C11: ﾌﾘｶﾞﾅ
C12: 氏 名
C13: 住 所 | I13: 〒 | Q13: ←郵便番号を半角数字７桁で入力してください
C16: 当該事業所における居宅介護従業者等との兼務の有無 | W16: 2
C17: 同一敷地内の他の事業所又は施設の従業者との兼務（兼務の場合記入） | O17: 事業所等の名称
O18: 兼務する職種
O19: 勤務時間
A20: サービス 提供責任者 | C20: ﾌﾘｶﾞﾅ
C21: 氏 名
C22: 住 所 | I22: 〒 | Q22: ←郵便番号を半角数字７桁で入力してください
A25: 従業者の職種 ・員数 | C25: (単位：人） | I25: 居宅介護事業従業者 | O25: その他の従業者
I26: 専従 | L26: 兼務 | O26: 専従 | R26: 兼務
C27: 従業者数 | F27: 常勤
F28: 非常勤
C29: 常勤換算後の人数
C30: ※基準上の必要人数
A31: 主な掲示事項 | C31: 営業日 | AL31: FALSE | AM31: FALSE | AN31: FALSE | AO31: FALSE | AP31: FALSE | AQ31: FALSE | AR31: FALSE
C32: 営業時間 | I32: 平日 | O32: ～ | T32: 土曜 | Z32: ～ | AE32: 備考
I33: 日曜 | O33: ～ | T33: 祝日 | Z33: ～
C34: サービス内容 | I34: 居宅介護 | AL34: FALSE | AM34: FALSE | AN34: FALSE
I35: 重度訪問介護 | W35: 行動援護 | AL35: FALSE | AM35: FALSE
I36: 同行援護 | AL36: FALSE
C37: 主たる対象者 | I37: 居宅介護 | AL37: FALSE | AM37: FALSE | AN37: FALSE | AO37: FALSE | AP37: FALSE
I38: 重度訪問介護 | AL38: FALSE | AM38: FALSE | AN38: FALSE
I39: 行動援護 | AL39: FALSE | AM39: FALSE | AN39: FALSE | AO39: FALSE
I40: 同行援護 | AL40: FALSE | AM40: FALSE
C41: 利用料
C42: その他費用
C43: 通常の事業 の実施地域
C47: その他参考 となる事項 | I47: 第三者評価の実施状況 | R47: 2
I48: 苦情解決の措置概要 | R48: 窓口（連絡先）
R49: 担当者
I50: その他
A51: ※加算等 | C51: 特定事業所加算区分 | I51: 4
C52: 処遇改善加算 | I52: 2 | R52: 処遇改善加算 キャリアパス区分 | Z52: 1
C53: 特定処遇改善加算 | I53: 2 | R53: 特定処遇改善加算 区分 | X53: 1
C54: 処遇改善特別加算 | I54: 2 | R54: 共生型サービス対象区分 | X54: 2
A55: （備考）
A56: １．「※」のついた欄には、記載しないでください。
A57: ２．事業所の名称・所在地については、様式第１号から転記されます。
A58: ３． 居宅介護の指定を受けた場合、あわせて重度訪問介護の指定もされることになります。
A59: ４．「主な掲示事項」欄には、その内容を簡潔に記載してください。
A60: ５． 出張所等がある場合は、付表１－２にも記載してください。
A61: また、従業者については、本様式中に出張所に勤務する職員も含めて記載してください。
A62: ６．「その他の費用」欄には、利用者に直接金銭の負担を求める場合のサービス内容について記載してください。
A63: ７．「通常の事業の実施地域」欄には、市区町村名を記載することとし、当該区域の全部又は一部の別を記載してください。
A64: なお、一部の地域が実施地域である場合は適宜地図を添付してください。

Sheet 付表１－２
A1: 付表1－2 居宅介護等を事業所所在地以外の場所で一部実施する場合の記載事項
AA2: ※受付番号
AA3: ※出張所番号
A4: 事業所 | C4: ﾌﾘｶﾞﾅ
C5: 名 称
C6: 所在地 | I6: 〒 | Q6: ←郵便番号を半角数字７桁で入力してください
C9: 連 絡 先 | I9: 電話番号 | W9: ＦＡＸ番号
A10: 主な掲示事項 | C10: 営業日 | AL10: FALSE | AM10: FALSE | AN10: FALSE | AO10: FALSE | AP10: FALSE | AQ10: FALSE | AR10: FALSE
C11: 営業時間 | I11: 平日 | O11: ～ | T11: 土曜 | Z11: ～ | AE11: 備考
I12: 日曜 | O12: ～ | T12: 祝日 | Z12: ～
C13: サービス内容 | I13: 居宅介護 | AL13: FALSE | AM13: FALSE | AN13: FALSE
I14: 重度訪問介護 | W14: 行動援護 | AL14: FALSE | AM14: FALSE
I15: 同行援護 | AL15: FALSE
C16: 主たる対象者 | I16: 居宅介護 | AL16: FALSE | AM16: FALSE | AN16: FALSE | AO16: FALSE | AP16: FALSE
I17: 重度訪問介護 | AL17: FALSE | AM17: FALSE | AN17: FALSE
I18: 行動援護 | AL18: FALSE | AM18: FALSE | AN18: FALSE | AO18: FALSE
I19: 同行援護 | AL19: FALSE | AM19: FALSE
C20: 利用料
C21: その他費用
C22: 通常の事業 の実施地域
C26: その他参考 となる事項 | I26: 第三者評価の実施状況 | R26: 2
I27: 苦情解決の措置概要 | R27: 窓口（連絡先）
R28: 担当者
I29: その他
A30: （備考）
A31: １．「※」のついた欄には、記載しないでください。
A32: ２．「主な掲示事項」欄には、その内容を簡潔に記載してください。
A33: ３．「その他の費用」欄には、利用者に直接金銭の負担を求める場合のサービス内容について記載してください。
A34: ４．「通常の事業の実施地域」欄には、市区町村名を記載することとし、当該区域の全部又は一部の別を記載して
A35: ください。なお、一部の地域が実施地域である場合は適宜地図を添付してください。

Sheet 付表２
A1: 付表2 療養介護事業所の指定に係る記載事項
AA2: ※受付番号
A4: 事業所 | C4: ﾌﾘｶﾞﾅ | I4: =IF(様式第１号!S42=2,IF(様式第１号!G35<>"",様式第１号!G35,""),"")
C5: 名 称 | I5: =IF(様式第１号!S42=2,IF(様式第１号!G36<>"",様式第１号!G36,""),"")
C6: 所在地 | I6: 〒 | K6: =IF(様式第１号!S42=2,IF(様式第１号!H37<>"",様式第１号!H37,""),"") | Q6: ←郵便番号を半角数字７桁で入力してください
I7: =IF(様式第１号!S42=2,IF(様式第１号!G38<>"",様式第１号!G38,""),"")
I8: =IF(様式第１号!S42=2,IF(様式第１号!G39<>"",様式第１号!G39,""),"")
C9: 連 絡 先 | I9: 電話番号 | W9: ＦＡＸ番号
A10: 当該事業の実施について定めてある定款・寄付行為等又は条例等
A11: 管理者 | C11: ﾌﾘｶﾞﾅ
C12: 氏 名
C13: 住 所 | I13: 〒 | Q13: ←郵便番号を半角数字７桁で入力してください
C16: 当該療養介護事業所で兼務する他の職種（兼務の場合のみ記入）
C17: 他の事業所又は施設の従業者との兼務（兼務の場合記入） | O17: 事業所等の名称
O18: 兼務する職種
O19: 勤務時間
A20: サービス 管理責任者 | C20: ﾌﾘｶﾞﾅ
C21: 氏 名
C22: 住 所 | I22: 〒 | Q22: ←郵便番号を半角数字７桁で入力してください
A25: 従業者の職種 ・員数（共通） | C25: (単位：人） | I25: サービス管理責任者 | O25: 医師
I26: 専従 | L26: 兼務 | O26: 専従 | R26: 兼務
C27: 従業者数 | F27: 常勤
F28: 非常勤
C29: 常勤換算後の人数
C30: ※基準上の必要人数
A31: 単位１ | C31: (単位：人） | I31: 生活支援員 | O31: 看護職員
I32: 専従 | L32: 兼務 | O32: 専従 | R32: 兼務 | U32: 専従 | X32: 兼務 | AA32: 専従 | AD32: 兼務
C33: 従業者数 | F33: 常勤
F34: 非常勤
C35: 常勤換算後の人数
C36: ※基準上の必要人数
C37: 前年度の平均利用者数 | O37: 人（単位ごとの利用者数。＊新規の場合は推定数）
C38: 単位ごとの利用定員 | O38: 人（単位ごとの利用定員）
C39: ※基準上の必要定員 | O39: 人 | Q39: 職員欠如による減算適用開始年月日 | R39: 0 | AE39: ※単位番号
C40: ※利用定員超過減算 | I40: 2 | N40: ※職員欠如減算 | S40: 2 | X40: ※人員配置区分 | AC40: 1 | AD40: =IF(ISNA(VLOOKUP(AC40, 出力変換_人員配置区分_療養介護,4,FALSE)),0, VLOOKUP(AC40, 出力変換_人員配置区分_療養介護,4,FALSE)) & "" -> 00 | AE40: 00 | AF40: =IF(ISNA(VLOOKUP(AE40, 取込変換_人員配置区分_療養介護,2,FALSE)),1, VLOOKUP(AE40, 取込変換_人員配置区分_療養介護,2,FALSE)) & "" -> 1
A41: 療養介護全体の利用定員 | O41: 人
A42: 前年度の平均利用者数 | O42: 人（事業所全体の利用者数。＊新規の場合は推定数）
A43: 主たる設備 | I43: 多目的室 | Y43: 2
I44: 医療法の規定により病院に置くべきものとされる設備 | Y44: 2
A45: 主な掲示事項 | C45: 利用料
C46: その他費用
C47: その他参考 となる事項 | I47: 第三者評価の実施状況 | R47: 2
I48: 苦情解決の措置概要 | R48: 窓口（連絡先）
I49: 1 | R49: 担当者
I50: その他
A51: ※加算等 | C51: ※みなし指定の有無 | I51: 2 | R51: ※人員配置体制加算 | S51: 0 | Y51: 2
C52: 旧法施設定員数 | Q52: 人 | R52: ※保障単位数 (9割保障) | S52: 0 | AJ52: 人
C53: 福祉専門職員配置等加算 | I53: 1 | R53: サービス管理責任者欠如減算の有無 | S53: 1 | Y53: 2
C54: 処遇改善加算 | I54: 2 | R54: 処遇改善加算 キャリアパス区分 | Y54: 1
C55: 特定処遇改善加算 | I55: 2 | R55: 特定処遇改善加算区分 | Y55: 1
C56: 処遇改善特別加算 | I56: 2 | R56: サービス管理責任者欠如減算適用開始年月日 | S56: 0
A60: （単位） 療養介護事業を複数の単位で行う場合の記載事項
AA61: ※受付番号
A63: 単位２ | C63: (単位：人） | I63: 生活支援員 | O63: 看護職員 | U63: 看護補助者
I64: 専従 | L64: 兼務 | O64: 専従 | R64: 兼務 | U64: 専従 | X64: 兼務 | AA64: 専従 | AD64: 兼務
C65: 従業者数 | F65: 常勤
F66: 非常勤
C67: 常勤換算後の人数
C68: ※基準上の必要人数
C69: 前年度の平均利用者数 | O69: 人（単位ごとの利用者数。＊新規の場合は推定数）
C70: 単位ごとの利用定員 | O70: 人（単位ごとの利用定員）
C71: ※基準上の必要定員 | O71: 人 | Q71: 職員欠如による減算適用開始年月日 | R71: 0 | AE71: ※単位番号
C72: ※利用定員超過減算 | I72: 2 | N72: ※職員欠如減算 | S72: 2 | X72: ※人員配置区分 | AC72: 1 | AD72: =IF(ISNA(VLOOKUP(AC72, 出力変換_人員配置区分_療養介護,4,FALSE)),0, VLOOKUP(AC72, 出力変換_人員配置区分_療養介護,4,FALSE)) & "" -> 00 | AE72: 00 | AF72: =IF(ISNA(VLOOKUP(AE72, 取込変換_人員配置区分_療養介護,2,FALSE)),1, VLOOKUP(AE72, 取込変換_人員配置区分_療養介護,2,FALSE)) & "" -> 1
A73: 単位３ | C73: (単位：人） | I73: 生活支援員 | O73: 看護職員 | U73: 看護補助者
I74: 専従 | L74: 兼務 | O74: 専従 | R74: 兼務 | U74: 専従 | X74: 兼務 | AA74: 専従 | AD74: 兼務
C75: 従業者数 | F75: 常勤
F76: 非常勤
C77: 常勤換算後の人数
C78: ※基準上の必要人数
C79: 前年度の平均利用者数 | O79: 人（単位ごとの利用者数。＊新規の場合は推定数）
C80: 単位ごとの利用定員 | O80: 人（単位ごとの利用定員）
C81: ※基準上の必要定員 | O81: 人 | Q81: 職員欠如による減算適用開始年月日 | R81: 0 | AE81: ※単位番号
C82: ※利用定員超過減算 | I82: 2 | N82: ※職員欠如減算 | S82: 2 | X82: ※人員配置区分 | AC82: 1 | AD82: =IF(ISNA(VLOOKUP(AC82, 出力変換_人員配置区分_療養介護,4,FALSE)),0, VLOOKUP(AC82, 出力変換_人員配置区分_療養介護,4,FALSE)) & "" -> 00 | AE82: 00 | AF82: =IF(ISNA(VLOOKUP(AE82, 取込変換_人員配置区分_療養介護,2,FALSE)),1, VLOOKUP(AE82, 取込変換_人員配置区分_療養介護,2,FALSE)) & "" -> 1
A83: 単位４ | C83: (単位：人） | I83: 生活支援員 | O83: 看護職員 | U83: 看護補助者
I84: 専従 | L84: 兼務 | O84: 専従 | R84: 兼務 | U84: 専従 | X84: 兼務 | AA84: 専従 | AD84: 兼務
C85: 従業者数 | F85: 常勤
F86: 非常勤
C87: 常勤換算後の人数
C88: ※基準上の必要人数
C89: 前年度の平均利用者数 | O89: 人（単位ごとの利用者数。＊新規の場合は推定数） | Z89: 2
C90: 単位ごとの利用定員 | O90: 人（単位ごとの利用定員）
C91: ※基準上の必要定員 | O91: 人 | Q91: 職員欠如による減算適用開始年月日 | R91: 0 | AE91: ※単位番号
C92: ※利用定員超過減算 | I92: 2 | N92: ※職員欠如減算 | S92: 2 | X92: ※人員配置区分 | AC92: 1 | AD92: =VLOOKUP(AC92,出力変換_人員配置区分_療養介護,4) -> 00 | AE92: 00 | AF92: =VLOOKUP(AE92,取込変換_人員配置区分_療養介護,2) -> 1
A93: 単位５ | C93: (単位：人） | I93: 生活支援員 | O93: 看護職員 | U93: 看護補助者
I94: 専従 | L94: 兼務 | O94: 専従 | R94: 兼務 | U94: 専従 | X94: 兼務 | AA94: 専従 | AD94: 兼務
C95: 従業者数 | F95: 常勤
F96: 非常勤
C97: 常勤換算後の人数
C98: ※基準上の必要人数
C99: 前年度の平均利用者数 | O99: 人（単位ごとの利用者数。＊新規の場合は推定数）
C100: 単位ごとの利用定員 | O100: 人（単位ごとの利用定員）
C101: ※基準上の必要定員 | O101: 人 | Q101: 職員欠如による減算適用開始年月日 | R101: 0 | AE101: ※単位番号
C102: ※利用定員超過減算 | I102: 2 | N102: ※職員欠如減算 | S102: 2 | X102: ※人員配置区分 | AC102: 1 | AD102: =VLOOKUP(AC102,出力変換_人員配置区分_療養介護,4) -> 00 | AE102: 00 | AF102: =VLOOKUP(AE102,取込変換_人員配置区分_療養介護,2) -> 1
A103: （備考）
A104: １．「※」のついた欄には、記載しないでください。
A105: ２． 事業所の名称・所在地については、様式第１号から転記されます。
A106: ３． 新設の場合には、「前年度の平均利用者数」欄は推定数を記入してください。

Sheet 付表３
A1: 付表3 生活介護事業所の指定に係る記載事項
D2: ＊１ 従たる事業所のある場合は、付表３－２を併せて提出してください。 | AA2: ※受付番号
D3: ＊２ 多機能型事業実施時は、各事業の付表と付表13を併せて提出してください。
A4: 事業所 | C4: ﾌﾘｶﾞﾅ | I4: =IF(様式第１号!S42=3,IF(様式第１号!G35<>"",様式第１号!G35,""),"")
C5: 名 称 | I5: =IF(様式第１号!S42=3,IF(様式第１号!G36<>"",様式第１号!G36,""),"")
C6: 所在地 | I6: 〒 | K6: =IF(様式第１号!S42=3,IF(様式第１号!H37<>"",様式第１号!H37,""),"") | Q6: ←郵便番号を半角数字７桁で入力してください
I7: =IF(様式第１号!S42=3,IF(様式第１号!G38<>"",様式第１号!G38,""),"")
I8: =IF(様式第１号!S42=3,IF(様式第１号!G39<>"",様式第１号!G39,""),"")
C9: 連 絡 先 | I9: 電話番号 | W9: ＦＡＸ番号
A10: 当該事業の実施について定めてある定款・寄付行為等又は条例等
A11: 管理者 | C11: ﾌﾘｶﾞﾅ
C12: 氏 名
C13: 住 所 | I13: 〒 | Q13: ←郵便番号を半角数字７桁で入力してください
C16: 当該生活介護事業所で兼務する他の職種（兼務の場合のみ記入）
C17: 他の事業所又は施設の従業者との兼務（兼務の場合記入） | O17: 事業所等の名称
O18: 兼務する職種
O19: 勤務時間
A20: サービス 管理責任者 | C20: ﾌﾘｶﾞﾅ
C21: 氏 名
C22: 住 所 | I22: 〒 | Q22: ←郵便番号を半角数字７桁で入力してください
A25: 従業者の職種 ・員数(共通) | C25: (単位：人） | I25: サービス管理責任者 | N25: 医師
I26: 専従 | K26: 兼務 | N26: 専従 | P26: 兼務
C27: 従業者数 | F27: 常勤
F28: 非常勤
C29: 常勤換算後の人数
C30: ※基準上の必要人数
A31: 単位１ | C31: (単位：人） | I31: 看護職員 | N31: 理学療法士 | S31: 作業療法士 | X31: 機能訓練指導員 | AC31: 生活支援員
I32: 専従 | K32: 兼務 | N32: 専従 | P32: 兼務 | S32: 専従 | U32: 兼務 | X32: 専従 | Z32: 兼務 | AC32: 専従 | AE32: 兼務
C33: 従業者数 | F33: 常勤
F34: 非常勤
C35: 常勤換算後の人数
C36: ※基準上の必要人数
C37: (単位：人） | I37: 精神保健福祉士
I38: 専従 | K38: 兼務 | N38: 専従 | P38: 兼務 | S38: 専従 | U38: 兼務 | X38: 専従 | Z38: 兼務 | AC38: 専従 | AE38: 兼務
C39: 従業者数 | F39: 常勤
F40: 非常勤
C41: 常勤換算後の人数
C42: ※基準上の必要人数
C43: 前年度の障害支援区分の平均値 | I43: 1
C44: 前年度の平均利用者数 | O44: 人（単位ごとの利用者数。＊新規の場合は推定数）
C45: 単位ごとの利用定員 | O45: 人（単位ごとの利用定員）
C46: ※基準上の必要定員 | O46: 人 | AE46: ※単位番号
C47: 営業日 | AL47: FALSE | AM47: FALSE | AN47: FALSE | AO47: FALSE | AP47: FALSE | AQ47: FALSE | AR47: FALSE
C48: 営業時間 | I48: 平日 | O48: ～ | T48: 土曜 | Z48: ～ | AE48: 備考
I49: 日曜 | O49: ～ | T49: 祝日 | Z49: ～
C50: 主たる対象者 | I50: 身体障害者 | AL50: FALSE | AM50: FALSE | AN50: FALSE | AO50: FALSE | AP50: FALSE
I51: 知的障害者 | W51: 精神障害者 | AL51: FALSE | AM51: FALSE
C52: ※利用定員超過減算 | I52: 2 | N52: ※職員欠如減算 | S52: 2 | X52: ※人員配置区分 | AC52: 1 | AD52: =IF(ISNA(VLOOKUP(AC52, 出力変換_人員配置区分_生活介護,4,FALSE)),0, VLOOKUP(AC52, 出力変換_人員配置区分_生活介護,4,FALSE)) & "" -> 00 | AE52: 00 | AF52: =IF(ISNA(VLOOKUP(AE52, 取込変換_人員配置区分_生活介護,2,FALSE)),1, VLOOKUP(AE52, 取込変換_人員配置区分_生活介護,2,FALSE)) & "" -> 1
C53: 職員欠如による減算適用開始年月日 | X53: 重度障害者支援加算Ⅰ | AF53: 2
A54: 予備
A55: 予備
A56: 予備
A57: 予備
A58: 予備
A59: 予備
A60: 予備
A61: 予備
A62: 予備
A63: 生活介護全体の利用定員 | N63: 人
A64: 前年度の平均利用者数 | O64: 人（事業所全体の利用者数。＊新規の場合は推定数）
A65: 主な掲示事項 | C65: 多機能型実施の有無 | I65: 2
C66: 利用料
C67: その他費用
C68: その他参考 となる事項 | I68: 第三者評価の実施状況 | R68: 2
I69: 苦情解決の措置概要 | R69: 窓口（連絡先）
R70: 担当者
I71: その他
C72: 協力医療機関 | E72: 名 称 | R72: 主 な 診療科名
E74: 名 称 | R74: 主 な 診療科名
E76: 名 称 | R76: 主 な 診療科名
A78: ※施設等の区分 | K78: 1 | L78: =IF(ISNA(VLOOKUP(K78, 出力変換_施設等の区分_付３,4,FALSE)),0, VLOOKUP(K78, 出力変換_施設等の区分_付３,4,FALSE)) & "" -> 0 | M78: 0 | N78: =IF(ISNA(VLOOKUP(M78, 取込変換_施設等の区分_付３,2,FALSE)),1, VLOOKUP(M78, 取込変換_施設等の区分_付３,2,FALSE)) & "" -> 1 | T78: ※障害児施設区分 | Z78: 1 | AA78: =IF(ISNA(VLOOKUP(Z78, 出力変換_障害児施設区分_付３,4,FALSE)),0, VLOOKUP(Z78, 出力変換_障害児施設区分_付３,4,FALSE)) & "" -> 00 | AB78: 00 | AC78: =IF(ISNA(VLOOKUP(AB78, 取込変換_障害児施設区分_付３,2,FALSE)),1, VLOOKUP(AB78, 取込変換_障害児施設区分_付３,2,FALSE)) & "" -> 1
A79: ※みなし指定の有無 | K79: 2 | R79: ※大規模住居等減算 | Z79: 1
A80: 配置医減算 | K80: 2
A81: 開所時間減算の有無 | K81: 2 | R81: 開所時間減算区分 | Z81: 1 | AA81: =IF(ISNA(VLOOKUP(Z81, 出力変換_開所時間減算区分＿付３,4,FALSE)),0, VLOOKUP(Z81, 出力変換_開所時間減算区分＿付３,4,FALSE)) & "" -> 1 | AB81: 1 | AC81: =IF(ISNA(VLOOKUP(AB81, 取込変換_開所時間減算区分＿付３,2,FALSE)),1, VLOOKUP(AB81, 取込変換_開所時間減算区分＿付３,2,FALSE)) & "" -> 1
A82: ※加算等 ●の欄は経過的施設 | C82: 延長支援加算 | K82: 2 | R82: 視覚・聴覚言語障害者支援加算 | Z82: 2
C83: 食事提供体制加算 | K83: 2 | R83: 旧法施設定員数 | AJ83: 人
C84: 利用日数特例届出有無 | I84: 3 | K84: 2 | R84: 保障単位数 （９割保障） | AI84: 単位
C85: 利用日数特例開始年月1 | R85: 利用日数特例終了年月1
C86: 利用日数特例開始年月2 | R86: 利用日数特例終了年月2
C87: 利用日数特例開始年月3 | R87: 利用日数特例終了年月3
C88: 利用日数特例開始年月4 | R88: 利用日数特例終了年月4
C89: リハビリテーション加算 | K89: 2 | R89: 福祉専門職員配置等加算 | Z89: 1
C90: 人員配置体制加算 | K90: 2 | R90: ●職業指導員体制加算 | Z90: 2
C91: ●重度知的障害児収容棟設置 | K91: 2 | R91: ●肢体不自由児施設 重度病棟設置有無 | Z91: 2
C92: ●心理担当職員配置加算 | K92: 2 | R92: ●小規模グループケア加算 | Z92: 2 | AL92: 1 | AM92: =IF(ISNA(VLOOKUP(AL92, 取込変換_リスト_心理担当職員配置加算＿付３,2,FALSE)),1, VLOOKUP(AL92, 取込変換_リスト_心理担当職員配置加算＿付３,2,FALSE)) & "" -> #NAME?
C93: 送迎加算 | K93: 1 | R93: 送迎加算（重度） | Z93: 2
C94: ●重度障害者（児）支援 加算（強度行動障害） | K94: 2 | R94: 常勤看護職員等配置加算 | Z94: 1
C95: ●児童発達支援管理 責任者専任加算 | K95: 2 | R95: ●栄養士配置加算
C96: ●看護職員配置加算 | R96: ●強度行動障害者 特別支援加算 | Z96: 2 | AL96: 1 | AM96: =IF(ISNA(VLOOKUP(AL96, 取込変換_リスト_看護職員配置加算＿付３,2,FALSE)),1, VLOOKUP(AL96, 取込変換_リスト_看護職員配置加算＿付３,2,FALSE)) & "" -> #NAME?
C97: ●自活訓練加算（Ⅰ） | K97: 2 | R97: ●自活訓練加算（Ⅱ） | Z97: 2
C98: 処遇改善加算 | K98: 2 | R98: 処遇改善加算 キャリアパス区分 | Y98: 2 | Z98: 1
C99: 特定処遇改善加算 | K99: 2 | R99: 特定処遇改善加算区分 | Z99: 1
C100: 処遇改善特別加算 | K100: 2 | R100: 主たるサービス種類 | Z100: 1 | AA100: =IF(ISNA(VLOOKUP(Z100, 出力変換_主たるサービス種類_付３,4,FALSE)),0, VLOOKUP(Z100, 出力変換_主たるサービス種類_付３,4,FALSE)) & "" -> 00 | AB100: 00 | AC100: =IF(ISNA(VLOOKUP(AB100, 取込変換_主たるサービス種類_付３,2,FALSE)),1, VLOOKUP(AB100, 取込変換_主たるサービス種類_付３,2,FALSE)) & "" -> 1
C101: 重度障害者支援加算Ⅱ | R101: 就労移行支援体制加算 | AL101: 2 | AN101: 2
C102: 短時間利用減算 | R102: ●児童指導員等加配加算 | AL102: #NAME? | AN102: 1 | AO102: =IF(ISNA(VLOOKUP(AN102, 取込変換_リスト_児童指導員等加配加算＿付３,2,FALSE)),1, VLOOKUP(AN102, 取込変換_リスト_児童指導員等加配加算＿付３,2,FALSE)) & "" -> #NAME? | AP102: 2
C103: 共生型サービス対象区分 | R103: サービス管理責任者配置等の有無 | AL103: 2 | AN103: 2
C104: サービス管理責任者欠如減算 | R104: サービス管理責任者 欠如減算適用開始年月日 | AL104: 2
C105: ソーシャルワーカー配置加算 | K105: 2 | R105: 就労定着者数
A106: 予備
A107: 予備
...

Sheet 付表３－２
A1: 付表3－2 一体的に実施する従たる事業所の指定に係る記載事項
D2: ＊ 多機能型事業実施時は、各事業の付表と付表13を併せて提出してください。 | AA2: ※受付番号
A4: 事業所 | C4: ﾌﾘｶﾞﾅ
C5: 名 称
C6: 所在地 | I6: 〒 | Q6: ←郵便番号を半角数字７桁で入力してください
C9: 連 絡 先 | I9: 電話番号 | W9: ＦＡＸ番号
A10: 従業者の職種・員数 | C10: (単位：人） | I10: 医師 | N10: サービス管理責任者 | S10: 看護職員 | X10: 理学療法士 | AC10: 作業療法士
I11: 専従 | K11: 兼務 | N11: 専従 | P11: 兼務 | S11: 専従 | U11: 兼務 | X11: 専従 | Z11: 兼務 | AC11: 専従 | AE11: 兼務
C12: 従業者数 | F12: 常勤
F13: 非常勤
C14: 常勤換算後の人数
C15: ※基準上の必要人数
C16: (単位：人） | I16: 機能訓練指導員 | N16: 生活支援員 | S16: 精神保健福祉士
I17: 専従 | K17: 兼務 | N17: 専従 | P17: 兼務 | S17: 専従 | U17: 兼務 | X17: 専従 | Z17: 兼務 | AC17: 専従 | AE17: 兼務
C18: 従業者数 | F18: 常勤
F19: 非常勤
C20: 常勤換算後の人数
C21: ※基準上の必要人数
A22: 従たる事業所の利用定員 | O22: 人
A23: （備考）
A24: １．「※」のついた欄には、記載しないでください。
A25: ２．「看護職員」とは保健師、看護師、准看護師のことを言います。
A26: ３．「兼務」欄は、施設入所支援事業以外との兼務を行う職員について記載してください。

Sheet 付表４
A1: 付表4 児童デイサービス事業所の指定に係る記載事項
AA2: ※受付番号
AL3: TRUE
A4: 事業所 | C4: ﾌﾘｶﾞﾅ | I4: =IF(様式第１号!S42=4,IF(様式第１号!G35<>"",様式第１号!G35,""),"")
C5: 名 称 | I5: =IF(様式第１号!S42=4,IF(様式第１号!G36<>"",様式第１号!G36,""),"")
C6: 所在地 | I6: 〒 | K6: =IF(様式第１号!S42=4,IF(様式第１号!H37<>"",様式第１号!H37,""),"") | Q6: ←郵便番号を半角数字７桁で入力してください
I7: =IF(様式第１号!S42=4,IF(様式第１号!G38<>"",様式第１号!G38,""),"")
I8: =IF(様式第１号!S42=4,IF(様式第１号!G39<>"",様式第１号!G39,""),"")
C9: 連 絡 先 | I9: 電話番号 | W9: ＦＡＸ番号
A10: 当該事業の実施について定めてある定款・寄付行為等又は条例等
A11: 管理者 | C11: ﾌﾘｶﾞﾅ
C12: 氏 名
C13: 住 所 | I13: 〒 | Q13: ←郵便番号を半角数字７桁で入力してください
C16: 当該児童デイサービス事業所で兼務する他の職種（兼務の場合のみ記入）
C17: 他の事業所又は施設の従業者との兼務（兼務の場合記入） | O17: 事業所等の名称
O18: 兼務する職種
O19: 勤務時間
A20: サービス 管理責任者 | C20: ﾌﾘｶﾞﾅ
C21: 氏 名
C22: 住 所 | I22: 〒 | Q22: ←郵便番号を半角数字７桁で入力してください
A25: 従業者の職種 ・員数(共通) | C25: (単位：人） | I25: サービス管理責任者
I26: 専従 | L26: 兼務
C27: 従業者数 | F27: 常勤
F28: 非常勤
C29: 常勤換算後の人数
C30: ※基準上の必要人数
A31: 単位１ | C31: (単位：人） | I31: 指導員 | O31: 保育士
I32: 専従 | L32: 兼務 | O32: 専従 | R32: 兼務 | U32: 専従 | X32: 兼務 | AA32: 専従 | AD32: 兼務
C33: 従業者数 | F33: 常勤
F34: 非常勤
C35: 常勤換算後の人数
C36: ※基準上の必要人数
C37: 営業日 | AL37: FALSE | AM37: FALSE | AN37: FALSE | AO37: FALSE | AP37: FALSE | AQ37: FALSE | AR37: FALSE
C38: 営業時間 | I38: 平日 | O38: ～ | T38: 土曜 | Z38: ～ | AE38: 備考
I39: 日曜 | O39: ～ | T39: 祝日 | Z39: ～
C40: 単位ごとの利用定員 | O40: 人（単位ごとの利用定員） | AE40: ※単位番号
C41: ※利用定員超過減算 | I41: 2 | N41: ※職員欠如減算 | S41: 2 | X41: ※施設等の区分 | AC41: 1 | AD41: =IF(ISNA(VLOOKUP(AC41, 出力変換_施設等の区分_児童デイ,4,FALSE)),0, VLOOKUP(AC41, 出力変換_施設等の区分_児童デイ,4,FALSE)) & "" -> 0 | AE41: 0 | AF41: =IF(ISNA(VLOOKUP(AE41, 取込変換_施設等の区分_児童デイ,2,FALSE)),1, VLOOKUP(AE41, 取込変換_施設等の区分_児童デイ,2,FALSE)) & "" -> 1
C42: ※指導員加配加算 | I42: 2
A43: 主な掲示事項 | C43: 児童デイ全体の利用定員 | O43: 人
C44: 多機能型実施の有無 | I44: 2
C45: 利用料
C46: その他費用
C47: 実施サービス | I47: 送迎サービス | O47: 2
C48: 設備 | I48: 日常生活訓練室 | O48: 2
C49: その他参考 となる事項 | I49: 第三者評価の実施状況 | R49: 2
I50: 苦情解決の措置概要 | R50: 窓口（連絡先）
R51: 担当者
I52: その他
A53: ※加算等 | C53: 定員区分 | I53: 1 | J53: =IF(ISNA(VLOOKUP(I53, 出力変換_定員区分_児童デイ,4,FALSE)),0, VLOOKUP(I53, 出力変換_定員区分_児童デイ,4,FALSE)) & "" -> 00 | K53: 00 | L53: =IF(ISNA(VLOOKUP(K53, 取込変換_定員区分_児童デイ,2,FALSE)),1, VLOOKUP(K53, 取込変換_定員区分_児童デイ,2,FALSE)) & "" -> 1 | R53: 福祉専門職配置加算 | AA53: 2
C54: 処遇改善助成金交付 | I54: 2 | R54: 処遇改善助成金 キャリアパス区分 | AA54: 1
A64: （備考）
A65: １．「※」のついた欄には、記載しないでください。
A66: ２． 事業所の名称・所在地については、様式第１号から転記されます。
A67: ３．「その他の費用」欄には、食事の提供に要する費用等について記載してください。
A68: ４．「その他の費用」欄には、食事の提供に要する費用等について記載してください。 | AL68: FALSE | AM68: FALSE | AN68: FALSE | AO68: FALSE | AP68: FALSE | AQ68: FALSE | AR68: FALSE
A69: （単位） 児童デイサービス事業を複数の単位で行う場合の記載事項
AA70: ※受付番号
A72: 単位 | C72: (単位：人） | I72: 指導員 | O72: 保育士
I73: 専従 | L73: 兼務 | O73: 専従 | R73: 兼務 | U73: 専従 | X73: 兼務 | AA73: 専従 | AD73: 兼務
C74: 従業者数 | F74: 常勤
F75: 非常勤
C76: 常勤換算後の人数
C77: ※基準上の必要人数
A78: ２ | C78: 営業日 | K78: 1 | AL78: FALSE | AM78: FALSE | AN78: FALSE | AO78: FALSE | AP78: FALSE | AQ78: FALSE | AR78: FALSE
C79: 営業時間 | T79: 土曜 | Z79: ～ | AE79: 備考
I80: 日曜 | O80: ～ | T80: 祝日 | Z80: ～ | AL80: FALSE | AM80: FALSE | AN80: FALSE | AO80: FALSE | AP80: FALSE | AQ80: FALSE | AR80: FALSE
C81: 単位ごとの利用定員 | O81: 人（単位ごとの利用定員） | AE81: ※単位番号
C82: ※利用定員超過減算 | I82: 2 | N82: ※職員欠如減算 | S82: 2 | X82: ※施設等の区分 | AC82: 1 | AD82: =IF(ISNA(VLOOKUP(AC82, 出力変換_施設等の区分_児童デイ,4,FALSE)),0, VLOOKUP(AC82, 出力変換_施設等の区分_児童デイ,4,FALSE)) & "" -> 0 | AE82: 0 | AF82: =IF(ISNA(VLOOKUP(AE82, 取込変換_施設等の区分_児童デイ,2,FALSE)),1, VLOOKUP(AE82, 取込変換_施設等の区分_児童デイ,2,FALSE)) & "" -> 1
C83: ※指導員加配加算 | I83: 2
A84: 単位 | C84: (単位：人） | I84: 指導員 | O84: 保育士
I85: 専従 | L85: 兼務 | O85: 専従 | R85: 兼務 | U85: 専従 | X85: 兼務 | AA85: 専従 | AD85: 兼務
C86: 従業者数 | F86: 常勤
F87: 非常勤
C88: 常勤換算後の人数
C89: ※基準上の必要人数
A90: ３ | C90: 営業日 | AL90: FALSE | AM90: FALSE | AN90: FALSE | AO90: FALSE | AP90: FALSE | AQ90: FALSE | AR90: FALSE
C91: 営業時間 | O91: ～ | T91: 土曜 | Z91: ～ | AE91: 備考
I92: 日曜 | O92: ～ | T92: 祝日 | Z92: ～ | AL92: FALSE | AM92: FALSE | AN92: FALSE | AO92: FALSE | AP92: FALSE | AQ92: FALSE | AR92: FALSE
C93: 単位ごとの利用定員 | O93: 人（単位ごとの利用定員） | AE93: ※単位番号
C94: ※利用定員超過減算 | I94: 2 | N94: ※職員欠如減算 | S94: 2 | X94: ※施設等の区分 | AC94: 1 | AD94: =IF(ISNA(VLOOKUP(AC94, 出力変換_施設等の区分_児童デイ,4,FALSE)),0, VLOOKUP(AC94, 出力変換_施設等の区分_児童デイ,4,FALSE)) & "" -> 0 | AE94: 0 | AF94: =IF(ISNA(VLOOKUP(AE94, 取込変換_施設等の区分_児童デイ,2,FALSE)),1, VLOOKUP(AE94, 取込変換_施設等の区分_児童デイ,2,FALSE)) & "" -> 1
C95: ※指導員加配加算 | I95: 2
A96: 単位 | C96: (単位：人） | I96: 指導員 | O96: 保育士
I97: 専従 | L97: 兼務 | O97: 専従 | R97: ※兼務 | U97: 専従 | X97: ※兼務 | AA97: 専従 | AD97: ※兼務
C98: 従業者数 | F98: 常勤
F99: 非常勤
C100: 常勤換算後の人数
C101: ※基準上の必要人数
A102: ４ | C102: 営業日 | AL102: FALSE | AM102: FALSE | AN102: FALSE | AO102: FALSE | AP102: FALSE | AQ102: FALSE | AR102: FALSE
C103: 営業時間 | I103: 平日 | O103: ～ | T103: 土曜 | Z103: ～ | AE103: 備考
I104: 日曜 | O104: ～ | T104: 祝日 | Z104: ～ | AL104: FALSE | AM104: FALSE | AN104: FALSE | AO104: FALSE | AP104: FALSE | AQ104: FALSE | AR104: FALSE
C105: 単位ごとの利用定員 | O105: 人（単位ごとの利用定員） | AE105: ※単位番号
C106: ※利用定員超過減算 | I106: 2 | N106: ※職員欠如減算 | S106: 2 | X106: ※施設等の区分 | AC106: 1 | AD106: =IF(ISNA(VLOOKUP(AC106, 出力変換_施設等の区分_児童デイ,4,FALSE)),0, VLOOKUP(AC106, 出力変換_施設等の区分_児童デイ,4,FALSE)) & "" -> 0 | AE106: 0 | AF106: =IF(ISNA(VLOOKUP(AE106, 取込変換_施設等の区分_児童デイ,2,FALSE)),1, VLOOKUP(AE106, 取込変換_施設等の区分_児童デイ,2,FALSE)) & "" -> 1
C107: ※指導員加配加算 | I107: 2
A108: 単位 | C108: (単位：人） | I108: 指導員 | O108: 保育士
I109: 専従 | L109: 兼務 | O109: 専従 | R109: 兼務 | U109: 専従 | X109: 兼務 | AA109: 専従 | AD109: 兼務
C110: 従業者数 | F110: 常勤
F111: 非常勤
C112: 常勤換算後の人数
C113: ※基準上の必要人数
A114: ５ | C114: 営業日 | AL114: FALSE | AM114: FALSE | AN114: FALSE | AO114: FALSE | AP114: FALSE | AQ114: FALSE | AR114: FALSE
...

Sheet 付表４－２
A1: 付表4－2 一体的に実施する従たる事業所の指定に係る記載事項
AA2: ※受付番号
A4: 事業所 | C4: ﾌﾘｶﾞﾅ
C5: 名 称
C6: 所在地 | I6: 〒 | Q6: ←郵便番号を半角数字７桁で入力してください
C9: 連 絡 先 | I9: 電話番号 | W9: ＦＡＸ番号
A10: 従業者の職種 ・員数 | C10: (単位：人） | I10: 指導員 | O10: 保育士
I11: 専従 | L11: 兼務 | O11: 専従 | R11: 兼務 | U11: 専従 | X11: 兼務 | AA11: 専従 | AD11: 兼務
C12: 従業者数 | F12: 常勤
F13: 非常勤
C14: 常勤換算後の人数
C15: ※基準上の必要人数
A16: 従たる事業所の利用定員 | O16: 人
A17: （備考）
A18: １．「※」のついた欄には、記載しないでください。

Sheet 付表５
A1: 付表5 短期入所事業所の指定に係る記載事項
AA2: ※受付番号
AL3: FALSE
A4: 事業所 | C4: ﾌﾘｶﾞﾅ | I4: =IF(様式第１号!S42=5,IF(様式第１号!G35<>"",様式第１号!G35,""),"")
C5: 名 称 | I5: =IF(様式第１号!S42=5,IF(様式第１号!G36<>"",様式第１号!G36,""),"")
C6: 所在地 | I6: 〒 | K6: =IF(様式第１号!S42=5,IF(様式第１号!H37<>"",様式第１号!H37,""),"") | Q6: ←郵便番号を半角数字７桁で入力してください
I7: =IF(様式第１号!S42=5,IF(様式第１号!G38<>"",様式第１号!G38,""),"")
I8: =IF(様式第１号!S42=5,IF(様式第１号!G39<>"",様式第１号!G39,""),"")
C9: 連 絡 先 | I9: 電話番号 | W9: ＦＡＸ番号
A10: 当該事業の実施について定めてある定款・寄付行為等又は条例等
A11: 管理者 | C11: ﾌﾘｶﾞﾅ
C12: 氏 名
C13: 住 所 | I13: 〒 | Q13: ←郵便番号を半角数字７桁で入力してください
C16: 当該短期入所事業所で兼務する他の職種（兼務の場合のみ記入）
C17: 他の事業所又は施設の従業者との兼務（兼務の場合記入） | O17: 事業所等の名称
O18: 兼務する職種
O19: 勤務時間
A20: 事業所の種別 | AL20: FALSE | AM20: FALSE | AN20: FALSE
C21: 併設型・単独型 の場合 | I21: 利用定員(人） | AI21: 人
I22: 前年度の平均入所者数（人） | AI22: 人
A23: 併設（本体）施設 | I23: 名称
I24: 施設種別等
I25: 入所者の定員 | AI25: 人
A26: 単独事業所の居室 | I26: １室の最大定員 | AI26: 人
I27: 入所者１人あたりの最小床面積 | AI27: ㎡
A28: 従業者の職種・員数 | C28: (単位：人） | I28: サービス 管理責任者 | M28: 医師 | Q28: 看護職員 | AG28: 心理判定員
Q29: 合計 | U29: 保健師 | Y29: 看護師 | AC29: 准看護師
I30: 専従 | K30: 兼務 | M30: 専従 | O30: 兼務 | Q30: 専従 | S30: 兼務 | U30: 専従 | W30: 兼務 | Y30: 専従 | AA30: 兼務 | AC30: 専従 | AE30: 兼務 | AG30: 専従 | AI30: 兼務
C31: 従業者数 | F31: 常勤
F32: 非常勤
C33: 常勤換算後の人数
C34: ※基準上の必要人数
C35: (単位：人） | I35: 職能判定員 | M35: 理学療法士等 | AC35: あんまマッサージ指圧師 | AG35: 生活支援員
M36: 合計 | Q36: 理学療法士 | U36: 作業療法士 | Y36: 機能訓練指導員
I37: 専従 | K37: 兼務 | M37: 専従 | O37: 兼務 | Q37: 専従 | S37: 兼務 | U37: 専従 | W37: 兼務 | Y37: 専従 | AA37: 兼務 | AC37: 専従 | AE37: 兼務 | AG37: 専従 | AI37: 兼務
C38: 従業者数 | F38: 常勤
F39: 非常勤
C40: 常勤換算後の人数
C41: ※基準上の必要人数
C42: (単位：人） | I42: 職業訓練員 | M42: 就労支援員 | Q42: 介護職員 | U42: 児童指導員 | Y42: 保育士 | AC42: 精神保健福祉士
I44: 専従 | K44: 兼務 | M44: 専従 | O44: 兼務 | Q44: 専従 | S44: 兼務 | U44: 専従 | W44: 兼務 | Y44: 専従 | AA44: 兼務 | AC44: 専従 | AE44: 兼務 | AG44: 専従 | AI44: 兼務
C45: 従業者数 | F45: 常勤
F46: 非常勤
C47: 常勤換算後の人数
C48: ※基準上の必要人数
A49: 主な掲示事項 | C49: 主たる対象者 | AL49: FALSE | AM49: FALSE | AN49: FALSE | AO49: FALSE | AP49: FALSE
C50: 利用料
C51: その他費用
C52: その他参考 となる事項 | I52: 第三者評価の実施状況 | R52: 2
I53: 苦情解決の措置概要 | R53: 窓口（連絡先）
I54: 1 | R54: 担当者
I55: その他
C56: 協力医療機関 | E56: 名 称 | R56: 主 な 診療科名
E58: 名 称 | R58: 主 な 診療科名
E60: 名 称 | R60: 主 な 診療科名
A62: ※加算等 | C62: 利用定員超過減算 | I62: 2 | N62: 職員欠如減算 | T62: 2 | Y62: 食事提供体制加算 | AF62: 2
C63: 施設等の区分 | I63: FALSE | O63: 単独型加算 | T63: 2 | AL63: 1
C64: 栄養士配置加算 | I64: 4
C65: 緊急短期入所 体制確保加算 | I65: 2 | T65: 送迎加算 | AA65: 2
C66: 処遇改善加算 | I66: 2 | T66: 処遇改善加算 キャリアパス区分 | AA66: 1
C67: 特定処遇改善加算 | I67: 2 | T67: 特定処遇改善加算区分 | AA67: 1
C68: 処遇改善特別加算 | I68: 2 | T68: 主たる事業所サービス種類コード１ | AA68: 1 | AB68: =IF(ISNA(VLOOKUP(AA68, 出力変換_主たるサービス種類_付５,4,FALSE)),0, VLOOKUP(AA68, 出力変換_主たるサービス種類_付５,4,FALSE)) & "" -> 00 | AC68: 00 | AD68: =IF(ISNA(VLOOKUP(AC68, 取込変換_主たるサービス種類_付５,2,FALSE)),1, VLOOKUP(AC68, 取込変換_主たるサービス種類_付５,2,FALSE)) & "" -> 1
C69: 主たる事業所施設区分 | I69: 1 | J69: =IF(ISNA(VLOOKUP(I69, 出力変換_主たる事業者施設区分_付５,4,FALSE)),0, VLOOKUP(I69, 出力変換_主たる事業者施設区分_付５,4,FALSE)) & "" -> 0 | K69: 0 | L69: =IF(ISNA(VLOOKUP(K69, 取込変換_主たる事業者施設区分_付５,2,FALSE)),1, VLOOKUP(K69, 取込変換_主たる事業者施設区分_付５,2,FALSE)) & "" -> 1 | T69: 重度障害者（児）支援加算 （強度行動障害） | AA69: 2 | AQ69: 0
C70: 常勤看護職員等配置加算 | T70: 医療連携体制加算（Ⅸ） | AL70: 2 | AN70: 2
C71: 共生型サービス対象区分 | T71: 福祉専門職員配置等の有無 | AL71: 2 | AN71: 1
C72: 大規模減算 | T72: 日中活動支援加算 | AA72: 2 | AL72: 2
A73: （備考）
A74: １．「※」のついた欄には、記載しないでください。
A75: ２． 事業所の名称・所在地については、様式第１号から転記されます。
A76: ３． 新設の場合には、「前年度の平均入所者数」欄は推定数を記入してください。
A77: ４．「主な掲示事項」欄には、その内容を簡潔に記載してください。
A78: ５．「従業所の職種・員数」欄には、併設型の場合に本体施設の職員配置を記載して下さい。
A79: ６．「その他の費用」欄には、利用者に直接金銭の負担を求める場合のサービス内容について記載してください。

Sheet 付表６
A1: 付表6 重度障害者等包括支援事業所の指定に係る記載事項
AA2: ※受付番号
A4: 事業所 | C4: ﾌﾘｶﾞﾅ | I4: =IF(様式第１号!S42=6,IF(様式第１号!G35<>"",様式第１号!G35,""),"")
C5: 名 称 | I5: =IF(様式第１号!S42=6,IF(様式第１号!G36<>"",様式第１号!G36,""),"")
C6: 所在地 | I6: 〒 | K6: =IF(様式第１号!S42=6,IF(様式第１号!H37<>"",様式第１号!H37,""),"") | Q6: ←郵便番号を半角数字７桁で入力してください
I7: =IF(様式第１号!S42=6,IF(様式第１号!G38<>"",様式第１号!G38,""),"")
I8: =IF(様式第１号!S42=6,IF(様式第１号!G39<>"",様式第１号!G39,""),"")
C9: 連 絡 先 | I9: 電話番号 | W9: ＦＡＸ番号
A10: 当該事業の実施について定めてある定款・寄付行為等又は条例等
A11: 管理者 | C11: ﾌﾘｶﾞﾅ
C12: 氏 名
C13: 住 所 | I13: 〒 | Q13: ←郵便番号を半角数字７桁で入力してください
C16: サービス提供責任者との兼務の有無 | W16: 2
C17: 当該重度障害者等包括支援事業所で兼務する他の職種（兼務の場合のみ記入
C18: 他の事業所又は施設の従業者との兼務（兼務の場合記入） | O18: 事業所等の名称
O19: 兼務する職種
O20: 勤務時間
A21: サービス 提供責任者 | C21: ﾌﾘｶﾞﾅ
C22: 氏 名
C23: 住 所 | I23: 〒 | Q23: ←郵便番号を半角数字７桁で入力してください
A26: 事業所の体制 | C26: 他に指定を 受けている 障害福祉 サービス等 | I26: 種類 | Q26: 事業所名 | AE26: 事業所番号
C32: 委託による 提携事業所 | I32: 種類 | Q32: 事業所名 | AE32: 事業所番号
C38: 協力医療機関 | E38: 名 称 | R38: 主 な 診療科名
E40: 名 称 | R40: 主 な 診療科名
E42: 名 称 | R42: 主 な 診療科名
C44: 利用者からの連絡対応体制の概要
A45: 主な掲示事項 | C45: 主たる対象者 | I45: 身体障害者 | W45: 障害児 | AL45: FALSE | AM45: FALSE
I46: 知的障害者 | W46: 精神障害者 | AL46: FALSE | AM46: FALSE
C47: 利用者数 | R47: 人
C48: 利用料
C49: その他費用
C50: 通常の事業 の実施地域
C54: その他参考 となる事項 | I54: 第三者評価の実施状況 | R54: 2
I55: 苦情解決の措置概要 | R55: 窓口（連絡先）
R56: 担当者
I57: その他
A58: ※加算等 | C58: 類型 | AL58: FALSE | AM58: FALSE | AN58: FALSE
C59: 処遇改善加算 | I59: 2 | R59: 処遇改善加算 キャリアパス区分 | X59: 1
C60: 処遇改善特別加算 | I60: 2
A61: （備考）
A62: １．「※」のついた欄には、記載しないでください。
A63: ２． 事業所の名称・所在地については、様式第１号から転記されます。
A64: ３．「他に指定を受けている障害福祉サービス」欄には、重度障害者等包括支援以外に指定を受けているものについて
A65: 記載してください。重度包括支援と同時に指定を受けようとする場合は事業所番号の記載は不要です。
A66: ４． 第三者に委託して障害福祉サービスを提供する場合は、予定している事業所を「委託による提携事業所」に記載して
A67: ください。なお、指定事業所でない場合は事業所番号の記載は不要です。
A68: ５．「主な掲示事項」欄には、その内容を簡潔に記載してください。
A69: ６．「利用者数」欄には、当該事業所において提供できる利用者の数を記載してください。
A70: ７．「その他の費用」欄には、利用者に直接金銭の負担を求める場合のサービス内容について記載してください。
A71: ８．「通常の事業の実施地域」欄には、市区町村名を記載することとし、当該区域の全部又は一部の別を記載してくだ
A72: さい。なお、一部の地域が実施地域である場合は適宜地図を添付してください。

Sheet 付表７
A1: 付表7 共同生活援助事業所（グループホーム）の指定に係る記載事項
AG2: その1
A4: ※申請する事業 | F4: =IF(様式第１号!S42=7,IF(様式第１号!AS133<>"",様式第１号!AS133,""),"") | AA4: ※受付番号
A6: 主たる事業所 | C6: ﾌﾘｶﾞﾅ | I6: =IF(様式第１号!S42=7,IF(様式第１号!G35<>"",様式第１号!G35,""),"")
C7: 名 称 | I7: =IF(様式第１号!S42=7,IF(様式第１号!G36<>"",様式第１号!G36,""),"")
C8: 所在地 | I8: 〒 | K8: =IF(様式第１号!S42=7,IF(様式第１号!H37<>"",様式第１号!H37,""),"") | Q8: ←郵便番号を半角数字７桁で入力してください
I9: =IF(様式第１号!S42=7,IF(様式第１号!G38<>"",様式第１号!G38,""),"")
I10: =IF(様式第１号!S42=7,IF(様式第１号!G39<>"",様式第１号!G39,""),"")
C11: 連 絡 先 | I11: 電話番号 | W11: ＦＡＸ番号
A12: 当該事業の実施について定めてある定款・寄付行為等又は条例等
A13: 管理者 | C13: ﾌﾘｶﾞﾅ
C14: 氏 名
C15: 住 所 | I15: 〒 | Q15: ←郵便番号を半角数字７桁で入力してください
C18: 他の事業所、施設又は医療機関の従業者との兼務（兼務の場合記入） | O18: 事業所等の名称
O19: 兼務する職種
O20: 勤務時間
A21: 利用定員 | O21: 人（事業所全体の利用者数。）
A22: 前年度の平均利用者数 | O22: 人（事業所全体の利用者数。＊新規の場合は推定数）
A23: サービス 管理責任者 | C23: ﾌﾘｶﾞﾅ
C24: 氏 名
C25: 住 所 | I25: 〒 | Q25: ←郵便番号を半角数字７桁で入力してください
A28: 従業者の職種 ・員数 | C28: (単位：人） | I28: 世話人 | O28: 生活支援員 | U28: サービス管理責任者
I29: 専従 | L29: 兼務 | O29: 専従 | R29: 兼務 | U29: 専従 | X29: 兼務
C30: 従業者数 | F30: 常勤
F31: 非常勤
C32: 常勤換算後の人数
C33: ※基準上の必要人数
A34: 地域移行型ホーム の場合 | I34: 同一敷地内にある入所施設又は病院 | O34: 名 称
O35: 所在地
A36: 共同生活援助の場合 | I36: 居宅介護従業者の外部委託の予定 | R36: 2 | Z36: 「有」の場合 | AE36: 月 | AI36: 時間
A37: 施設等の区分 | I37: 1
A38: 外部サービス利用型 共同生活援助の場合 | I38: 受託居宅介護 サービス事業者 | O38: 名 称
O39: 所在地
I40: 受託居宅介護 サービス事業所 | O40: 名 称
O41: 所在地
A42: 障害者支援施設等 との連携体制等 | I42: 連携施設 | O42: 名 称
O43: 所在地
I44: 支援体制の概要
A45: その他参考となる事項 | I45: 第三者評価の実施状況 | R45: 2
I46: 苦情解決の措置概要 | R46: 窓口（連絡先）
R47: 担当者
I48: その他
A49: 協力医療機関 | C49: 名 称 | R49: 主 な 診療科名
C51: 名 称 | R51: 主 な 診療科名
C53: 名 称 | R53: 主 な 診療科名
C55: 協力歯科医療機関 | I55: 名 称
A56: 経過的居宅介護利用型 の場合 | I56: 平成18年9月30日において、居宅介護（身体介護・家事援助・日常生活支援）を利用している利用者数 | AC56: 人 | AD56: 2
A57: みなし指定の有無 | I57: 2
A58: ※加算等 | C58: 職員欠如減算 | I58: 2 | R58: 人員配置区分 | Z58: 1 | AA58: =IF(ISNA(VLOOKUP(Z58, 出力変換_人員配置区分_共同生活援助,4,FALSE)),0, VLOOKUP(Z58, 出力変換_人員配置区分_共同生活援助,4,FALSE)) & "" -> 00 | AB58: 00 | AC58: =IF(ISNA(VLOOKUP(AB58, 取込変換_人員配置区分_共同生活援助,2,FALSE)),1, VLOOKUP(AB58, 取込変換_人員配置区分_共同生活援助,2,FALSE)) & "" -> 1
C59: 自立生活支援加算 | I59: 2 | R59: 保障単位（９割保障） | AI59: 単位
C60: 旧法施設定員数 | Q60: 人 | R60: 通勤者生活支援加算 | Z60: 2 | AM60: 4
C61: 福祉専門職員配置等加算 | I61: 1 | R61: 地域生活移行個別支援特別加算 | Z61: 2
C62: 視覚・聴覚言語障害者支援体制加算 | I62: 2 | R62: 重度障害者支援職員配置 | Z62: 2
C63: 処遇改善加算 | I63: 2 | R63: 処遇改善加算 . キャリアパス区分 . | Z63: 1
C64: 特定処遇改善加算 | I64: 2 | R64: 特定処遇改善加算区分 | Z64: 1
C65: 処遇改善特別加算 | I65: 2 | R65: 医療連携体制加算Ⅶ | Z65: 2
C66: 看護職員配置加算 | I66: 2 | R66: 強度行動障害者特別支援加算 | AL66: 2 | AN66: 2
C67: 精神障害者地域移行特別加算 | I67: 2 | R67: 職員欠如による 減算適用開始年月日 | AL67: 2
C68: サービス管理責任者欠如減算 | I68: 2 | R68: サービス管理責任者 欠如減算適用開始年月日 | AL68: 2
C69: 医療的ケア対応支援加算 | I69: 2 | R69: 強度行動障害者体験利用加算 | Z69: 2 | AL69: 1
A73: ＊主たる事業所とは、複数の共同生活住居がある場合、当該事業所からいずれの共同生活住居に対しても、概ね30分程度で移動可能な範囲にある事業所をいう。
A74: １． 事業所の名称・所在地については、様式第１号から転記されます。
A75: 付表7 | AG75: その2－1
AB77: 枚中 | AH77: 枚目
A78: 共同生活住居 | C78: ﾌﾘｶﾞﾅ | AE78: ※単位番号
C79: 名 称
C80: 所在地 | I80: 〒 | Q80: ←郵便番号を半角数字７桁で入力してください
C83: サテライト型 | I83: 1
C84: 連 絡 先 | I84: 電話番号 | W84: ＦＡＸ番号
C85: 建物の形態
C86: ①住居区分 | I86: 4 | Z86: その他の場合
C87: ②建物所有者名
C88: ③賃貸借契約 の内容 | I88: 敷金 | P88: 円 | R88: 礼金 | Y88: 円 | AA88: 家賃(月額） | AI88: 円
I89: 契約期間 | P89: 年 | R89: 賃借料がない理由
C90: ④住居の利用定員 | P90: 人
C91: ⑤居室数 | P91: 室 | R91: （うち個室） | AE91: 室
A92: 1 | C92: ⑥入居者１人あたりの居室の最小床面積 | AE92: ㎡
C93: 主たる対象者 | AL93: FALSE | AM93: FALSE | AN93: FALSE
C94: 利用料
C95: その他費用
C96: ※加算等 | D96: 重度障害者支援加算 | T96: 3 | AM96: 0 | AO96: 2 | AP96: 2
C97: ※加算等 | D97: 夜間支援等体制加算 | I97: 1 | J97: =IF(ISNA(VLOOKUP(I97, 出力変換_夜間支援等体制加算,4,FALSE)),0, VLOOKUP(I97, 出力変換_夜間支援等体制加算,4,FALSE)) & "" -> 1 | K97: 0 | L97: =IF(ISNA(VLOOKUP(K97, 取込変換_夜間支援等体制加算,2,FALSE)),1, VLOOKUP(K97, 取込変換_夜間支援等体制加算,2,FALSE)) & "" -> 1 | Q97: 夜勤職員加配加算 | AL97: 2 | AM97: 0
D98: 夜間支援等体制加算の人数(Ⅰ・Ⅱの場合) | P98: 人 | Q98: 夜間支援体制加算対象利用者数 | AM98: 0
D99: 夜間支援体制加算Ⅰ 加配職員体制 | I99: 1 | J99: =IF(ISNA(VLOOKUP(I99, 出力変換_夜間支援等体制加算Ⅰ加配職員体制の有無_付7,4,FALSE)),0, VLOOKUP(I99, 出力変換_夜間支援等体制加算Ⅰ加配職員体制の有無_付7,4,FALSE)) & "" -> 01 | K99: 0 | L99: =IF(ISNA(VLOOKUP(K99, 取込変換_夜間支援等体制加算Ⅰ加配職員体制の有無_付7,2,FALSE)),1, VLOOKUP(K99, 取込変換_夜間支援等体制加算Ⅰ加配職員体制の有無_付7,2,FALSE)) & "" -> 1
D100: 大規模住居等減算 | I100: 1
A101: 予備
A102: 予備
A103: 予備
A104: 予備
A105: 共同生活住居 | C105: ﾌﾘｶﾞﾅ | AE105: ※単位番号
C106: 名 称
C107: 所在地 | I107: 〒 | Q107: ←郵便番号を半角数字７桁で入力してください
C110: サテライト型 | I110: 1
C111: 連 絡 先 | I111: 電話番号 | W111: ＦＡＸ番号
C112: 建物の形態
C113: ①住居区分 | I113: 4 | Z113: その他の場合
C114: ②建物所有者名
C115: ③賃貸借契約 の内容 | I115: 敷金 | P115: 円 | R115: 礼金 | Y115: 円 | AA115: 家賃(月額） | AI115: 円
I116: 契約期間 | P116: 年 | R116: 賃借料がない理由
C117: ④住居の利用定員 | P117: 人
...

Sheet 付表７－(２)
AB5: 枚中 | AH5: 枚目
A6: 共同生活住居 | C6: ﾌﾘｶﾞﾅ | AE6: ※単位番号
C7: 名 称
C8: 所在地 | I8: 〒 | Q8: ←郵便番号を半角数字７桁で入力してください
C11: サテライト型 | I11: 1
C12: 連 絡 先 | I12: 電話番号 | W12: ＦＡＸ番号
C13: 建物の形態
C14: ①住居区分 | I14: 4 | Z14: その他の場合
C15: ②建物所有者名
C16: ③賃貸借契約 の内容 | I16: 敷金 | P16: 円 | R16: 礼金 | Y16: 円 | AA16: 家賃(月額） | AI16: 円
I17: 契約期間 | P17: 年 | R17: 賃借料がない理由
C18: ④住居の利用定員 | P18: 人
C19: ⑤居室数 | P19: 室 | R19: （うち個室） | AE19: 室
A20: ２６ | C20: ⑥入居者１人あたりの居室の最小床面積 | AE20: ㎡
C21: 主たる対象者 | AL21: FALSE | AM21: FALSE | AN21: FALSE
C22: 利用料
C23: その他費用
C24: ※加算等 | D24: 重度障害者支援加算 | T24: 3 | AM24: 0 | AO24: 2 | AP24: 2
C25: ※加算等 | D25: 夜間支援等体制加算 | I25: 1 | J25: =IF(ISNA(VLOOKUP(I25, 出力変換_夜間支援等体制加算,4,FALSE)),0, VLOOKUP(I25, 出力変換_夜間支援等体制加算,4,FALSE)) & "" -> 1 | K25: 0 | L25: =IF(ISNA(VLOOKUP(K25, 取込変換_夜間支援等体制加算,2,FALSE)),1, VLOOKUP(K25, 取込変換_夜間支援等体制加算,2,FALSE)) & "" -> 1 | Q25: 夜勤職員加配加算 | AL25: 2 | AM25: 0
D26: 夜間支援等体制加算の人数(Ⅰ・Ⅱの場合) | P26: 人 | Q26: 夜間支援体制加算対象利用者数 | AM26: 0
D27: 夜間支援体制加算Ⅰ 加配職員体制 | I27: 1 | J27: =IF(ISNA(VLOOKUP(I27, 出力変換_夜間支援等体制加算Ⅰ加配職員体制の有無_付7,4,FALSE)),0, VLOOKUP(I27, 出力変換_夜間支援等体制加算Ⅰ加配職員体制の有無_付7,4,FALSE)) & "" -> 01 | K27: 0 | L27: =IF(ISNA(VLOOKUP(K27, 取込変換_夜間支援等体制加算Ⅰ加配職員体制の有無_付7,2,FALSE)),1, VLOOKUP(K27, 取込変換_夜間支援等体制加算Ⅰ加配職員体制の有無_付7,2,FALSE)) & "" -> 1
D28: 大規模住居等減算 | I28: 1
A29: 予備
A30: 予備
A31: 予備
A32: 予備
A33: 共同生活住居 | C33: ﾌﾘｶﾞﾅ | AE33: ※単位番号
C34: 名 称
C35: 所在地 | I35: 〒 | Q35: ←郵便番号を半角数字７桁で入力してください
C38: サテライト型 | I38: 1
C39: 連 絡 先 | I39: 電話番号 | W39: ＦＡＸ番号
C40: 建物の形態
C41: ①住居区分 | I41: 4 | Z41: その他の場合
C42: ②建物所有者名
C43: ③賃貸借契約 の内容 | I43: 敷金 | P43: 円 | R43: 礼金 | Y43: 円 | AA43: 家賃(月額） | AI43: 円
I44: 契約期間 | P44: 年 | R44: 賃借料がない理由
C45: ④住居の利用定員 | P45: 人
C46: ⑤居室数 | P46: 室 | R46: （うち個室） | AE46: 室
A47: =DBCS(A20+1) -> ２７ | C47: ⑥入居者１人あたりの居室の最小床面積 | AE47: ㎡
C48: 主たる対象者 | AL48: FALSE | AM48: FALSE | AN48: FALSE
C49: 利用料
C50: その他費用
C51: ※加算等 | D51: 重度障害者支援加算 | T51: 3 | AM51: 0 | AO51: 2 | AP51: 2
C52: ※加算等 | D52: 夜間支援等体制加算 | I52: 1 | J52: =IF(ISNA(VLOOKUP(I52, 出力変換_夜間支援等体制加算,4,FALSE)),0, VLOOKUP(I52, 出力変換_夜間支援等体制加算,4,FALSE)) & "" -> 1 | K52: 0 | L52: =IF(ISNA(VLOOKUP(K52, 取込変換_夜間支援等体制加算,2,FALSE)),1, VLOOKUP(K52, 取込変換_夜間支援等体制加算,2,FALSE)) & "" -> 1 | Q52: 夜勤職員加配加算 | AL52: 2 | AM52: 0
D53: 夜間支援等体制加算の人数(Ⅰ・Ⅱの場合) | P53: 人 | Q53: 夜間支援体制加算対象利用者数 | AM53: 0
D54: 夜間支援体制加算Ⅰ 加配職員体制 | I54: 1 | J54: =IF(ISNA(VLOOKUP(I54, 出力変換_夜間支援等体制加算Ⅰ加配職員体制の有無_付7,4,FALSE)),0, VLOOKUP(I54, 出力変換_夜間支援等体制加算Ⅰ加配職員体制の有無_付7,4,FALSE)) & "" -> 01 | K54: 0 | L54: =IF(ISNA(VLOOKUP(K54, 取込変換_夜間支援等体制加算Ⅰ加配職員体制の有無_付7,2,FALSE)),1, VLOOKUP(K54, 取込変換_夜間支援等体制加算Ⅰ加配職員体制の有無_付7,2,FALSE)) & "" -> 1
D55: 大規模住居等減算 | I55: 1
A56: 予備
A57: 予備
A58: 予備
A59: 予備
A60: 共同生活住居 | C60: ﾌﾘｶﾞﾅ | AE60: ※単位番号
C61: 名 称
C62: 所在地 | I62: 〒 | Q62: ←郵便番号を半角数字７桁で入力してください
C65: サテライト型 | I65: 1
C66: 連 絡 先 | I66: 電話番号 | W66: ＦＡＸ番号
C67: 建物の形態
C68: ①住居区分 | I68: 4 | Z68: その他の場合
C69: ②建物所有者名
C70: ③賃貸借契約 の内容 | I70: 敷金 | P70: 円 | R70: 礼金 | Y70: 円 | AA70: 家賃(月額） | AI70: 円
I71: 契約期間 | P71: 年 | R71: 賃借料がない理由
C72: ④住居の利用定員 | P72: 人
C73: ⑤居室数 | P73: 室 | R73: （うち個室） | AE73: 室
A74: =DBCS(A47+1) -> ２８ | C74: ⑥入居者１人あたりの居室の最小床面積 | AE74: ㎡
C75: 主たる対象者 | AL75: FALSE | AM75: FALSE | AN75: FALSE
C76: 利用料
C77: その他費用
C78: ※加算等 | D78: 重度障害者支援加算 | T78: 3 | AM78: 0 | AO78: 2 | AP78: 2
C79: ※加算等 | D79: 夜間支援等体制加算 | I79: 1 | J79: =IF(ISNA(VLOOKUP(I79, 出力変換_夜間支援等体制加算,4,FALSE)),0, VLOOKUP(I79, 出力変換_夜間支援等体制加算,4,FALSE)) & "" -> 1 | K79: 0 | L79: =IF(ISNA(VLOOKUP(K79, 取込変換_夜間支援等体制加算,2,FALSE)),1, VLOOKUP(K79, 取込変換_夜間支援等体制加算,2,FALSE)) & "" -> 1 | Q79: 夜勤職員加配加算 | AL79: 2 | AM79: 0
D80: 夜間支援等体制加算の人数(Ⅰ・Ⅱの場合) | P80: 人 | Q80: 夜間支援体制加算対象利用者数 | AM80: 0
D81: 夜間支援体制加算Ⅰ 加配職員体制 | I81: 1 | J81: =IF(ISNA(VLOOKUP(I81, 出力変換_夜間支援等体制加算Ⅰ加配職員体制の有無_付7,4,FALSE)),0, VLOOKUP(I81, 出力変換_夜間支援等体制加算Ⅰ加配職員体制の有無_付7,4,FALSE)) & "" -> 01 | K81: 0 | L81: =IF(ISNA(VLOOKUP(K81, 取込変換_夜間支援等体制加算Ⅰ加配職員体制の有無_付7,2,FALSE)),1, VLOOKUP(K81, 取込変換_夜間支援等体制加算Ⅰ加配職員体制の有無_付7,2,FALSE)) & "" -> 1
D82: 大規模住居等減算 | I82: 1
A83: 予備 | I83: 1
A84: 予備
A85: 予備
A86: 予備 | I86: 4
A87: 付表7 | AG87: その2－2
AB89: 枚中 | AH89: 枚目
A90: 共同生活住居 | C90: ﾌﾘｶﾞﾅ | AE90: ※単位番号
C91: 名 称
C92: 所在地 | I92: 〒 | Q92: ←郵便番号を半角数字７桁で入力してください
AL93: FALSE | AM93: FALSE | AN93: FALSE
C95: サテライト型 | I95: 1
C96: 連 絡 先 | W96: ＦＡＸ番号 | AM96: 0 | AO96: 2 | AP96: 2
C97: 建物の形態 | AL97: 2 | AM97: 0
C98: ①住居区分 | I98: 4 | Z98: その他の場合 | AM98: 0
C99: ②建物所有者名
C100: ③賃貸借契約 の内容 | I100: 敷金 | P100: 円 | R100: 礼金 | Y100: 円 | AA100: 家賃(月額） | AI100: 円
I101: 契約期間 | P101: 年 | R101: 賃借料がない理由
C102: ④住居の利用定員 | P102: 人
C103: ⑤居室数 | P103: 室 | R103: （うち個室） | AE103: 室
A104: =DBCS(A74+1) -> ２９ | C104: ⑥入居者１人あたりの居室の最小床面積 | AE104: ㎡
C105: 主たる対象者 | AL105: FALSE | AM105: FALSE | AN105: FALSE
C106: 利用料
C107: その他費用
C108: ※加算等 | D108: 重度障害者支援加算 | T108: 3 | AM108: 0 | AO108: 2 | AP108: 2
